Workbook

Sheet Dashboard
A11: CRM — Visual Summary
A13: Business, Returns & Capital Allocation
A15: Revenue & EBIT by Geography
A41: ROIC vs. Estimated WACC
A67: Capital Returns & Diluted Shares
A94: Financial Performance (10-Year)
A96: Revenue & Operating Income
A122: Operating Margin Trend
A148: GAAP EPS
A174: Free Cash Flow vs. Net Income
A200: Capital Returns vs. FCF
A226: Debt & Leverage Trajectory
... A333: DCF Sensitivity (WACC × Terminal Growth)
A334: WACC \ TGR | B334: =Valuation!B$148 | C334: =Valuation!C$148 | D334: =Valuation!D$148 | E334: =Valuation!E$148 | F334: =Valuation!F$148 | G334: =Valuation!G$148 | H334: =Valuation!H$148
A335: =Valuation!$A$149 | B335: =Valuation!B$149 | C335: =Valuation!C$149 | D335: =Valuation!D$149 | E335: =Valuation!E$149 | F335: =Valuation!F$149 | G335: =Valuation!G$149 | H335: =Valuation!H$149
A336: =Valuation!$A$150 | B336: =Valuation!B$150 | C336: =Valuation!C$150 | D336: =Valuation!D$150 | E336: =Valuation!E$150 | F336: =Valuation!F$150 | G336: =Valuation!G$150 | H336: =Valuation!H$150
A337: =Valuation!$A$151 | B337: =Valuation!B$151 | C337: =Valuation!C$151 | D337: =Valuation!D$151 | E337: =Valuation!E$151 | F337: =Valuation!F$151 | G337: =Valuation!G$151 | H337: =Valuation!H$151
A338: =Valuation!$A$152 | B338: =Valuation!B$152 | C338: =Valuation!C$152 | D338: =Valuation!D$152 | E338: =Valuation!E$152 | F338: =Valuation!F$152 | G338: =Valuation!G$152 | H338: =Valuation!H$152
A339: =Valuation!$A$153 | B339: =Valuation!B$153 | C339: =Valuation!C$153 | D339: =Valuation!D$153 | E339: =Valuation!E$153 | F339: =Valuation!F$153 | G339: =Valuation!G$153 | H339: =Valuation!H$153
A340: =Valuation!$A$154 | B340: =Valuation!B$154 | C340: =Valuation!C$154 | D340: =Valuation!D$154 | E340: =Valuation!E$154 | F340: =Valuation!F$154 | G340: =Valuation!G$154 | H340: =Valuation!H$154
A341: =Valuation!$A$155 | B341: =Valuation!B$155 | C341: =Valuation!C$155 | D341: =Valuation!D$155 | E341: =Valuation!E$155 | F341: =Valuation!F$155 | G341: =Valuation!G$155 | H341: =Valuation!H$155
A342: =Valuation!$A$156 | B342: =Valuation!B$156 | C342: =Valuation!C$156 | D342: =Valuation!D$156 | E342: =Valuation!E$156 | F342: =Valuation!F$156 | G342: =Valuation!G$156 | H342: =Valuation!H$156
A343: =Valuation!$A$157 | B343: =Valuation!B$157 | C343: =Valuation!C$157 | D343: =Valuation!D$157 | E343: =Valuation!E$157 | F343: =Valuation!F$157 | G343: =Valuation!G$157 | H343: =Valuation!H$157
A349: Quarterly Trend
A351: Quarterly Revenue & Net Margin

Sheet Market
A1: Market Data
A2: Colour key: | B2: Company filing | D2: Online / market | F2: Computed | H2: Analyst input
A4: A — CURRENT MARKET METRICS
A5: Analysis Date | D5: Enter today's date — carried into the report header
A6: Data Source | D6: e.g. "Yahoo Finance" | "Bloomberg" | "Broker platform"
A8: Current Stock Price | B8: 190.99
A9: 52-Week High
A10: 52-Week Low
A11: Shares Outstanding | B11: 819
A13: Market Capitalization | B13: 156420.81
A14: Net Debt | B14: 30345
A15: Enterprise Value | B15: 186765.81
A17: EV / LTM EBITDA | B17: 15.613259
A18: P / LTM EPS (P/E) | B18: 24.485897
A19: LTM FCF per Share | B19: 15.064854
A20: FCF Yield | B20: 0.078877709
A21: Dividend Yield | B21: 0.0084891299
A23: B — COST OF CAPITAL (WACC INPUTS)
A24: Risk-Free Rate (10Y UST) | B24: 0.047
A25: Equity Risk Premium (ERP) | B25: 0.0423
A26: Beta (Levered) | B26: 1.155 | C26: Market-computed beta. The valuation uses an analyst-approved 1.330 (see Valuation!B6), so Ke and WACC on this sheet are the market-input versions — the approved WACC is Valuation!B15.
A27: Size Premium
A28: Company-Specific Risk Premium
A29: Cost of Equity (Ke) | B29: =B24+B26*(B25+B28)+B27
A31: Pre-Tax Cost of Debt (Kd) | B31: 0.05
A32: Marginal Tax Rate | B32: 0.22
A33: After-Tax Cost of Debt | B33: =B31*(1-B32)
A35: Debt / Total Capital (market weights) | B35: 0.1625
A36: Equity / Total Capital | B36: =1-B35
A37: WACC | B37: =B29*B36+B33*B35
A39: C — HISTORICAL SHARE PRICES (fiscal year-end)
A40: Fiscal Year | B40: 2016 | C40: 2017 | D40: 2018 | E40: 2019 | F40: 2020 | G40: 2021 | H40: 2022 | I40: 2023 | J40: 2024 | K40: 2025 | L40: 2026
A41: End-of-Year Price ($) | B41: 68.06 | C41: 79.1 | D41: 113.91 | E41: 151.97 | F41: 182.31 | G41: 225.56 | H41: 232.63 | I41: 167.97 | J41: 281.09 | K41: 341.7 | L41: 212.29
A42: Source: Yahoo Finance (historical prices) → select fiscal year-end closing price
A44: D — PEER VALUATION MULTIPLES (market-sourced)
A45: Metric
A46: EV / EBITDA (×) | B46: 46.4 | C46: 20.4 | D46: 11.1 | E46: 18.2
A47: P / E (×) | B47: 70.8 | C47: 32.5 | D47: 14.9 | E47: 26.6
A48: FCF Yield (%) | B48: 3.7 | C48: -0.1 | D48: 9.3 | E48: 1.9
A50: Beta (Unlevered / Asset) | B50: =IFERROR(B26/(1+(1-B32)*(B35/B36)),"-")

Sheet Data
A2: Colour key:
A3: Ticker | B3: CRM
A4: Company Name | B4: Salesforce, Inc.
A5: Sector / Industry | B5: Information Technology / Application Software
A6: Fiscal Year End | B6: January 31 | M6: 1.18
A7: Currency | B7: USD
A8: Current Share Price | B8: 190.99 | M8: 156421
A9: Report Date | B9: 2026-08-05
A10: Source (10-K filing date)
A12: INCOME STATEMENT ($M)
B13: 2016 | C13: 2017 | D13: 2018 | E13: 2019 | F13: 2020 | G13: 2021 | H13: 2022 | I13: 2023 | J13: 2024 | K13: 2025 | L13: 2026 | N13: Year -2 Q1 | O13: Year -2 Q2 | P13: Year -2 Q3 | Q13: Year -2 Q4 | R13: Year -1 Q1 | S13: Year -1 Q2 | T13: Year -1 Q3 | U13: Year -1 Q4 | V13: Current Year Q1 | W13: Current Year Q2 | X13: Current Year Q3 | Y13: Current Year Q4
A14: Revenue | B14: 6667.216 | C14: 8391.984 | D14: 10480.012 | E14: 13282 | F14: 17098 | G14: 21252 | H14: 26492 | I14: 31352 | J14: 34857 | K14: 37895 | L14: 41525 | M14: CRM 10k 2026.pdf | p.58 | Consolidated Statements of Operations | Total revenues | as-printed: 41,525 | N14: 9133 | O14: 9325 | P14: 9444 | Q14: 9993 | R14: 9829 | S14: 10236 | T14: 10259 | U14: 11201 | V14: 11133
A15: Cost of Goods Sold | B15: 1654.548 | C15: 2234.039 | D15: 2773.522 | E15: 3451 | F15: 4235 | G15: 5438 | H15: 7026 | I15: 8360 | J15: 8541 | K15: 8643 | L15: 9270 | M15: CRM 10k 2026.pdf | p.58 | Consolidated Statements of Operations | Total cost of revenues | as-printed: 9,270 | N15: 2162 | O15: 2159 | P15: 2105 | Q15: 2217 | R15: 2265 | S15: 2242 | T15: 2255 | U15: 2508 | V15: 2570
A16: Gross Profit | B16: =IFERROR(IF(OR(NOT(ISNUMBER(Data!B14)),NOT(ISNUMBER(Data!B15))),"-",Data!B14-Data!B15),"-") | C16: =IFERROR(IF(OR(NOT(ISNUMBER(Data!C14)),NOT(ISNUMBER(Data!C15))),"-",Data!C14-Data!C15),"-") | D16: =IFERROR(IF(OR(NOT(ISNUMBER(Data!D14)),NOT(ISNUMBER(Data!D15))),"-",Data!D14-Data!D15),"-") | E16: =IFERROR(IF(OR(NOT(ISNUMBER(Data!E14)),NOT(ISNUMBER(Data!E15))),"-",Data!E14-Data!E15),"-") | F16: =IFERROR(IF(OR(NOT(ISNUMBER(Data!F14)),NOT(ISNUMBER(Data!F15))),"-",Data!F14-Data!F15),"-") | G16: =IFERROR(IF(OR(NOT(ISNUMBER(Data!G14)),NOT(ISNUMBER(Data!G15))),"-",Data!G14-Data!G15),"-") | H16: =IFERROR(IF(OR(NOT(ISNUMBER(Data!H14)),NOT(ISNUMBER(Data!H15))),"-",Data!H14-Data!H15),"-") | I16: =IFERROR(IF(OR(NOT(ISNUMBER(Data!I14)),NOT(ISNUMBER(Data!I15))),"-",Data!I14-Data!I15),"-") | ... L16: =IFERROR(IF(OR(NOT(ISNUMBER(Data!L14)),NOT(ISNUMBER(Data!L15))),"-",Data!L14-Data!L15),"-") | N16: =IFERROR(IF(OR(NOT(ISNUMBER(Data!N14)),NOT(ISNUMBER(Data!N15))),"-",Data!N14-Data!N15),"-") | O16: =IFERROR(IF(OR(NOT(ISNUMBER(Data!O14)),NOT(ISNUMBER(Data!O15))),"-",Data!O14-Data!O15),"-") | P16: =IFERROR(IF(OR(NOT(ISNUMBER(Data!P14)),NOT(ISNUMBER(Data!P15))),"-",Data!P14-Data!P15),"-") | Q16: =IFERROR(IF(OR(NOT(ISNUMBER(Data!Q14)),NOT(ISNUMBER(Data!Q15))),"-",Data!Q14-Data!Q15),"-") | R16: =IFERROR(IF(OR(NOT(ISNUMBER(Data!R14)),NOT(ISNUMBER(Data!R15))),"-",Data!R14-Data!R15),"-") | S16: =IFERROR(IF(OR(NOT(ISNUMBER(Data!S14)),NOT(ISNUMBER(Data!S15))),"-",Data!S14-Data!S15),"-") | T16: =IFERROR(IF(OR(NOT(ISNUMBER(Data!T14)),NOT(ISNUMBER(Data!T15))),"-",Data!T14-Data!T15),"-") | U16: =IFERROR(IF(OR(NOT(ISNUMBER(Data!U14)),NOT(ISNUMBER(Data!U15))),"-",Data!U14-Data!U15),"-") | ... Y16: =IFERROR(IF(OR(NOT(ISNUMBER(Data!Y14)),NOT(ISNUMBER(Data!Y15))),"-",Data!Y14-Data!Y15),"-")
A17: SG&A | B17: 3988.062 | C17: 4885.59 | D17: 5917.649 | E17: 7410 | F17: 9634 | G17: 11761 | H17: 14453 | I17: 16079 | J17: 15411 | K17: 16093 | L17: 17345 | M17: CRM 10k 2026.pdf | p.58 | Consolidated Statements of Operations | Sales and marketing + General and administrative (summed per convention; excludes Restructuring) | as-printed: 17,345 | N17: 3886 | O17: 3935 | P17: 4034 | Q17: 4238 | R17: 4126 | S17: 4177 | T17: 4123 | U17: 4919 | V17: 4509
A18: R&D | B18: 946.3 | C18: 1208.127 | D18: 1553.073 | E18: 1886 | F18: 2766 | G18: 3598 | H18: 4465 | I18: 5055 | J18: 4906 | K18: 5493 | L18: 5993 | M18: CRM 10k 2026.pdf | p.58 | Consolidated Statements of Operations | Research and development | as-printed: 5,993 | N18: 1368 | O18: 1349 | P18: 1356 | Q18: 1420 | R18: 1460 | S18: 1481 | T18: 1433 | U18: 1619 | V18: 1627
A19: Total OpEx (excl. COGS) | B19: 4897.745 | C19: 6093.717 | D19: 7470.722 | E19: 9296 | F19: 12566 | G19: 15359 | H19: 18918 | I19: 21962 | J19: 21305 | K19: 22047 | L19: 23924 | M19: CRM 10k 2026.pdf | p.58 | Consolidated Statements of Operations | Total operating expenses | as-printed: 23,924 | N19: 5262 | O19: 5383 | P19: 5446 | Q19: 5956 | R19: 5622 | S19: 5662 | T19: 5816 | U19: 6824 | V19: 6216
A20: EBITDA | B20: =IFERROR(IF(OR(NOT(ISNUMBER(Data!B22)),NOT(ISNUMBER(Data!B21))),"-",Data!B22+Data!B21),"-") | C20: =IFERROR(IF(OR(NOT(ISNUMBER(Data!C22)),NOT(ISNUMBER(Data!C21))),"-",Data!C22+Data!C21),"-") | D20: =IFERROR(IF(OR(NOT(ISNUMBER(Data!D22)),NOT(ISNUMBER(Data!D21))),"-",Data!D22+Data!D21),"-") | E20: =IFERROR(IF(OR(NOT(ISNUMBER(Data!E22)),NOT(ISNUMBER(Data!E21))),"-",Data!E22+Data!E21),"-") | F20: =IFERROR(IF(OR(NOT(ISNUMBER(Data!F22)),NOT(ISNUMBER(Data!F21))),"-",Data!F22+Data!F21),"-") | G20: =IFERROR(IF(OR(NOT(ISNUMBER(Data!G22)),NOT(ISNUMBER(Data!G21))),"-",Data!G22+Data!G21),"-") | H20: =IFERROR(IF(OR(NOT(ISNUMBER(Data!H22)),NOT(ISNUMBER(Data!H21))),"-",Data!H22+Data!H21),"-") | I20: =IFERROR(IF(OR(NOT(ISNUMBER(Data!I22)),NOT(ISNUMBER(Data!I21))),"-",Data!I22+Data!I21),"-") | ... L20: =IFERROR(IF(OR(NOT(ISNUMBER(Data!L22)),NOT(ISNUMBER(Data!L21))),"-",Data!L22+Data!L21),"-") | N20: =IFERROR(IF(OR(NOT(ISNUMBER(Data!N22)),NOT(ISNUMBER(Data!N21))),"-",Data!N22+Data!N21),"-") | O20: =IFERROR(IF(OR(NOT(ISNUMBER(Data!O22)),NOT(ISNUMBER(Data!O21))),"-",Data!O22+Data!O21),"-") | P20: =IFERROR(IF(OR(NOT(ISNUMBER(Data!P22)),NOT(ISNUMBER(Data!P21))),"-",Data!P22+Data!P21),"-") | Q20: =IFERROR(IF(OR(NOT(ISNUMBER(Data!Q22)),NOT(ISNUMBER(Data!Q21))),"-",Data!Q22+Data!Q21),"-") | R20: =IFERROR(IF(OR(NOT(ISNUMBER(Data!R22)),NOT(ISNUMBER(Data!R21))),"-",Data!R22+Data!R21),"-") | S20: =IFERROR(IF(OR(NOT(ISNUMBER(Data!S22)),NOT(ISNUMBER(Data!S21))),"-",Data!S22+Data!S21),"-") | T20: =IFERROR(IF(OR(NOT(ISNUMBER(Data!T22)),NOT(ISNUMBER(Data!T21))),"-",Data!T22+Data!T21),"-") | U20: =IFERROR(IF(OR(NOT(ISNUMBER(Data!U22)),NOT(ISNUMBER(Data!U21))),"-",Data!U22+Data!U21),"-") | ... Y20: =IFERROR(IF(OR(NOT(ISNUMBER(Data!Y22)),NOT(ISNUMBER(Data!Y21))),"-",Data!Y22+Data!Y21),"-")
A21: D&A | B21: 525.75 | C21: 632.245 | D21: 752.6 | E21: 962 | F21: 2135 | G21: 2846 | H21: 3298 | I21: 3786 | J21: 3959 | K21: 3477 | L21: 3631 | M21: CRM 10k 2026.pdf | p.61 | Consolidated Statements of Cash Flows | Depreciation and amortization | as-printed: 3,631 | N21: 879 | O21: 907 | P21: 814 | Q21: 877 | R21: 843 | S21: 817 | T21: 851 | U21: 1120 | V21: 985
A22: EBIT (Operating Income) | B22: 114.923 | C22: 64.228 | D22: 235.768 | E22: 535 | F22: 297 | G22: 455 | H22: 548 | I22: 1030 | J22: 5011 | K22: 7205 | L22: 8331 | M22: CRM 10k 2026.pdf | p.58 | Consolidated Statements of Operations | Income from operations | as-printed: 8,331 | N22: 1709 | O22: 1783 | P22: 1893 | Q22: 1820 | R22: 1942 | S22: 2332 | T22: 2188 | U22: 1869 | V22: 2347
A23: Interest Expense | B23: 40.488 | C23: 49.563 | D23: 54.153 | E23: 126 | F23: 110 | G23: 110 | H23: 216 | I23: 287 | J23: 283 | K23: 272 | L23: 324 | M23: CRM 10k 2026.pdf | p.83 | Note 9. Debt | Interest expense, primarily from the Company's debt instruments (included in other income) | as-printed: 324 | V23: 317
A24: Pre-Tax Income | B24: 64.279 | C24: 25.383 | D24: 202.108 | E24: 983 | F24: 706 | G24: 2561 | H24: 1532 | I24: 660 | J24: 4950 | K24: 7438 | L24: 9520 | M24: CRM 10k 2026.pdf | p.58 | Consolidated Statements of Operations | Income before provision for income taxes | as-printed: 9,520 | N24: 1867 | O24: 1837 | P24: 1746 | Q24: 1988 | R24: 1974 | S24: 2406 | T24: 2512 | U24: 2628 | V24: 2721
A25: Tax Expense | B25: 111.705 | C25: -154.249 | D25: 74.63 | E25: -127 | F25: 580 | G25: -1511 | H25: 88 | I25: 452 | J25: 814 | K25: 1241 | L25: 2063 | M25: CRM 10k 2026.pdf | p.58 | Consolidated Statements of Operations | Provision for income taxes | as-printed: (2,063) | N25: 334 | O25: -408 | P25: 219 | Q25: -1386 | R25: 433 | S25: -519 | T25: 426 | U25: -2403 | V25: 614
A26: Net Income | B26: -47.426 | C26: 179.632 | D26: 127.478 | E26: 1110 | F26: 126 | G26: 4072 | H26: 1444 | I26: 208 | J26: 4136 | K26: 6197 | L26: 7457 | M26: CRM 10k 2026.pdf | p.58 | Consolidated Statements of Operations | Net income | as-printed: 7,457 | N26: 1533 | O26: 1429 | P26: 1527 | Q26: 1708 | R26: 1541 | S26: 1887 | T26: 2086 | U26: 1943 | V26: 2107
A27: Diluted EPS | B27: -0.07 | C27: 0.26 | D27: 0.17 | E27: 1.43 | F27: 0.15 | G27: 4.38 | H27: 1.48 | I27: 0.21 | J27: 4.2 | K27: 6.36 | L27: 7.8 | M27: CRM 10k 2026.pdf | p.58 | Consolidated Statements of Operations | Diluted net income per share | as-printed: 7.80 | N27: 1.56 | O27: 1.47 | P27: 1.58 | R27: 1.59 | S27: 1.96 | T27: 2.19 | V27: 2.42
A28: Diluted Shares Out. (M) | B28: 661.647 | C28: 700.217 | D28: 734.598 | E28: 775 | F28: 850 | G28: 930 | H28: 974 | I28: 997 | J28: 984 | K28: 974 | L28: 956 | M28: 819 | N28: 985 | O28: 973 | P28: 965 | R28: 970 | S28: 962 | T28: 952 | V28: 871
A30: BALANCE SHEET ($M)
B31: 2016 | C31: 2017 | D31: 2018 | E31: 2019 | F31: 2020 | G31: 2021 | H31: 2022 | I31: 2023 | J31: 2024 | K31: 2025 | L31: 2026 | N31: Year -2 Q1 | O31: Year -2 Q2 | P31: Year -2 Q3 | Q31: Year -2 Q4 | R31: Year -1 Q1 | S31: Year -1 Q2 | T31: Year -1 Q3 | U31: Year -1 Q4 | V31: Current Year Q1 | W31: Current Year Q2 | X31: Current Year Q3 | Y31: Current Year Q4
A32: Total Cash & Equivalents | B32: 1158.363 | C32: 1606.549 | D32: 2543.484 | E32: 2669 | F32: 4145 | G32: 6195 | H32: 5464 | I32: 7016 | J32: 8472 | K32: 8848 | L32: 7327 | M32: CRM 10k 2026.pdf | p.57 | Consolidated Balance Sheets | Cash and cash equivalents | as-printed: 7,327 | N32: 9958 | O32: 7682 | P32: 7997 | Q32: 8848 | R32: 10928 | S32: 10365 | T32: 8978 | U32: 7327 | V32: 8935
A33: Short-term Debt | C33: 0 | D33: 1024.717 | E33: 3 | G33: 4 | H33: 4 | I33: 1182 | J33: 999 | K33: 0 | L33: 4000 | M33: CRM 10k 2026.pdf | p.57 | Consolidated Balance Sheets | Debt, current | as-printed: 4,000 | N33: 1000 | O33: 0 | P33: 0 | Q33: 0 | T33: 0 | U33: 4000 | V33: 0
A34: Long-term Debt | C34: 2008.391 | D34: 694.781 | E34: 3173 | F34: 2673 | G34: 2673 | H34: 10592 | I34: 9419 | J34: 8427 | K34: 8433 | L34: 10439 | M34: CRM 10k 2026.pdf | p.57 | Consolidated Balance Sheets | Noncurrent debt | as-printed: 10,439 | N34: 8429 | O34: 8430 | P34: 8432 | Q34: 8433 | R34: 8435 | S34: 8436 | T34: 8438 | U34: 10439 | V34: 39280
A35: Total Debt | B35: =IF(AND(NOT(ISNUMBER(Data!B33)),NOT(ISNUMBER(Data!B34))),"-",Data!B33+Data!B34) | C35: =IF(AND(NOT(ISNUMBER(Data!C33)),NOT(ISNUMBER(Data!C34))),"-",Data!C33+Data!C34) | D35: =IF(AND(NOT(ISNUMBER(Data!D33)),NOT(ISNUMBER(Data!D34))),"-",Data!D33+Data!D34) | E35: =IF(AND(NOT(ISNUMBER(Data!E33)),NOT(ISNUMBER(Data!E34))),"-",Data!E33+Data!E34) | F35: =IF(AND(NOT(ISNUMBER(Data!F33)),NOT(ISNUMBER(Data!F34))),"-",Data!F33+Data!F34) | G35: =IF(AND(NOT(ISNUMBER(Data!G33)),NOT(ISNUMBER(Data!G34))),"-",Data!G33+Data!G34) | H35: =IF(AND(NOT(ISNUMBER(Data!H33)),NOT(ISNUMBER(Data!H34))),"-",Data!H33+Data!H34) | I35: =IF(AND(NOT(ISNUMBER(Data!I33)),NOT(ISNUMBER(Data!I34))),"-",Data!I33+Data!I34) | ... L35: =IF(AND(NOT(ISNUMBER(Data!L33)),NOT(ISNUMBER(Data!L34))),"-",Data!L33+Data!L34) | N35: =IF(AND(NOT(ISNUMBER(Data!N33)),NOT(ISNUMBER(Data!N34))),"-",Data!N33+Data!N34) | O35: =IF(AND(NOT(ISNUMBER(Data!O33)),NOT(ISNUMBER(Data!O34))),"-",Data!O33+Data!O34) | P35: =IF(AND(NOT(ISNUMBER(Data!P33)),NOT(ISNUMBER(Data!P34))),"-",Data!P33+Data!P34) | Q35: =IF(AND(NOT(ISNUMBER(Data!Q33)),NOT(ISNUMBER(Data!Q34))),"-",Data!Q33+Data!Q34) | R35: =IF(AND(NOT(ISNUMBER(Data!R33)),NOT(ISNUMBER(Data!R34))),"-",Data!R33+Data!R34) | S35: =IF(AND(NOT(ISNUMBER(Data!S33)),NOT(ISNUMBER(Data!S34))),"-",Data!S33+Data!S34) | T35: =IF(AND(NOT(ISNUMBER(Data!T33)),NOT(ISNUMBER(Data!T34))),"-",Data!T33+Data!T34) | U35: =IF(AND(NOT(ISNUMBER(Data!U33)),NOT(ISNUMBER(Data!U34))),"-",Data!U33+Data!U34) | ... Y35: =IF(AND(NOT(ISNUMBER(Data!Y33)),NOT(ISNUMBER(Data!Y34))),"-",Data!Y33+Data!Y34)
A36: Net Debt | B36: =IFERROR(IF(OR(NOT(ISNUMBER(Data!B35)),NOT(ISNUMBER(Data!B32))),"-",Data!B35-Data!B32),"-") | C36: =IFERROR(IF(OR(NOT(ISNUMBER(Data!C35)),NOT(ISNUMBER(Data!C32))),"-",Data!C35-Data!C32),"-") | D36: =IFERROR(IF(OR(NOT(ISNUMBER(Data!D35)),NOT(ISNUMBER(Data!D32))),"-",Data!D35-Data!D32),"-") | E36: =IFERROR(IF(OR(NOT(ISNUMBER(Data!E35)),NOT(ISNUMBER(Data!E32))),"-",Data!E35-Data!E32),"-") | F36: =IFERROR(IF(OR(NOT(ISNUMBER(Data!F35)),NOT(ISNUMBER(Data!F32))),"-",Data!F35-Data!F32),"-") | G36: =IFERROR(IF(OR(NOT(ISNUMBER(Data!G35)),NOT(ISNUMBER(Data!G32))),"-",Data!G35-Data!G32),"-") | H36: =IFERROR(IF(OR(NOT(ISNUMBER(Data!H35)),NOT(ISNUMBER(Data!H32))),"-",Data!H35-Data!H32),"-") | I36: =IFERROR(IF(OR(NOT(ISNUMBER(Data!I35)),NOT(ISNUMBER(Data!I32))),"-",Data!I35-Data!I32),"-") | ... L36: =IFERROR(IF(OR(NOT(ISNUMBER(Data!L35)),NOT(ISNUMBER(Data!L32))),"-",Data!L35-Data!L32),"-") | N36: =IFERROR(IF(OR(NOT(ISNUMBER(Data!N35)),NOT(ISNUMBER(Data!N32))),"-",Data!N35-Data!N32),"-") | O36: =IFERROR(IF(OR(NOT(ISNUMBER(Data!O35)),NOT(ISNUMBER(Data!O32))),"-",Data!O35-Data!O32),"-") | P36: =IFERROR(IF(OR(NOT(ISNUMBER(Data!P35)),NOT(ISNUMBER(Data!P32))),"-",Data!P35-Data!P32),"-") | Q36: =IFERROR(IF(OR(NOT(ISNUMBER(Data!Q35)),NOT(ISNUMBER(Data!Q32))),"-",Data!Q35-Data!Q32),"-") | R36: =IFERROR(IF(OR(NOT(ISNUMBER(Data!R35)),NOT(ISNUMBER(Data!R32))),"-",Data!R35-Data!R32),"-") | S36: =IFERROR(IF(OR(NOT(ISNUMBER(Data!S35)),NOT(ISNUMBER(Data!S32))),"-",Data!S35-Data!S32),"-") | T36: =IFERROR(IF(OR(NOT(ISNUMBER(Data!T35)),NOT(ISNUMBER(Data!T32))),"-",Data!T35-Data!T32),"-") | U36: =IFERROR(IF(OR(NOT(ISNUMBER(Data!U35)),NOT(ISNUMBER(Data!U32))),"-",Data!U35-Data!U32),"-") | ... Y36: =IFERROR(IF(OR(NOT(ISNUMBER(Data!Y35)),NOT(ISNUMBER(Data!Y32))),"-",Data!Y35-Data!Y32),"-")
A37: Total Current Assets | C37: 5996.827 | D37: 9290.371 | E37: 10683 | F37: 15963 | G37: 21889 | H37: 22850 | I37: 26395 | J37: 29074 | K37: 29727 | L37: 28222 | M37: CRM 10k 2026.pdf | p.57 | Consolidated Balance Sheets | Total current assets | as-printed: 28,222 | N37: 25604 | O37: 21862 | P37: 21425 | Q37: 29727 | R37: 25866 | S37: 25331 | T37: 21063 | U37: 28222 | V37: 21613
A38: Total Current Liabilities | C38: 7295.466 | D38: 10129.518 | E38: 11255 | F38: 14845 | G38: 17728 | H38: 21788 | I38: 25891 | J38: 26631 | K38: 27980 | L38: 37118 | M38: CRM 10k 2026.pdf | p.57 | Consolidated Balance Sheets | Total current liabilities | as-printed: 37,118 | N38: 23149 | O38: 21001 | P38: 19375 | Q38: 27980 | R38: 24196 | S38: 22532 | T38: 21410 | U38: 37118 | V38: 27502
A39: Total Assets | C39: 17584.923 | D39: 21009.802 | E39: 30737 | F39: 55126 | G39: 66301 | H39: 95209 | I39: 98849 | J39: 99823 | K39: 102928 | L39: 112305 | M39: CRM 10k 2026.pdf | p.57 | Consolidated Balance Sheets | Total assets | as-printed: 112,305 | N39: 96180 | O39: 92180 | P39: 91395 | Q39: 102928 | R39: 98610 | S39: 97573 | T39: 95144 | U39: 112305 | V39: 106680
A40: Total Liabilities | C40: 10084.796 | D40: 11617.439 | E40: 15132 | F40: 21241 | G40: 24808 | H40: 37078 | I40: 40490 | J40: 40177 | K40: 41755 | L40: 53163 | M40: CRM 10k 2026.pdf | p.57 | Consolidated Balance Sheets | Total liabilities | as-printed: 53,163 | N40: 36497 | O40: 34547 | P40: 32870 | Q40: 41755 | R40: 37944 | S40: 36245 | T40: 35123 | U40: 53163 | V40: 72445
A41: Shareholders' Equity | B41: 5002.869 | C41: 7500.127 | D41: 9388.496 | E41: 15605 | F41: 33885 | G41: 41493 | H41: 58131 | I41: 58359 | J41: 59646 | K41: 61173 | L41: 59142 | M41: CRM 10k 2026.pdf | p.57 | Consolidated Balance Sheets | Total stockholders' equity | as-printed: 59,142 | N41: 59683 | O41: 57633 | P41: 58525 | Q41: 61173 | R41: 60666 | S41: 61328 | T41: 60021 | U41: 59142 | V41: 34235
A42: Minority Interest
A43: Intangible Assets & Goodwill | C43: 7263.846 | D43: 7314.096 | E43: 12851 | F43: 25134 | G43: 26318 | H43: 47937 | I43: 48568 | J43: 48620 | K43: 51283 | L43: 57941 | M43: CRM 10k 2026.pdf | p.57 | Consolidated Balance Sheets | Goodwill | as-printed: 57,941 | N43: 48940 | O43: 48941 | P43: 49093 | Q43: 51283 | R43: 51281 | S43: 51438 | T43: 52457 | U43: 57941 | V43: 59291
A44: PP&E | C44: 1787.534 | D44: 1946.527 | E44: 2051 | F44: 2375 | G44: 2459 | H44: 2815 | I44: 3702 | J44: 3689 | K44: 3236 | L44: 3120 | M44: CRM 10k 2026.pdf | p.57 | Consolidated Balance Sheets | Property and equipment, net | as-printed: 3,120 | N44: 3506 | O44: 3580 | P44: 3416 | Q44: 3236 | R44: 3131 | S44: 3154 | T44: 3147 | U44: 3120 | V44: 3150
A45: Receivables | C45: 3196.643 | D45: 3917.401 | E45: 4924 | F45: 6174 | G45: 7786 | H45: 9739 | I45: 10755 | J45: 11414 | K45: 11945 | L45: 14339 | M45: CRM 10k 2026.pdf | p.57 | Consolidated Balance Sheets | Accounts receivable, net | as-printed: 14,339 | N45: 4273 | O45: 5391 | P45: 4741 | Q45: 11945 | R45: 4354 | S45: 5596 | T45: 5474 | U45: 14339 | V45: 5080
A46: Payables | C46: 1752.664 | D46: 2010.096 | E46: 2691 | F46: 3433 | G46: 4355 | H46: 5474 | I46: 6743 | J46: 6111 | K46: 6658 | L46: 8253 | M46: CRM 10k 2026.pdf | p.57 | Consolidated Balance Sheets | Accounts payable, accrued expenses and other liabilities | as-printed: 8,253 | N46: 5520 | O46: 5220 | P46: 5331 | Q46: 6658 | R46: 5804 | S46: 5397 | T46: 5850 | U46: 8253 | V46: 6582
A47: Inventory
A48: Retained Earnings | B48: -653.271 | C48: -464.91 | D48: -337.432 | E48: 1735 | F48: 1861 | G48: 5933 | H48: 7377 | I48: 7585 | J48: 11721 | K48: 16369 | L48: 22221 | M48: CRM 10k 2026.pdf | p.57 | Consolidated Balance Sheets | Retained earnings | as-printed: 22,221 | N48: 12866 | O48: 13907 | P48: 15049 | Q48: 16369 | R48: 17504 | S48: 18987 | T48: 20673 | U48: 22221 | V48: 23954
A49: CASH FLOW STATEMENT ($M)
B50: 2016 | C50: 2017 | D50: 2018 | E50: 2019 | F50: 2020 | G50: 2021 | H50: 2022 | I50: 2023 | J50: 2024 | K50: 2025 | L50: 2026 | N50: Year -2 Q1 | O50: Year -2 Q2 | P50: Year -2 Q3 | Q50: Year -2 Q4 | R50: Year -1 Q1 | S50: Year -1 Q2 | T50: Year -1 Q3 | U50: Year -1 Q4 | V50: Current Year Q1 | W50: Current Year Q2 | X50: Current Year Q3 | Y50: Current Year Q4
A51: Cash from Operations | B51: 1672.081 | C51: 2162.198 | D51: 2737.965 | E51: 3398 | F51: 4331 | G51: 4801 | H51: 6000 | I51: 7111 | J51: 10234 | K51: 13092 | L51: 14996 | M51: CRM 10k 2026.pdf | p.61 | Consolidated Statements of Cash Flows | Net cash provided by operating activities | as-printed: 14,996 | N51: 6247 | O51: 892 | P51: 1983 | Q51: 3970 | R51: 6476 | S51: 740 | T51: 2316 | U51: 5464 | V51: 6701
A52: Capital Expenditures | B52: 284.476 | C52: 463.958 | D52: 534.027 | E52: 595 | F52: 643 | G52: 710 | H52: 717 | I52: 798 | J52: 736 | K52: 658 | L52: 594 | M52: CRM 10k 2026.pdf | p.61 | Consolidated Statements of Cash Flows | Capital expenditures | as-printed: (594) | N52: 163 | O52: 137 | P52: 204 | Q52: 154 | R52: 179 | S52: 135 | T52: 139 | U52: 141 | V52: 145
A53: Free Cash Flow | B53: =IFERROR(IF(OR(NOT(ISNUMBER(Data!B51)),NOT(ISNUMBER(Data!B52))),"-",Data!B51-ABS(Data!B52)),"-") | C53: =IFERROR(IF(OR(NOT(ISNUMBER(Data!C51)),NOT(ISNUMBER(Data!C52))),"-",Data!C51-ABS(Data!C52)),"-") | D53: =IFERROR(IF(OR(NOT(ISNUMBER(Data!D51)),NOT(ISNUMBER(Data!D52))),"-",Data!D51-ABS(Data!D52)),"-") | E53: =IFERROR(IF(OR(NOT(ISNUMBER(Data!E51)),NOT(ISNUMBER(Data!E52))),"-",Data!E51-ABS(Data!E52)),"-") | F53: =IFERROR(IF(OR(NOT(ISNUMBER(Data!F51)),NOT(ISNUMBER(Data!F52))),"-",Data!F51-ABS(Data!F52)),"-") | G53: =IFERROR(IF(OR(NOT(ISNUMBER(Data!G51)),NOT(ISNUMBER(Data!G52))),"-",Data!G51-ABS(Data!G52)),"-") | H53: =IFERROR(IF(OR(NOT(ISNUMBER(Data!H51)),NOT(ISNUMBER(Data!H52))),"-",Data!H51-ABS(Data!H52)),"-") | I53: =IFERROR(IF(OR(NOT(ISNUMBER(Data!I51)),NOT(ISNUMBER(Data!I52))),"-",Data!I51-ABS(Data!I52)),"-") | ... L53: =IFERROR(IF(OR(NOT(ISNUMBER(Data!L51)),NOT(ISNUMBER(Data!L52))),"-",Data!L51-ABS(Data!L52)),"-") | N53: =IFERROR(IF(OR(NOT(ISNUMBER(Data!N51)),NOT(ISNUMBER(Data!N52))),"-",Data!N51-ABS(Data!N52)),"-") | O53: =IFERROR(IF(OR(NOT(ISNUMBER(Data!O51)),NOT(ISNUMBER(Data!O52))),"-",Data!O51-ABS(Data!O52)),"-") | P53: =IFERROR(IF(OR(NOT(ISNUMBER(Data!P51)),NOT(ISNUMBER(Data!P52))),"-",Data!P51-ABS(Data!P52)),"-") | Q53: =IFERROR(IF(OR(NOT(ISNUMBER(Data!Q51)),NOT(ISNUMBER(Data!Q52))),"-",Data!Q51-ABS(Data!Q52)),"-") | R53: =IFERROR(IF(OR(NOT(ISNUMBER(Data!R51)),NOT(ISNUMBER(Data!R52))),"-",Data!R51-ABS(Data!R52)),"-") | S53: =IFERROR(IF(OR(NOT(ISNUMBER(Data!S51)),NOT(ISNUMBER(Data!S52))),"-",Data!S51-ABS(Data!S52)),"-") | T53: =IFERROR(IF(OR(NOT(ISNUMBER(Data!T51)),NOT(ISNUMBER(Data!T52))),"-",Data!T51-ABS(Data!T52)),"-") | U53: =IFERROR(IF(OR(NOT(ISNUMBER(Data!U51)),NOT(ISNUMBER(Data!U52))),"-",Data!U51-ABS(Data!U52)),"-") | ... Y53: =IFERROR(IF(OR(NOT(ISNUMBER(Data!Y51)),NOT(ISNUMBER(Data!Y52))),"-",Data!Y51-ABS(Data!Y52)),"-")
A54: Stock-Based Compensation | B54: 593.628 | C54: 820.367 | D54: 997.013 | E54: 1283 | F54: 1785 | G54: 2190 | H54: 2779 | I54: 3279 | J54: 2787 | K54: 3183 | L54: 3509 | M54: CRM 10k 2026.pdf | p.61 | Consolidated Statements of Cash Flows | Stock-based compensation expense | as-printed: 3,509 | N54: 750 | O54: 810 | P54: 820 | Q54: 803 | R54: 814 | S54: 793 | T54: 819 | U54: 1083 | V54: 857
A55: Dividends Paid | I55: 0 | J55: 0 | K55: 1537 | L55: 1587 | M55: CRM 10k 2026.pdf | p.61 | Consolidated Statements of Cash Flows | Payments of dividends and dividend equivalents | as-printed: (1,587) | N55: 388 | O55: 384 | P55: 382 | Q55: 383 | R55: 402 | S55: 399 | T55: 395 | U55: 391 | V55: 365
A56: Share Repurchases | G56: 0 | H56: 0 | I56: 4000 | J56: 7620 | K56: 7829 | L56: 12596 | M56: CRM 10k 2026.pdf | p.61 | Consolidated Statements of Cash Flows | Repurchases of common stock | as-printed: (12,596) | N56: 2133 | O56: 4335 | P56: 1285 | Q56: 76 | R56: 2633 | S56: 2225 | T56: 3801 | U56: 3937 | V56: 27248
A57: Historical Share Price (Period-End) | B57: 68.06 | C57: 79.1 | D57: 113.91 | E57: 151.97 | F57: 182.31 | G57: 225.56 | H57: 232.63 | I57: 167.97 | J57: 281.09 | K57: 341.7 | L57: 212.29
A59: SEGMENT & GEOGRAPHIC DATA ($M) — agent fills names + yearly values
A60: Revenue by Segment:
A61: Americas | B61: 4910.745 | C61: 6224.971 | D61: 7579.116 | E61: 9445 | F61: 12051 | G61: 14736 | H61: 17983 | I61: 21250 | J61: 23289 | K61: 25143 | L61: 27193 | N61: 6062 | P61: 6220 | R61: 6469 | S61: 6736 | T61: 6703 | U61: 7285 | V61: 7233
A62: Europe | B62: 1162.808 | C62: 1373.547 | D62: 1903.524 | E62: 2553 | F62: 3430 | G62: 4501 | H62: 6016 | I62: 7163 | J62: 8128 | K62: 8891 | L62: 10017 | N62: 2145 | P62: 2228 | R62: 2337 | S62: 2429 | T62: 2470 | U62: 2781 | V62: 2754
A63: Asia Pacific | B63: 593.663 | C63: 793.466 | D63: 997.372 | E63: 1284 | F63: 1617 | G63: 2015 | H63: 2493 | I63: 2939 | J63: 3440 | K63: 3861 | L63: 4315 | N63: 926 | P63: 996 | R63: 1023 | S63: 1071 | T63: 1086 | U63: 1135 | V63: 1146
A64: Segment 4
A65: Segment 5
A66: Segment 6
A67: Segment 7
A68: Segment 8
A70: Operating Income by Segment:
A71: Americas
A72: Europe
A73: Asia Pacific
A74: Segment 4
A75: Segment 5
A76: Segment 6
... A90: Maintenance CapEx ($M, est.)

Sheet Valuation
A2: Colour key: | B2: Company filing | D2: Online / market | F2: Computed | H2: Analyst input
A3: 1. COST OF CAPITAL (WACC)
A4: Risk-Free Rate (10Y UST) | B4: 0.047
A5: Equity Risk Premium (Damodaran) | B5: 0.0423
A6: Beta (Levered) | B6: 1.33 | M6: market-researcher | valuation-agent | as-of:
A7: Size Premium | B7: 0 | M7: market-researcher | valuation-agent | as-of:
A8: Company-Specific Risk Premium | B8: 0 | M8: market-researcher | valuation-agent | as-of:
A9: Cost of Equity (Ke) | B9: =IFERROR(B4+B6*(B5+B8)+B7,"-") | M9: market-researcher | valuation-agent | as-of:
A10: Pre-tax Cost of Debt (Kd) | B10: 0.05 | M10: market-researcher | valuation-agent | as-of:
A11: Marginal Tax Rate | B11: 0.22 | M11: market-researcher | valuation-agent | as-of:
A12: After-tax Cost of Debt | B12: =IFERROR(B10*(1-B11),"-") | M12: market-researcher | valuation-agent | as-of:
A13: Debt / Total Capital (market) | B13: 0.1625 | M13: market-researcher | valuation-agent | as-of:
A14: Equity / Total Capital (market) | B14: =IFERROR(1-B13,"-") | M14: market-researcher | valuation-agent | as-of:
A15: WACC | B15: =IFERROR(B9*B14+B12*B13,"-") | M15: market-researcher | valuation-agent | as-of:
A17: 2. DCF MODEL — BASE CASE
B18: =IFERROR((Data!L13+1)&"E","-") | C18: =IFERROR((Data!L13+2)&"E","-") | D18: =IFERROR((Data!L13+3)&"E","-") | E18: =IFERROR((Data!L13+4)&"E","-") | F18: =IFERROR((Data!L13+5)&"E","-")
A19: ─ Assumptions (blue = inputs) ─
A20: Revenue Growth Rate | B20: 0.105 | C20: 0.09 | D20: 0.08 | E20: 0.07 | F20: 0.06 | M20: market-researcher | valuation-agent | as-of:
A21: EBITDA Margin | B21: 0.29 | C21: 0.295 | D21: 0.3 | E21: 0.3 | F21: 0.3 | M21: market-researcher | valuation-agent | as-of:
A22: D&A / Revenue | B22: 0.08 | C22: 0.075 | D22: 0.07 | E22: 0.065 | F22: 0.06 | M22: market-researcher | valuation-agent | as-of:
A23: CapEx / Revenue | B23: 0.015 | C23: 0.015 | D23: 0.015 | E23: 0.015 | F23: 0.015 | M23: market-researcher | valuation-agent | as-of:
A24: Change in NWC / Revenue | B24: 0.005 | C24: 0.005 | D24: 0.005 | E24: 0.005 | F24: 0.005 | M24: market-researcher | valuation-agent | as-of:
A25: Effective Tax Rate | B25: 0.22 | C25: 0.22 | D25: 0.22 | E25: 0.22 | F25: 0.22 | M25: market-researcher | valuation-agent | as-of:
A26: Terminal Growth Rate | B26: 0.03 | M26: market-researcher | valuation-agent | as-of:
A27: Exit EV/EBITDA Multiple | B27: 14 | M27: market-researcher | valuation-agent | as-of:
A29: ─ Projected Financials ($M) ─
A30: Base Revenue (latest FY) | B30: =IFERROR(Data!L14,"-") | M30: market-researcher | valuation-agent | as-of:
A31: Projected Revenue | B31: =IFERROR(B30*(1+B20),"-") | C31: =IFERROR(B31*(1+C20),"-") | D31: =IFERROR(C31*(1+D20),"-") | E31: =IFERROR(D31*(1+E20),"-") | F31: =IFERROR(E31*(1+F20),"-") | M31: market-researcher | valuation-agent | as-of:
A32: Projected EBITDA | B32: =IFERROR(B31*B21,"-") | C32: =IFERROR(C31*C21,"-") | D32: =IFERROR(D31*D21,"-") | E32: =IFERROR(E31*E21,"-") | F32: =IFERROR(F31*F21,"-") | M32: market-researcher | valuation-agent | as-of:
A33: Projected D&A | B33: =IFERROR(B31*B22,"-") | C33: =IFERROR(C31*C22,"-") | D33: =IFERROR(D31*D22,"-") | E33: =IFERROR(E31*E22,"-") | F33: =IFERROR(F31*F22,"-")
A34: Projected EBIT | B34: =IFERROR(B32-B33,"-") | C34: =IFERROR(C32-C33,"-") | D34: =IFERROR(D32-D33,"-") | E34: =IFERROR(E32-E33,"-") | F34: =IFERROR(F32-F33,"-") | M34: market-researcher | valuation-agent | as-of:
A35: Tax on EBIT | B35: =IFERROR(B34*B25,"-") | C35: =IFERROR(C34*C25,"-") | D35: =IFERROR(D34*D25,"-") | E35: =IFERROR(E34*E25,"-") | F35: =IFERROR(F34*F25,"-")
A36: NOPAT (EBIT × (1-t)) | B36: =IFERROR(B34-B35,"-") | C36: =IFERROR(C34-C35,"-") | D36: =IFERROR(D34-D35,"-") | E36: =IFERROR(E34-E35,"-") | F36: =IFERROR(F34-F35,"-") | M36: market-researcher | valuation-agent | as-of:
A37: (+) D&A | B37: =IFERROR(B33,"-") | C37: =IFERROR(C33,"-") | D37: =IFERROR(D33,"-") | E37: =IFERROR(E33,"-") | F37: =IFERROR(F33,"-")
A38: (-) Capital Expenditures | B38: =IFERROR(B31*B23,"-") | C38: =IFERROR(C31*C23,"-") | D38: =IFERROR(D31*D23,"-") | E38: =IFERROR(E31*E23,"-") | F38: =IFERROR(F31*F23,"-")
A39: (-) Change in NWC | B39: =IFERROR((B31-B30)*B24,"-") | C39: =IFERROR((C31-B31)*C24,"-") | D39: =IFERROR((D31-C31)*D24,"-") | E39: =IFERROR((E31-D31)*E24,"-") | F39: =IFERROR((F31-E31)*F24,"-")
A40: Unlevered Free Cash Flow (UFCF) | B40: =IFERROR(B36+B37-B38-B39,"-") | C40: =IFERROR(C36+C37-C38-C39,"-") | D40: =IFERROR(D36+D37-D38-D39,"-") | E40: =IFERROR(E36+E37-E38-E39,"-") | F40: =IFERROR(F36+F37-F38-F39,"-") | M40: market-researcher | valuation-agent | as-of:
A42: ─ Terminal Value ─
A43: TV: Perpetuity Growth Method | B43: =IFERROR(F40*(1+B26)/($B$15-B26),"-") | M43: market-researcher | valuation-agent | as-of:
A44: TV: Exit Multiple Method | B44: =IFERROR(F32*B27,"-") | M44: market-researcher | valuation-agent | as-of:
A45: TV Divergence (%) | B45: =IFERROR((B43-B44)/B44,"-")
A46: Selected Terminal Value (perpetuity growth) | B46: =IFERROR(B43,"-")
A47: Implied TV / EBITDA_5 | B47: =IFERROR(B46/F32,"-")
A48: Terminal Value as % of EV | B48: =IFERROR(B54/B55,"-")
A50: ─ Present Value & Equity Bridge ─
A51: Discount Factor (1/(1+WACC)^n) | B51: =IFERROR(1/(1+$B$15)^1,"-") | C51: =IFERROR(1/(1+$B$15)^2,"-") | D51: =IFERROR(1/(1+$B$15)^3,"-") | E51: =IFERROR(1/(1+$B$15)^4,"-") | F51: =IFERROR(1/(1+$B$15)^5,"-")
A52: PV of UFCF | B52: =IFERROR(B40*B51,"-") | C52: =IFERROR(C40*C51,"-") | D52: =IFERROR(D40*D51,"-") | E52: =IFERROR(E40*E51,"-") | F52: =IFERROR(F40*F51,"-") | M52: market-researcher | valuation-agent | as-of:
A53: Sum of PV of UFCFs | B53: =IFERROR(B52+C52+D52+E52+F52,"-") | M53: market-researcher | valuation-agent | as-of:
A54: PV of Terminal Value | B54: =IFERROR(B46*F51,"-")
A55: Enterprise Value (EV) | B55: =IFERROR(B53+B54,"-")
A56: (-) Net Debt (latest) | B56: 30345 | M56: market-researcher | valuation-agent | as-of:
A57: (-) Minority Interest | B57: 0 | M57: market-researcher | valuation-agent | as-of:
A58: (+) Non-operating Assets
A59: Equity Value | B59: =IFERROR(B55-B56-B57+B58,"-")
A60: Diluted Shares Outstanding (M) | B60: =IFERROR(Market!B11,"-")
A61: DCF Fair Value / Share | B61: =IFERROR(B59/B60,"-")
A62: Upside / Downside vs Price | B62: =IFERROR(B61/Data!B8-1,"-")
A64: 3a. DCF — BEAR CASE
A66: ─ BEAR Assumptions ─
A67: Revenue Growth Rate | B67: =IFERROR(B20-0.02,"-") | C67: =IFERROR(C20-0.02,"-") | D67: =IFERROR(D20-0.02,"-") | E67: =IFERROR(E20-0.02,"-") | F67: =IFERROR(F20-0.02,"-")
A68: EBITDA Margin | B68: =IFERROR(B21-0.01,"-") | C68: =IFERROR(C21-0.01,"-") | D68: =IFERROR(D21-0.01,"-") | E68: =IFERROR(E21-0.01,"-") | F68: =IFERROR(F21-0.01,"-")
A69: D&A / Revenue
A70: CapEx / Revenue
A71: Change in NWC / Revenue
A72: Effective Tax Rate
A73: Terminal Growth Rate | B73: =IFERROR(B26-0.005,"-")
A74: Exit EV/EBITDA Multiple
A76: ─ BEAR Projected UFCF ─
A77: Projected Revenue | B77: =IFERROR(B30*(1+B67),"-") | C77: =IFERROR(B77*(1+C67),"-") | D77: =IFERROR(C77*(1+D67),"-") | E77: =IFERROR(D77*(1+E67),"-") | F77: =IFERROR(E77*(1+F67),"-")
A78: Projected EBITDA | B78: =IFERROR(B77*B68,"-") | C78: =IFERROR(C77*C68,"-") | D78: =IFERROR(D77*D68,"-") | E78: =IFERROR(E77*E68,"-") | F78: =IFERROR(F77*F68,"-")
A79: Projected EBIT | B79: =IFERROR(B78-B77*B22,"-") | C79: =IFERROR(C78-C77*C22,"-") | D79: =IFERROR(D78-D77*D22,"-") | E79: =IFERROR(E78-E77*E22,"-") | F79: =IFERROR(F78-F77*F22,"-")
A80: UFCF | B80: =IFERROR(B79*(1-B25)+B77*B22-B77*B23-(B77-B30)*B24,"-") | C80: =IFERROR(C79*(1-C25)+C77*C22-C77*C23-(C77-B77)*C24,"-") | D80: =IFERROR(D79*(1-D25)+D77*D22-D77*D23-(D77-C77)*D24,"-") | E80: =IFERROR(E79*(1-E25)+E77*E22-E77*E23-(E77-D77)*E24,"-") | F80: =IFERROR(F79*(1-F25)+F77*F22-F77*F23-(F77-E77)*F24,"-")
A82: TV (Perpetuity Growth) | B82: =IFERROR(F80*(1+$B$73)/($B$15-$B$73),"-")
A83: TV (Exit Multiple) | B83: =IFERROR(F78*$B$27,"-")
A84: Selected TV (perpetuity growth) | B84: =IFERROR(B82,"-")
A85: PV of UFCFs | B85: =IFERROR(B80*B51+C80*C51+D80*D51+E80*E51+F80*F51,"-")
A86: PV of Terminal Value | B86: =IFERROR(B84*F51,"-")
A87: Enterprise Value | B87: =IFERROR(B85+B86,"-")
A88: BEAR DCF Fair Value / Share | B88: =IFERROR((B87-B56-B57+B58)/B60,"-")
A90: 3b. DCF — BULL CASE
A92: ─ BULL Assumptions ─
A93: Revenue Growth Rate | B93: =IFERROR(B20+0.02,"-") | C93: =IFERROR(C20+0.02,"-") | D93: =IFERROR(D20+0.02,"-") | E93: =IFERROR(E20+0.02,"-") | F93: =IFERROR(F20+0.02,"-")
A94: EBITDA Margin | B94: =IFERROR(B21+0.01,"-") | C94: =IFERROR(C21+0.01,"-") | D94: =IFERROR(D21+0.01,"-") | E94: =IFERROR(E21+0.01,"-") | F94: =IFERROR(F21+0.01,"-")
A95: D&A / Revenue
A96: CapEx / Revenue
A97: Change in NWC / Revenue
A98: Effective Tax Rate
A99: Terminal Growth Rate | B99: =IFERROR(B26+0.005,"-")
A100: Exit EV/EBITDA Multiple
A102: ─ BULL Projected UFCF ─
A103: Projected Revenue | B103: =IFERROR(B30*(1+B93),"-") | C103: =IFERROR(B103*(1+C93),"-") | D103: =IFERROR(C103*(1+D93),"-") | E103: =IFERROR(D103*(1+E93),"-") | F103: =IFERROR(E103*(1+F93),"-")
A104: Projected EBITDA | B104: =IFERROR(B103*B94,"-") | C104: =IFERROR(C103*C94,"-") | D104: =IFERROR(D103*D94,"-") | E104: =IFERROR(E103*E94,"-") | F104: =IFERROR(F103*F94,"-")
A105: Projected EBIT | B105: =IFERROR(B104-B103*B22,"-") | C105: =IFERROR(C104-C103*C22,"-") | D105: =IFERROR(D104-D103*D22,"-") | E105: =IFERROR(E104-E103*E22,"-") | F105: =IFERROR(F104-F103*F22,"-")
A106: UFCF | B106: =IFERROR(B105*(1-B25)+B103*B22-B103*B23-(B103-B30)*B24,"-") | C106: =IFERROR(C105*(1-C25)+C103*C22-C103*C23-(C103-B103)*C24,"-") | D106: =IFERROR(D105*(1-D25)+D103*D22-D103*D23-(D103-C103)*D24,"-") | E106: =IFERROR(E105*(1-E25)+E103*E22-E103*E23-(E103-D103)*E24,"-") | F106: =IFERROR(F105*(1-F25)+F103*F22-F103*F23-(F103-E103)*F24,"-")
A108: TV (Perpetuity Growth) | B108: =IFERROR(F106*(1+$B$99)/($B$15-$B$99),"-")
A109: TV (Exit Multiple) | B109: =IFERROR(F104*$B$27,"-")
A110: Selected TV (perpetuity growth) | B110: =IFERROR(B108,"-")
A111: PV of UFCFs | B111: =IFERROR(B106*B51+C106*C51+D106*D51+E106*E51+F106*F51,"-")
A112: PV of Terminal Value | B112: =IFERROR(B110*F51,"-")
A113: Enterprise Value | B113: =IFERROR(B111+B112,"-")
...

Sheet Metrics
A2: Colour key:
A3: Period | B3: =Data!B13 | C3: =Data!C13 | D3: =Data!D13 | E3: =Data!E13 | F3: =Data!F13 | G3: =Data!G13 | H3: =Data!H13 | I3: =Data!I13 | ... L3: =Data!L13
A4: Gross Margin | B4: =IFERROR(IF(OR(NOT(ISNUMBER(Data!B16)),NOT(ISNUMBER(Data!B14))),"-",Data!B16/Data!B14),"-") | C4: =IFERROR(IF(OR(NOT(ISNUMBER(Data!C16)),NOT(ISNUMBER(Data!C14))),"-",Data!C16/Data!C14),"-") | D4: =IFERROR(IF(OR(NOT(ISNUMBER(Data!D16)),NOT(ISNUMBER(Data!D14))),"-",Data!D16/Data!D14),"-") | E4: =IFERROR(IF(OR(NOT(ISNUMBER(Data!E16)),NOT(ISNUMBER(Data!E14))),"-",Data!E16/Data!E14),"-") | F4: =IFERROR(IF(OR(NOT(ISNUMBER(Data!F16)),NOT(ISNUMBER(Data!F14))),"-",Data!F16/Data!F14),"-") | G4: =IFERROR(IF(OR(NOT(ISNUMBER(Data!G16)),NOT(ISNUMBER(Data!G14))),"-",Data!G16/Data!G14),"-") | H4: =IFERROR(IF(OR(NOT(ISNUMBER(Data!H16)),NOT(ISNUMBER(Data!H14))),"-",Data!H16/Data!H14),"-") | I4: =IFERROR(IF(OR(NOT(ISNUMBER(Data!I16)),NOT(ISNUMBER(Data!I14))),"-",Data!I16/Data!I14),"-") | ... L4: =IFERROR(IF(OR(NOT(ISNUMBER(Data!L16)),NOT(ISNUMBER(Data!L14))),"-",Data!L16/Data!L14),"-")
A5: EBITDA Margin | B5: =IFERROR(IF(OR(NOT(ISNUMBER(Data!B20)),NOT(ISNUMBER(Data!B14))),"-",Data!B20/Data!B14),"-") | C5: =IFERROR(IF(OR(NOT(ISNUMBER(Data!C20)),NOT(ISNUMBER(Data!C14))),"-",Data!C20/Data!C14),"-") | D5: =IFERROR(IF(OR(NOT(ISNUMBER(Data!D20)),NOT(ISNUMBER(Data!D14))),"-",Data!D20/Data!D14),"-") | E5: =IFERROR(IF(OR(NOT(ISNUMBER(Data!E20)),NOT(ISNUMBER(Data!E14))),"-",Data!E20/Data!E14),"-") | F5: =IFERROR(IF(OR(NOT(ISNUMBER(Data!F20)),NOT(ISNUMBER(Data!F14))),"-",Data!F20/Data!F14),"-") | G5: =IFERROR(IF(OR(NOT(ISNUMBER(Data!G20)),NOT(ISNUMBER(Data!G14))),"-",Data!G20/Data!G14),"-") | H5: =IFERROR(IF(OR(NOT(ISNUMBER(Data!H20)),NOT(ISNUMBER(Data!H14))),"-",Data!H20/Data!H14),"-") | I5: =IFERROR(IF(OR(NOT(ISNUMBER(Data!I20)),NOT(ISNUMBER(Data!I14))),"-",Data!I20/Data!I14),"-") | ... L5: =IFERROR(IF(OR(NOT(ISNUMBER(Data!L20)),NOT(ISNUMBER(Data!L14))),"-",Data!L20/Data!L14),"-")
A6: Operating Margin | B6: =IFERROR(IF(OR(NOT(ISNUMBER(Data!B22)),NOT(ISNUMBER(Data!B14))),"-",Data!B22/Data!B14),"-") | C6: =IFERROR(IF(OR(NOT(ISNUMBER(Data!C22)),NOT(ISNUMBER(Data!C14))),"-",Data!C22/Data!C14),"-") | D6: =IFERROR(IF(OR(NOT(ISNUMBER(Data!D22)),NOT(ISNUMBER(Data!D14))),"-",Data!D22/Data!D14),"-") | E6: =IFERROR(IF(OR(NOT(ISNUMBER(Data!E22)),NOT(ISNUMBER(Data!E14))),"-",Data!E22/Data!E14),"-") | F6: =IFERROR(IF(OR(NOT(ISNUMBER(Data!F22)),NOT(ISNUMBER(Data!F14))),"-",Data!F22/Data!F14),"-") | G6: =IFERROR(IF(OR(NOT(ISNUMBER(Data!G22)),NOT(ISNUMBER(Data!G14))),"-",Data!G22/Data!G14),"-") | H6: =IFERROR(IF(OR(NOT(ISNUMBER(Data!H22)),NOT(ISNUMBER(Data!H14))),"-",Data!H22/Data!H14),"-") | I6: =IFERROR(IF(OR(NOT(ISNUMBER(Data!I22)),NOT(ISNUMBER(Data!I14))),"-",Data!I22/Data!I14),"-") | ... L6: =IFERROR(IF(OR(NOT(ISNUMBER(Data!L22)),NOT(ISNUMBER(Data!L14))),"-",Data!L22/Data!L14),"-")
A7: Net Margin | B7: =IFERROR(IF(OR(NOT(ISNUMBER(Data!B26)),NOT(ISNUMBER(Data!B14))),"-",Data!B26/Data!B14),"-") | C7: =IFERROR(IF(OR(NOT(ISNUMBER(Data!C26)),NOT(ISNUMBER(Data!C14))),"-",Data!C26/Data!C14),"-") | D7: =IFERROR(IF(OR(NOT(ISNUMBER(Data!D26)),NOT(ISNUMBER(Data!D14))),"-",Data!D26/Data!D14),"-") | E7: =IFERROR(IF(OR(NOT(ISNUMBER(Data!E26)),NOT(ISNUMBER(Data!E14))),"-",Data!E26/Data!E14),"-") | F7: =IFERROR(IF(OR(NOT(ISNUMBER(Data!F26)),NOT(ISNUMBER(Data!F14))),"-",Data!F26/Data!F14),"-") | G7: =IFERROR(IF(OR(NOT(ISNUMBER(Data!G26)),NOT(ISNUMBER(Data!G14))),"-",Data!G26/Data!G14),"-") | H7: =IFERROR(IF(OR(NOT(ISNUMBER(Data!H26)),NOT(ISNUMBER(Data!H14))),"-",Data!H26/Data!H14),"-") | I7: =IFERROR(IF(OR(NOT(ISNUMBER(Data!I26)),NOT(ISNUMBER(Data!I14))),"-",Data!I26/Data!I14),"-") | ... L7: =IFERROR(IF(OR(NOT(ISNUMBER(Data!L26)),NOT(ISNUMBER(Data!L14))),"-",Data!L26/Data!L14),"-")
A8: FCF Margin | B8: =IFERROR(IF(OR(NOT(ISNUMBER(Data!B53)),NOT(ISNUMBER(Data!B14))),"-",Data!B53/Data!B14),"-") | C8: =IFERROR(IF(OR(NOT(ISNUMBER(Data!C53)),NOT(ISNUMBER(Data!C14))),"-",Data!C53/Data!C14),"-") | D8: =IFERROR(IF(OR(NOT(ISNUMBER(Data!D53)),NOT(ISNUMBER(Data!D14))),"-",Data!D53/Data!D14),"-") | E8: =IFERROR(IF(OR(NOT(ISNUMBER(Data!E53)),NOT(ISNUMBER(Data!E14))),"-",Data!E53/Data!E14),"-") | F8: =IFERROR(IF(OR(NOT(ISNUMBER(Data!F53)),NOT(ISNUMBER(Data!F14))),"-",Data!F53/Data!F14),"-") | G8: =IFERROR(IF(OR(NOT(ISNUMBER(Data!G53)),NOT(ISNUMBER(Data!G14))),"-",Data!G53/Data!G14),"-") | H8: =IFERROR(IF(OR(NOT(ISNUMBER(Data!H53)),NOT(ISNUMBER(Data!H14))),"-",Data!H53/Data!H14),"-") | I8: =IFERROR(IF(OR(NOT(ISNUMBER(Data!I53)),NOT(ISNUMBER(Data!I14))),"-",Data!I53/Data!I14),"-") | ... L8: =IFERROR(IF(OR(NOT(ISNUMBER(Data!L53)),NOT(ISNUMBER(Data!L14))),"-",Data!L53/Data!L14),"-")
A10: RETURNS
A11: Period | B11: =Data!B13 | C11: =Data!C13 | D11: =Data!D13 | E11: =Data!E13 | F11: =Data!F13 | G11: =Data!G13 | H11: =Data!H13 | I11: =Data!I13 | ... L11: =Data!L13 | N11: Year -2 Q1 | O11: Year -2 Q2 | P11: Year -2 Q3 | Q11: Year -2 Q4 | R11: Year -1 Q1 | S11: Year -1 Q2 | T11: Year -1 Q3 | U11: Year -1 Q4 | V11: Current Year Q1 | W11: Current Year Q2 | X11: Current Year Q3 | Y11: Current Year Q4
A12: ROE | B12: =IFERROR(IF(OR(NOT(ISNUMBER(Data!B26)),NOT(ISNUMBER(Data!B41))),"-",Data!B26/(Data!B41)),"-") | C12: =IFERROR(IF(OR(NOT(ISNUMBER(Data!C26)),NOT(ISNUMBER(Data!C41))),"-",Data!C26/(IF(OR(NOT(ISNUMBER(Data!B41)),Data!B41=0),Data!C41,(Data!C41+Data!B41)/2))),"-") | D12: =IFERROR(IF(OR(NOT(ISNUMBER(Data!D26)),NOT(ISNUMBER(Data!D41))),"-",Data!D26/(IF(OR(NOT(ISNUMBER(Data!C41)),Data!C41=0),Data!D41,(Data!D41+Data!C41)/2))),"-") | E12: =IFERROR(IF(OR(NOT(ISNUMBER(Data!E26)),NOT(ISNUMBER(Data!E41))),"-",Data!E26/(IF(OR(NOT(ISNUMBER(Data!D41)),Data!D41=0),Data!E41,(Data!E41+Data!D41)/2))),"-") | F12: =IFERROR(IF(OR(NOT(ISNUMBER(Data!F26)),NOT(ISNUMBER(Data!F41))),"-",Data!F26/(IF(OR(NOT(ISNUMBER(Data!E41)),Data!E41=0),Data!F41,(Data!F41+Data!E41)/2))),"-") | G12: =IFERROR(IF(OR(NOT(ISNUMBER(Data!G26)),NOT(ISNUMBER(Data!G41))),"-",Data!G26/(IF(OR(NOT(ISNUMBER(Data!F41)),Data!F41=0),Data!G41,(Data!G41+Data!F41)/2))),"-") | H12: =IFERROR(IF(OR(NOT(ISNUMBER(Data!H26)),NOT(ISNUMBER(Data!H41))),"-",Data!H26/(IF(OR(NOT(ISNUMBER(Data!G41)),Data!G41=0),Data!H41,(Data!H41+Data!G41)/2))),"-") | I12: =IFERROR(IF(OR(NOT(ISNUMBER(Data!I26)),NOT(ISNUMBER(Data!I41))),"-",Data!I26/(IF(OR(NOT(ISNUMBER(Data!H41)),Data!H41=0),Data!I41,(Data!I41+Data!H41)/2))),"-") | J12: =IFERROR(IF(OR(NOT(ISNUMBER(Data!J26)),NOT(ISNUMBER(Data!J41))),"-",Data!J26/(IF(OR(NOT(ISNUMBER(Data!I41)),Data!I41=0),Data!J41,(Data!J41+Data!I41)/2))),"-") | ... L12: =IFERROR(IF(OR(NOT(ISNUMBER(Data!L26)),NOT(ISNUMBER(Data!L41))),"-",Data!L26/(IF(OR(NOT(ISNUMBER(Data!K41)),Data!K41=0),Data!L41,(Data!L41+Data!K41)/2))),"-") | Q12: =IFERROR(IF(OR(NOT(ISNUMBER(Data!N26)),NOT(ISNUMBER(Data!O26)),NOT(ISNUMBER(Data!P26)),NOT(ISNUMBER(Data!Q26)),NOT(ISNUMBER(Data!Q41))),"-",(Data!N26+Data!O26+Data!P26+Data!Q26)/Data!Q41),"-") | R12: =IFERROR(IF(OR(NOT(ISNUMBER(Data!O26)),NOT(ISNUMBER(Data!P26)),NOT(ISNUMBER(Data!Q26)),NOT(ISNUMBER(Data!R26)),NOT(ISNUMBER(Data!R41)),NOT(ISNUMBER(Data!N41))),"-",(Data!O26+Data!P26+Data!Q26+Data!R26)/((Data!R41+Data!N41)/2)),"-") | S12: =IFERROR(IF(OR(NOT(ISNUMBER(Data!P26)),NOT(ISNUMBER(Data!Q26)),NOT(ISNUMBER(Data!R26)),NOT(ISNUMBER(Data!S26)),NOT(ISNUMBER(Data!S41)),NOT(ISNUMBER(Data!O41))),"-",(Data!P26+Data!Q26+Data!R26+Data!S26)/((Data!S41+Data!O41)/2)),"-") | T12: =IFERROR(IF(OR(NOT(ISNUMBER(Data!Q26)),NOT(ISNUMBER(Data!R26)),NOT(ISNUMBER(Data!S26)),NOT(ISNUMBER(Data!T26)),NOT(ISNUMBER(Data!T41)),NOT(ISNUMBER(Data!P41))),"-",(Data!Q26+Data!R26+Data!S26+Data!T26)/((Data!T41+Data!P41)/2)),"-") | U12: =IFERROR(IF(OR(NOT(ISNUMBER(Data!R26)),NOT(ISNUMBER(Data!S26)),NOT(ISNUMBER(Data!T26)),NOT(ISNUMBER(Data!U26)),NOT(ISNUMBER(Data!U41)),NOT(ISNUMBER(Data!Q41))),"-",(Data!R26+Data!S26+Data!T26+Data!U26)/((Data!U41+Data!Q41)/2)),"-") | V12: =IFERROR(IF(OR(NOT(ISNUMBER(Data!S26)),NOT(ISNUMBER(Data!T26)),NOT(ISNUMBER(Data!U26)),NOT(ISNUMBER(Data!V26)),NOT(ISNUMBER(Data!V41)),NOT(ISNUMBER(Data!R41))),"-",(Data!S26+Data!T26+Data!U26+Data!V26)/((Data!V41+Data!R41)/2)),"-") | W12: =IFERROR(IF(OR(NOT(ISNUMBER(Data!T26)),NOT(ISNUMBER(Data!U26)),NOT(ISNUMBER(Data!V26)),NOT(ISNUMBER(Data!W26)),NOT(ISNUMBER(Data!W41)),NOT(ISNUMBER(Data!S41))),"-",(Data!T26+Data!U26+Data!V26+Data!W26)/((Data!W41+Data!S41)/2)),"-") | X12: =IFERROR(IF(OR(NOT(ISNUMBER(Data!U26)),NOT(ISNUMBER(Data!V26)),NOT(ISNUMBER(Data!W26)),NOT(ISNUMBER(Data!X26)),NOT(ISNUMBER(Data!X41)),NOT(ISNUMBER(Data!T41))),"-",(Data!U26+Data!V26+Data!W26+Data!X26)/((Data!X41+Data!T41)/2)),"-") | Y12: =IFERROR(IF(OR(NOT(ISNUMBER(Data!V26)),NOT(ISNUMBER(Data!W26)),NOT(ISNUMBER(Data!X26)),NOT(ISNUMBER(Data!Y26)),NOT(ISNUMBER(Data!Y41)),NOT(ISNUMBER(Data!U41))),"-",(Data!V26+Data!W26+Data!X26+Data!Y26)/((Data!Y41+Data!U41)/2)),"-")
A13: ROA | B13: =IFERROR(IF(OR(NOT(ISNUMBER(Data!B26)),NOT(ISNUMBER(Data!B39))),"-",Data!B26/(Data!B39)),"-") | C13: =IFERROR(IF(OR(NOT(ISNUMBER(Data!C26)),NOT(ISNUMBER(Data!C39))),"-",Data!C26/(IF(OR(NOT(ISNUMBER(Data!B39)),Data!B39=0),Data!C39,(Data!C39+Data!B39)/2))),"-") | D13: =IFERROR(IF(OR(NOT(ISNUMBER(Data!D26)),NOT(ISNUMBER(Data!D39))),"-",Data!D26/(IF(OR(NOT(ISNUMBER(Data!C39)),Data!C39=0),Data!D39,(Data!D39+Data!C39)/2))),"-") | E13: =IFERROR(IF(OR(NOT(ISNUMBER(Data!E26)),NOT(ISNUMBER(Data!E39))),"-",Data!E26/(IF(OR(NOT(ISNUMBER(Data!D39)),Data!D39=0),Data!E39,(Data!E39+Data!D39)/2))),"-") | F13: =IFERROR(IF(OR(NOT(ISNUMBER(Data!F26)),NOT(ISNUMBER(Data!F39))),"-",Data!F26/(IF(OR(NOT(ISNUMBER(Data!E39)),Data!E39=0),Data!F39,(Data!F39+Data!E39)/2))),"-") | G13: =IFERROR(IF(OR(NOT(ISNUMBER(Data!G26)),NOT(ISNUMBER(Data!G39))),"-",Data!G26/(IF(OR(NOT(ISNUMBER(Data!F39)),Data!F39=0),Data!G39,(Data!G39+Data!F39)/2))),"-") | H13: =IFERROR(IF(OR(NOT(ISNUMBER(Data!H26)),NOT(ISNUMBER(Data!H39))),"-",Data!H26/(IF(OR(NOT(ISNUMBER(Data!G39)),Data!G39=0),Data!H39,(Data!H39+Data!G39)/2))),"-") | I13: =IFERROR(IF(OR(NOT(ISNUMBER(Data!I26)),NOT(ISNUMBER(Data!I39))),"-",Data!I26/(IF(OR(NOT(ISNUMBER(Data!H39)),Data!H39=0),Data!I39,(Data!I39+Data!H39)/2))),"-") | J13: =IFERROR(IF(OR(NOT(ISNUMBER(Data!J26)),NOT(ISNUMBER(Data!J39))),"-",Data!J26/(IF(OR(NOT(ISNUMBER(Data!I39)),Data!I39=0),Data!J39,(Data!J39+Data!I39)/2))),"-") | ... L13: =IFERROR(IF(OR(NOT(ISNUMBER(Data!L26)),NOT(ISNUMBER(Data!L39))),"-",Data!L26/(IF(OR(NOT(ISNUMBER(Data!K39)),Data!K39=0),Data!L39,(Data!L39+Data!K39)/2))),"-") | Q13: =IFERROR(IF(OR(NOT(ISNUMBER(Data!N26)),NOT(ISNUMBER(Data!O26)),NOT(ISNUMBER(Data!P26)),NOT(ISNUMBER(Data!Q26)),NOT(ISNUMBER(Data!Q39))),"-",(Data!N26+Data!O26+Data!P26+Data!Q26)/Data!Q39),"-") | R13: =IFERROR(IF(OR(NOT(ISNUMBER(Data!O26)),NOT(ISNUMBER(Data!P26)),NOT(ISNUMBER(Data!Q26)),NOT(ISNUMBER(Data!R26)),NOT(ISNUMBER(Data!R39)),NOT(ISNUMBER(Data!N39))),"-",(Data!O26+Data!P26+Data!Q26+Data!R26)/((Data!R39+Data!N39)/2)),"-") | S13: =IFERROR(IF(OR(NOT(ISNUMBER(Data!P26)),NOT(ISNUMBER(Data!Q26)),NOT(ISNUMBER(Data!R26)),NOT(ISNUMBER(Data!S26)),NOT(ISNUMBER(Data!S39)),NOT(ISNUMBER(Data!O39))),"-",(Data!P26+Data!Q26+Data!R26+Data!S26)/((Data!S39+Data!O39)/2)),"-") | T13: =IFERROR(IF(OR(NOT(ISNUMBER(Data!Q26)),NOT(ISNUMBER(Data!R26)),NOT(ISNUMBER(Data!S26)),NOT(ISNUMBER(Data!T26)),NOT(ISNUMBER(Data!T39)),NOT(ISNUMBER(Data!P39))),"-",(Data!Q26+Data!R26+Data!S26+Data!T26)/((Data!T39+Data!P39)/2)),"-") | U13: =IFERROR(IF(OR(NOT(ISNUMBER(Data!R26)),NOT(ISNUMBER(Data!S26)),NOT(ISNUMBER(Data!T26)),NOT(ISNUMBER(Data!U26)),NOT(ISNUMBER(Data!U39)),NOT(ISNUMBER(Data!Q39))),"-",(Data!R26+Data!S26+Data!T26+Data!U26)/((Data!U39+Data!Q39)/2)),"-") | V13: =IFERROR(IF(OR(NOT(ISNUMBER(Data!S26)),NOT(ISNUMBER(Data!T26)),NOT(ISNUMBER(Data!U26)),NOT(ISNUMBER(Data!V26)),NOT(ISNUMBER(Data!V39)),NOT(ISNUMBER(Data!R39))),"-",(Data!S26+Data!T26+Data!U26+Data!V26)/((Data!V39+Data!R39)/2)),"-") | W13: =IFERROR(IF(OR(NOT(ISNUMBER(Data!T26)),NOT(ISNUMBER(Data!U26)),NOT(ISNUMBER(Data!V26)),NOT(ISNUMBER(Data!W26)),NOT(ISNUMBER(Data!W39)),NOT(ISNUMBER(Data!S39))),"-",(Data!T26+Data!U26+Data!V26+Data!W26)/((Data!W39+Data!S39)/2)),"-") | X13: =IFERROR(IF(OR(NOT(ISNUMBER(Data!U26)),NOT(ISNUMBER(Data!V26)),NOT(ISNUMBER(Data!W26)),NOT(ISNUMBER(Data!X26)),NOT(ISNUMBER(Data!X39)),NOT(ISNUMBER(Data!T39))),"-",(Data!U26+Data!V26+Data!W26+Data!X26)/((Data!X39+Data!T39)/2)),"-") | Y13: =IFERROR(IF(OR(NOT(ISNUMBER(Data!V26)),NOT(ISNUMBER(Data!W26)),NOT(ISNUMBER(Data!X26)),NOT(ISNUMBER(Data!Y26)),NOT(ISNUMBER(Data!Y39)),NOT(ISNUMBER(Data!U39))),"-",(Data!V26+Data!W26+Data!X26+Data!Y26)/((Data!Y39+Data!U39)/2)),"-")
A14: ROIC | B14: =IFERROR(IF(NOT(ISNUMBER(Data!B22)),"-",(Data!B22*(1-IF(AND(ISNUMBER(Data!B24),Data!B24<>0,ISNUMBER(Data!B25)),Data!B25/Data!B24,0.21)))/((Data!B41+Data!B35-Data!B32))),"-") | C14: =IFERROR(IF(NOT(ISNUMBER(Data!C22)),"-",(Data!C22*(1-IF(AND(ISNUMBER(Data!C24),Data!C24<>0,ISNUMBER(Data!C25)),Data!C25/Data!C24,0.21)))/(IF(AND(ISNUMBER(Data!B41),ISNUMBER(Data!B35),ISNUMBER(Data!B32)),((Data!C41+Data!C35-Data!C32)+(Data!B41+Data!B35-Data!B32))/2,(Data!C41+Data!C35-Data!C32)))),"-") | D14: =IFERROR(IF(NOT(ISNUMBER(Data!D22)),"-",(Data!D22*(1-IF(AND(ISNUMBER(Data!D24),Data!D24<>0,ISNUMBER(Data!D25)),Data!D25/Data!D24,0.21)))/(IF(AND(ISNUMBER(Data!C41),ISNUMBER(Data!C35),ISNUMBER(Data!C32)),((Data!D41+Data!D35-Data!D32)+(Data!C41+Data!C35-Data!C32))/2,(Data!D41+Data!D35-Data!D32)))),"-") | E14: =IFERROR(IF(NOT(ISNUMBER(Data!E22)),"-",(Data!E22*(1-IF(AND(ISNUMBER(Data!E24),Data!E24<>0,ISNUMBER(Data!E25)),Data!E25/Data!E24,0.21)))/(IF(AND(ISNUMBER(Data!D41),ISNUMBER(Data!D35),ISNUMBER(Data!D32)),((Data!E41+Data!E35-Data!E32)+(Data!D41+Data!D35-Data!D32))/2,(Data!E41+Data!E35-Data!E32)))),"-") | F14: =IFERROR(IF(NOT(ISNUMBER(Data!F22)),"-",(Data!F22*(1-IF(AND(ISNUMBER(Data!F24),Data!F24<>0,ISNUMBER(Data!F25)),Data!F25/Data!F24,0.21)))/(IF(AND(ISNUMBER(Data!E41),ISNUMBER(Data!E35),ISNUMBER(Data!E32)),((Data!F41+Data!F35-Data!F32)+(Data!E41+Data!E35-Data!E32))/2,(Data!F41+Data!F35-Data!F32)))),"-") | G14: =IFERROR(IF(NOT(ISNUMBER(Data!G22)),"-",(Data!G22*(1-IF(AND(ISNUMBER(Data!G24),Data!G24<>0,ISNUMBER(Data!G25)),Data!G25/Data!G24,0.21)))/(IF(AND(ISNUMBER(Data!F41),ISNUMBER(Data!F35),ISNUMBER(Data!F32)),((Data!G41+Data!G35-Data!G32)+(Data!F41+Data!F35-Data!F32))/2,(Data!G41+Data!G35-Data!G32)))),"-") | H14: =IFERROR(IF(NOT(ISNUMBER(Data!H22)),"-",(Data!H22*(1-IF(AND(ISNUMBER(Data!H24),Data!H24<>0,ISNUMBER(Data!H25)),Data!H25/Data!H24,0.21)))/(IF(AND(ISNUMBER(Data!G41),ISNUMBER(Data!G35),ISNUMBER(Data!G32)),((Data!H41+Data!H35-Data!H32)+(Data!G41+Data!G35-Data!G32))/2,(Data!H41+Data!H35-Data!H32)))),"-") | I14: =IFERROR(IF(NOT(ISNUMBER(Data!I22)),"-",(Data!I22*(1-IF(AND(ISNUMBER(Data!I24),Data!I24<>0,ISNUMBER(Data!I25)),Data!I25/Data!I24,0.21)))/(IF(AND(ISNUMBER(Data!H41),ISNUMBER(Data!H35),ISNUMBER(Data!H32)),((Data!I41+Data!I35-Data!I32)+(Data!H41+Data!H35-Data!H32))/2,(Data!I41+Data!I35-Data!I32)))),"-") | J14: =IFERROR(IF(NOT(ISNUMBER(Data!J22)),"-",(Data!J22*(1-IF(AND(ISNUMBER(Data!J24),Data!J24<>0,ISNUMBER(Data!J25)),Data!J25/Data!J24,0.21)))/(IF(AND(ISNUMBER(Data!I41),ISNUMBER(Data!I35),ISNUMBER(Data!I32)),((Data!J41+Data!J35-Data!J32)+(Data!I41+Data!I35-Data!I32))/2,(Data!J41+Data!J35-Data!J32)))),"-") | ... L14: =IFERROR(IF(NOT(ISNUMBER(Data!L22)),"-",(Data!L22*(1-IF(AND(ISNUMBER(Data!L24),Data!L24<>0,ISNUMBER(Data!L25)),Data!L25/Data!L24,0.21)))/(IF(AND(ISNUMBER(Data!K41),ISNUMBER(Data!K35),ISNUMBER(Data!K32)),((Data!L41+Data!L35-Data!L32)+(Data!K41+Data!K35-Data!K32))/2,(Data!L41+Data!L35-Data!L32)))),"-") | Q14: =IFERROR(IF(OR(NOT(ISNUMBER(Data!N22)),NOT(ISNUMBER(Data!O22)),NOT(ISNUMBER(Data!P22)),NOT(ISNUMBER(Data!Q22))),"-",((Data!N22+Data!O22+Data!P22+Data!Q22)*(1-IFERROR((Data!N25+Data!O25+Data!P25+Data!Q25)/(Data!N24+Data!O24+Data!P24+Data!Q24),0.21)))/(Data!Q41+Data!Q35-Data!Q32)),"-") | R14: =IFERROR(IF(OR(NOT(ISNUMBER(Data!O22)),NOT(ISNUMBER(Data!P22)),NOT(ISNUMBER(Data!Q22)),NOT(ISNUMBER(Data!R22))),"-",((Data!O22+Data!P22+Data!Q22+Data!R22)*(1-IFERROR((Data!O25+Data!P25+Data!Q25+Data!R25)/(Data!O24+Data!P24+Data!Q24+Data!R24),0.21)))/(((Data!R41+Data!R35-Data!R32)+(Data!N41+Data!N35-Data!N32))/2)),"-") | S14: =IFERROR(IF(OR(NOT(ISNUMBER(Data!P22)),NOT(ISNUMBER(Data!Q22)),NOT(ISNUMBER(Data!R22)),NOT(ISNUMBER(Data!S22))),"-",((Data!P22+Data!Q22+Data!R22+Data!S22)*(1-IFERROR((Data!P25+Data!Q25+Data!R25+Data!S25)/(Data!P24+Data!Q24+Data!R24+Data!S24),0.21)))/(((Data!S41+Data!S35-Data!S32)+(Data!O41+Data!O35-Data!O32))/2)),"-") | T14: =IFERROR(IF(OR(NOT(ISNUMBER(Data!Q22)),NOT(ISNUMBER(Data!R22)),NOT(ISNUMBER(Data!S22)),NOT(ISNUMBER(Data!T22))),"-",((Data!Q22+Data!R22+Data!S22+Data!T22)*(1-IFERROR((Data!Q25+Data!R25+Data!S25+Data!T25)/(Data!Q24+Data!R24+Data!S24+Data!T24),0.21)))/(((Data!T41+Data!T35-Data!T32)+(Data!P41+Data!P35-Data!P32))/2)),"-") | U14: =IFERROR(IF(OR(NOT(ISNUMBER(Data!R22)),NOT(ISNUMBER(Data!S22)),NOT(ISNUMBER(Data!T22)),NOT(ISNUMBER(Data!U22))),"-",((Data!R22+Data!S22+Data!T22+Data!U22)*(1-IFERROR((Data!R25+Data!S25+Data!T25+Data!U25)/(Data!R24+Data!S24+Data!T24+Data!U24),0.21)))/(((Data!U41+Data!U35-Data!U32)+(Data!Q41+Data!Q35-Data!Q32))/2)),"-") | V14: =IFERROR(IF(OR(NOT(ISNUMBER(Data!S22)),NOT(ISNUMBER(Data!T22)),NOT(ISNUMBER(Data!U22)),NOT(ISNUMBER(Data!V22))),"-",((Data!S22+Data!T22+Data!U22+Data!V22)*(1-IFERROR((Data!S25+Data!T25+Data!U25+Data!V25)/(Data!S24+Data!T24+Data!U24+Data!V24),0.21)))/(((Data!V41+Data!V35-Data!V32)+(Data!R41+Data!R35-Data!R32))/2)),"-") | W14: =IFERROR(IF(OR(NOT(ISNUMBER(Data!T22)),NOT(ISNUMBER(Data!U22)),NOT(ISNUMBER(Data!V22)),NOT(ISNUMBER(Data!W22))),"-",((Data!T22+Data!U22+Data!V22+Data!W22)*(1-IFERROR((Data!T25+Data!U25+Data!V25+Data!W25)/(Data!T24+Data!U24+Data!V24+Data!W24),0.21)))/(((Data!W41+Data!W35-Data!W32)+(Data!S41+Data!S35-Data!S32))/2)),"-") | X14: =IFERROR(IF(OR(NOT(ISNUMBER(Data!U22)),NOT(ISNUMBER(Data!V22)),NOT(ISNUMBER(Data!W22)),NOT(ISNUMBER(Data!X22))),"-",((Data!U22+Data!V22+Data!W22+Data!X22)*(1-IFERROR((Data!U25+Data!V25+Data!W25+Data!X25)/(Data!U24+Data!V24+Data!W24+Data!X24),0.21)))/(((Data!X41+Data!X35-Data!X32)+(Data!T41+Data!T35-Data!T32))/2)),"-") | Y14: =IFERROR(IF(OR(NOT(ISNUMBER(Data!V22)),NOT(ISNUMBER(Data!W22)),NOT(ISNUMBER(Data!X22)),NOT(ISNUMBER(Data!Y22))),"-",((Data!V22+Data!W22+Data!X22+Data!Y22)*(1-IFERROR((Data!V25+Data!W25+Data!X25+Data!Y25)/(Data!V24+Data!W24+Data!X24+Data!Y24),0.21)))/(((Data!Y41+Data!Y35-Data!Y32)+(Data!U41+Data!U35-Data!U32))/2)),"-")
A15: Interest Coverage | B15: =IFERROR(IF(OR(NOT(ISNUMBER(Data!B22)),NOT(ISNUMBER(Data!B23))),"-",ABS(Data!B22)/ABS(Data!B23)),"-") | C15: =IFERROR(IF(OR(NOT(ISNUMBER(Data!C22)),NOT(ISNUMBER(Data!C23))),"-",ABS(Data!C22)/ABS(Data!C23)),"-") | D15: =IFERROR(IF(OR(NOT(ISNUMBER(Data!D22)),NOT(ISNUMBER(Data!D23))),"-",ABS(Data!D22)/ABS(Data!D23)),"-") | E15: =IFERROR(IF(OR(NOT(ISNUMBER(Data!E22)),NOT(ISNUMBER(Data!E23))),"-",ABS(Data!E22)/ABS(Data!E23)),"-") | F15: =IFERROR(IF(OR(NOT(ISNUMBER(Data!F22)),NOT(ISNUMBER(Data!F23))),"-",ABS(Data!F22)/ABS(Data!F23)),"-") | G15: =IFERROR(IF(OR(NOT(ISNUMBER(Data!G22)),NOT(ISNUMBER(Data!G23))),"-",ABS(Data!G22)/ABS(Data!G23)),"-") | H15: =IFERROR(IF(OR(NOT(ISNUMBER(Data!H22)),NOT(ISNUMBER(Data!H23))),"-",ABS(Data!H22)/ABS(Data!H23)),"-") | I15: =IFERROR(IF(OR(NOT(ISNUMBER(Data!I22)),NOT(ISNUMBER(Data!I23))),"-",ABS(Data!I22)/ABS(Data!I23)),"-") | ... L15: =IFERROR(IF(OR(NOT(ISNUMBER(Data!L22)),NOT(ISNUMBER(Data!L23))),"-",ABS(Data!L22)/ABS(Data!L23)),"-") | Q15: =IFERROR(IF(OR(NOT(ISNUMBER(Data!N22)),NOT(ISNUMBER(Data!O22)),NOT(ISNUMBER(Data!P22)),NOT(ISNUMBER(Data!Q22)),NOT(ISNUMBER(Data!N23)),NOT(ISNUMBER(Data!O23)),NOT(ISNUMBER(Data!P23)),NOT(ISNUMBER(Data!Q23))),"-",ABS((Data!N22+Data!O22+Data!P22+Data!Q22))/ABS((Data!N23+Data!O23+Data!P23+Data!Q23))),"-") | R15: =IFERROR(IF(OR(NOT(ISNUMBER(Data!O22)),NOT(ISNUMBER(Data!P22)),NOT(ISNUMBER(Data!Q22)),NOT(ISNUMBER(Data!R22)),NOT(ISNUMBER(Data!O23)),NOT(ISNUMBER(Data!P23)),NOT(ISNUMBER(Data!Q23)),NOT(ISNUMBER(Data!R23))),"-",ABS((Data!O22+Data!P22+Data!Q22+Data!R22))/ABS((Data!O23+Data!P23+Data!Q23+Data!R23))),"-") | S15: =IFERROR(IF(OR(NOT(ISNUMBER(Data!P22)),NOT(ISNUMBER(Data!Q22)),NOT(ISNUMBER(Data!R22)),NOT(ISNUMBER(Data!S22)),NOT(ISNUMBER(Data!P23)),NOT(ISNUMBER(Data!Q23)),NOT(ISNUMBER(Data!R23)),NOT(ISNUMBER(Data!S23))),"-",ABS((Data!P22+Data!Q22+Data!R22+Data!S22))/ABS((Data!P23+Data!Q23+Data!R23+Data!S23))),"-") | T15: =IFERROR(IF(OR(NOT(ISNUMBER(Data!Q22)),NOT(ISNUMBER(Data!R22)),NOT(ISNUMBER(Data!S22)),NOT(ISNUMBER(Data!T22)),NOT(ISNUMBER(Data!Q23)),NOT(ISNUMBER(Data!R23)),NOT(ISNUMBER(Data!S23)),NOT(ISNUMBER(Data!T23))),"-",ABS((Data!Q22+Data!R22+Data!S22+Data!T22))/ABS((Data!Q23+Data!R23+Data!S23+Data!T23))),"-") | U15: =IFERROR(IF(OR(NOT(ISNUMBER(Data!R22)),NOT(ISNUMBER(Data!S22)),NOT(ISNUMBER(Data!T22)),NOT(ISNUMBER(Data!U22)),NOT(ISNUMBER(Data!R23)),NOT(ISNUMBER(Data!S23)),NOT(ISNUMBER(Data!T23)),NOT(ISNUMBER(Data!U23))),"-",ABS((Data!R22+Data!S22+Data!T22+Data!U22))/ABS((Data!R23+Data!S23+Data!T23+Data!U23))),"-") | V15: =IFERROR(IF(OR(NOT(ISNUMBER(Data!S22)),NOT(ISNUMBER(Data!T22)),NOT(ISNUMBER(Data!U22)),NOT(ISNUMBER(Data!V22)),NOT(ISNUMBER(Data!S23)),NOT(ISNUMBER(Data!T23)),NOT(ISNUMBER(Data!U23)),NOT(ISNUMBER(Data!V23))),"-",ABS((Data!S22+Data!T22+Data!U22+Data!V22))/ABS((Data!S23+Data!T23+Data!U23+Data!V23))),"-") | W15: =IFERROR(IF(OR(NOT(ISNUMBER(Data!T22)),NOT(ISNUMBER(Data!U22)),NOT(ISNUMBER(Data!V22)),NOT(ISNUMBER(Data!W22)),NOT(ISNUMBER(Data!T23)),NOT(ISNUMBER(Data!U23)),NOT(ISNUMBER(Data!V23)),NOT(ISNUMBER(Data!W23))),"-",ABS((Data!T22+Data!U22+Data!V22+Data!W22))/ABS((Data!T23+Data!U23+Data!V23+Data!W23))),"-") | X15: =IFERROR(IF(OR(NOT(ISNUMBER(Data!U22)),NOT(ISNUMBER(Data!V22)),NOT(ISNUMBER(Data!W22)),NOT(ISNUMBER(Data!X22)),NOT(ISNUMBER(Data!U23)),NOT(ISNUMBER(Data!V23)),NOT(ISNUMBER(Data!W23)),NOT(ISNUMBER(Data!X23))),"-",ABS((Data!U22+Data!V22+Data!W22+Data!X22))/ABS((Data!U23+Data!V23+Data!W23+Data!X23))),"-") | Y15: =IFERROR(IF(OR(NOT(ISNUMBER(Data!V22)),NOT(ISNUMBER(Data!W22)),NOT(ISNUMBER(Data!X22)),NOT(ISNUMBER(Data!Y22)),NOT(ISNUMBER(Data!V23)),NOT(ISNUMBER(Data!W23)),NOT(ISNUMBER(Data!X23)),NOT(ISNUMBER(Data!Y23))),"-",ABS((Data!V22+Data!W22+Data!X22+Data!Y22))/ABS((Data!V23+Data!W23+Data!X23+Data!Y23))),"-")
A16: Debt / Equity | B16: =IFERROR(IF(OR(NOT(ISNUMBER(Data!B35)),NOT(ISNUMBER(Data!B41))),"-",Data!B35/Data!B41),"-") | C16: =IFERROR(IF(OR(NOT(ISNUMBER(Data!C35)),NOT(ISNUMBER(Data!C41))),"-",Data!C35/Data!C41),"-") | D16: =IFERROR(IF(OR(NOT(ISNUMBER(Data!D35)),NOT(ISNUMBER(Data!D41))),"-",Data!D35/Data!D41),"-") | E16: =IFERROR(IF(OR(NOT(ISNUMBER(Data!E35)),NOT(ISNUMBER(Data!E41))),"-",Data!E35/Data!E41),"-") | F16: =IFERROR(IF(OR(NOT(ISNUMBER(Data!F35)),NOT(ISNUMBER(Data!F41))),"-",Data!F35/Data!F41),"-") | G16: =IFERROR(IF(OR(NOT(ISNUMBER(Data!G35)),NOT(ISNUMBER(Data!G41))),"-",Data!G35/Data!G41),"-") | H16: =IFERROR(IF(OR(NOT(ISNUMBER(Data!H35)),NOT(ISNUMBER(Data!H41))),"-",Data!H35/Data!H41),"-") | I16: =IFERROR(IF(OR(NOT(ISNUMBER(Data!I35)),NOT(ISNUMBER(Data!I41))),"-",Data!I35/Data!I41),"-") | ... L16: =IFERROR(IF(OR(NOT(ISNUMBER(Data!L35)),NOT(ISNUMBER(Data!L41))),"-",Data!L35/Data!L41),"-") | N16: =IFERROR(IF(OR(NOT(ISNUMBER(Data!N35)),NOT(ISNUMBER(Data!N41))),"-",Data!N35/Data!N41),"-") | O16: =IFERROR(IF(OR(NOT(ISNUMBER(Data!O35)),NOT(ISNUMBER(Data!O41))),"-",Data!O35/Data!O41),"-") | P16: =IFERROR(IF(OR(NOT(ISNUMBER(Data!P35)),NOT(ISNUMBER(Data!P41))),"-",Data!P35/Data!P41),"-") | Q16: =IFERROR(IF(OR(NOT(ISNUMBER(Data!Q35)),NOT(ISNUMBER(Data!Q41))),"-",Data!Q35/Data!Q41),"-") | R16: =IFERROR(IF(OR(NOT(ISNUMBER(Data!R35)),NOT(ISNUMBER(Data!R41))),"-",Data!R35/Data!R41),"-") | S16: =IFERROR(IF(OR(NOT(ISNUMBER(Data!S35)),NOT(ISNUMBER(Data!S41))),"-",Data!S35/Data!S41),"-") | T16: =IFERROR(IF(OR(NOT(ISNUMBER(Data!T35)),NOT(ISNUMBER(Data!T41))),"-",Data!T35/Data!T41),"-") | U16: =IFERROR(IF(OR(NOT(ISNUMBER(Data!U35)),NOT(ISNUMBER(Data!U41))),"-",Data!U35/Data!U41),"-") | ... Y16: =IFERROR(IF(OR(NOT(ISNUMBER(Data!Y35)),NOT(ISNUMBER(Data!Y41))),"-",Data!Y35/Data!Y41),"-")
A17: Current Ratio | B17: =IFERROR(IF(OR(NOT(ISNUMBER(Data!B37)),NOT(ISNUMBER(Data!B38))),"-",Data!B37/Data!B38),"-") | C17: =IFERROR(IF(OR(NOT(ISNUMBER(Data!C37)),NOT(ISNUMBER(Data!C38))),"-",Data!C37/Data!C38),"-") | D17: =IFERROR(IF(OR(NOT(ISNUMBER(Data!D37)),NOT(ISNUMBER(Data!D38))),"-",Data!D37/Data!D38),"-") | E17: =IFERROR(IF(OR(NOT(ISNUMBER(Data!E37)),NOT(ISNUMBER(Data!E38))),"-",Data!E37/Data!E38),"-") | F17: =IFERROR(IF(OR(NOT(ISNUMBER(Data!F37)),NOT(ISNUMBER(Data!F38))),"-",Data!F37/Data!F38),"-") | G17: =IFERROR(IF(OR(NOT(ISNUMBER(Data!G37)),NOT(ISNUMBER(Data!G38))),"-",Data!G37/Data!G38),"-") | H17: =IFERROR(IF(OR(NOT(ISNUMBER(Data!H37)),NOT(ISNUMBER(Data!H38))),"-",Data!H37/Data!H38),"-") | I17: =IFERROR(IF(OR(NOT(ISNUMBER(Data!I37)),NOT(ISNUMBER(Data!I38))),"-",Data!I37/Data!I38),"-") | ... L17: =IFERROR(IF(OR(NOT(ISNUMBER(Data!L37)),NOT(ISNUMBER(Data!L38))),"-",Data!L37/Data!L38),"-") | N17: =IFERROR(IF(OR(NOT(ISNUMBER(Data!N37)),NOT(ISNUMBER(Data!N38))),"-",Data!N37/Data!N38),"-") | O17: =IFERROR(IF(OR(NOT(ISNUMBER(Data!O37)),NOT(ISNUMBER(Data!O38))),"-",Data!O37/Data!O38),"-") | P17: =IFERROR(IF(OR(NOT(ISNUMBER(Data!P37)),NOT(ISNUMBER(Data!P38))),"-",Data!P37/Data!P38),"-") | Q17: =IFERROR(IF(OR(NOT(ISNUMBER(Data!Q37)),NOT(ISNUMBER(Data!Q38))),"-",Data!Q37/Data!Q38),"-") | R17: =IFERROR(IF(OR(NOT(ISNUMBER(Data!R37)),NOT(ISNUMBER(Data!R38))),"-",Data!R37/Data!R38),"-") | S17: =IFERROR(IF(OR(NOT(ISNUMBER(Data!S37)),NOT(ISNUMBER(Data!S38))),"-",Data!S37/Data!S38),"-") | T17: =IFERROR(IF(OR(NOT(ISNUMBER(Data!T37)),NOT(ISNUMBER(Data!T38))),"-",Data!T37/Data!T38),"-") | U17: =IFERROR(IF(OR(NOT(ISNUMBER(Data!U37)),NOT(ISNUMBER(Data!U38))),"-",Data!U37/Data!U38),"-") | ... Y17: =IFERROR(IF(OR(NOT(ISNUMBER(Data!Y37)),NOT(ISNUMBER(Data!Y38))),"-",Data!Y37/Data!Y38),"-")
A18: Total Debt / EBITDA | B18: =IFERROR(IF(OR(NOT(ISNUMBER(Data!B35)),NOT(ISNUMBER(Data!B20))),"-",Data!B35/Data!B20),"-") | C18: =IFERROR(IF(OR(NOT(ISNUMBER(Data!C35)),NOT(ISNUMBER(Data!C20))),"-",Data!C35/Data!C20),"-") | D18: =IFERROR(IF(OR(NOT(ISNUMBER(Data!D35)),NOT(ISNUMBER(Data!D20))),"-",Data!D35/Data!D20),"-") | E18: =IFERROR(IF(OR(NOT(ISNUMBER(Data!E35)),NOT(ISNUMBER(Data!E20))),"-",Data!E35/Data!E20),"-") | F18: =IFERROR(IF(OR(NOT(ISNUMBER(Data!F35)),NOT(ISNUMBER(Data!F20))),"-",Data!F35/Data!F20),"-") | G18: =IFERROR(IF(OR(NOT(ISNUMBER(Data!G35)),NOT(ISNUMBER(Data!G20))),"-",Data!G35/Data!G20),"-") | H18: =IFERROR(IF(OR(NOT(ISNUMBER(Data!H35)),NOT(ISNUMBER(Data!H20))),"-",Data!H35/Data!H20),"-") | I18: =IFERROR(IF(OR(NOT(ISNUMBER(Data!I35)),NOT(ISNUMBER(Data!I20))),"-",Data!I35/Data!I20),"-") | ... L18: =IFERROR(IF(OR(NOT(ISNUMBER(Data!L35)),NOT(ISNUMBER(Data!L20))),"-",Data!L35/Data!L20),"-") | Q18: =IFERROR(IF(OR(NOT(ISNUMBER(Data!Q35)),NOT(ISNUMBER(Data!N20)),NOT(ISNUMBER(Data!O20)),NOT(ISNUMBER(Data!P20)),NOT(ISNUMBER(Data!Q20))),"-",Data!Q35/(Data!N20+Data!O20+Data!P20+Data!Q20)),"-") | R18: =IFERROR(IF(OR(NOT(ISNUMBER(Data!R35)),NOT(ISNUMBER(Data!O20)),NOT(ISNUMBER(Data!P20)),NOT(ISNUMBER(Data!Q20)),NOT(ISNUMBER(Data!R20))),"-",Data!R35/(Data!O20+Data!P20+Data!Q20+Data!R20)),"-") | S18: =IFERROR(IF(OR(NOT(ISNUMBER(Data!S35)),NOT(ISNUMBER(Data!P20)),NOT(ISNUMBER(Data!Q20)),NOT(ISNUMBER(Data!R20)),NOT(ISNUMBER(Data!S20))),"-",Data!S35/(Data!P20+Data!Q20+Data!R20+Data!S20)),"-") | T18: =IFERROR(IF(OR(NOT(ISNUMBER(Data!T35)),NOT(ISNUMBER(Data!Q20)),NOT(ISNUMBER(Data!R20)),NOT(ISNUMBER(Data!S20)),NOT(ISNUMBER(Data!T20))),"-",Data!T35/(Data!Q20+Data!R20+Data!S20+Data!T20)),"-") | U18: =IFERROR(IF(OR(NOT(ISNUMBER(Data!U35)),NOT(ISNUMBER(Data!R20)),NOT(ISNUMBER(Data!S20)),NOT(ISNUMBER(Data!T20)),NOT(ISNUMBER(Data!U20))),"-",Data!U35/(Data!R20+Data!S20+Data!T20+Data!U20)),"-") | V18: =IFERROR(IF(OR(NOT(ISNUMBER(Data!V35)),NOT(ISNUMBER(Data!S20)),NOT(ISNUMBER(Data!T20)),NOT(ISNUMBER(Data!U20)),NOT(ISNUMBER(Data!V20))),"-",Data!V35/(Data!S20+Data!T20+Data!U20+Data!V20)),"-") | W18: =IFERROR(IF(OR(NOT(ISNUMBER(Data!W35)),NOT(ISNUMBER(Data!T20)),NOT(ISNUMBER(Data!U20)),NOT(ISNUMBER(Data!V20)),NOT(ISNUMBER(Data!W20))),"-",Data!W35/(Data!T20+Data!U20+Data!V20+Data!W20)),"-") | X18: =IFERROR(IF(OR(NOT(ISNUMBER(Data!X35)),NOT(ISNUMBER(Data!U20)),NOT(ISNUMBER(Data!V20)),NOT(ISNUMBER(Data!W20)),NOT(ISNUMBER(Data!X20))),"-",Data!X35/(Data!U20+Data!V20+Data!W20+Data!X20)),"-") | Y18: =IFERROR(IF(OR(NOT(ISNUMBER(Data!Y35)),NOT(ISNUMBER(Data!V20)),NOT(ISNUMBER(Data!W20)),NOT(ISNUMBER(Data!X20)),NOT(ISNUMBER(Data!Y20))),"-",Data!Y35/(Data!V20+Data!W20+Data!X20+Data!Y20)),"-")
A20: GROWTH RATES (YoY)
A21: Period | B21: =Data!B13 | C21: =Data!C13 | D21: =Data!D13 | E21: =Data!E13 | F21: =Data!F13 | G21: =Data!G13 | H21: =Data!H13 | I21: =Data!I13 | ... L21: =Data!L13
A22: Revenue Growth | C22: =IFERROR(IF(OR(NOT(ISNUMBER(Data!C14)),NOT(ISNUMBER(Data!B14))),"-",(Data!C14-Data!B14)/ABS(Data!B14)),"-") | D22: =IFERROR(IF(OR(NOT(ISNUMBER(Data!D14)),NOT(ISNUMBER(Data!C14))),"-",(Data!D14-Data!C14)/ABS(Data!C14)),"-") | E22: =IFERROR(IF(OR(NOT(ISNUMBER(Data!E14)),NOT(ISNUMBER(Data!D14))),"-",(Data!E14-Data!D14)/ABS(Data!D14)),"-") | F22: =IFERROR(IF(OR(NOT(ISNUMBER(Data!F14)),NOT(ISNUMBER(Data!E14))),"-",(Data!F14-Data!E14)/ABS(Data!E14)),"-") | G22: =IFERROR(IF(OR(NOT(ISNUMBER(Data!G14)),NOT(ISNUMBER(Data!F14))),"-",(Data!G14-Data!F14)/ABS(Data!F14)),"-") | H22: =IFERROR(IF(OR(NOT(ISNUMBER(Data!H14)),NOT(ISNUMBER(Data!G14))),"-",(Data!H14-Data!G14)/ABS(Data!G14)),"-") | I22: =IFERROR(IF(OR(NOT(ISNUMBER(Data!I14)),NOT(ISNUMBER(Data!H14))),"-",(Data!I14-Data!H14)/ABS(Data!H14)),"-") | J22: =IFERROR(IF(OR(NOT(ISNUMBER(Data!J14)),NOT(ISNUMBER(Data!I14))),"-",(Data!J14-Data!I14)/ABS(Data!I14)),"-") | ... L22: =IFERROR(IF(OR(NOT(ISNUMBER(Data!L14)),NOT(ISNUMBER(Data!K14))),"-",(Data!L14-Data!K14)/ABS(Data!K14)),"-")
A23: EBITDA Growth | C23: =IFERROR(IF(OR(NOT(ISNUMBER(Data!C20)),NOT(ISNUMBER(Data!B20))),"-",(Data!C20-Data!B20)/ABS(Data!B20)),"-") | D23: =IFERROR(IF(OR(NOT(ISNUMBER(Data!D20)),NOT(ISNUMBER(Data!C20))),"-",(Data!D20-Data!C20)/ABS(Data!C20)),"-") | E23: =IFERROR(IF(OR(NOT(ISNUMBER(Data!E20)),NOT(ISNUMBER(Data!D20))),"-",(Data!E20-Data!D20)/ABS(Data!D20)),"-") | F23: =IFERROR(IF(OR(NOT(ISNUMBER(Data!F20)),NOT(ISNUMBER(Data!E20))),"-",(Data!F20-Data!E20)/ABS(Data!E20)),"-") | G23: =IFERROR(IF(OR(NOT(ISNUMBER(Data!G20)),NOT(ISNUMBER(Data!F20))),"-",(Data!G20-Data!F20)/ABS(Data!F20)),"-") | H23: =IFERROR(IF(OR(NOT(ISNUMBER(Data!H20)),NOT(ISNUMBER(Data!G20))),"-",(Data!H20-Data!G20)/ABS(Data!G20)),"-") | I23: =IFERROR(IF(OR(NOT(ISNUMBER(Data!I20)),NOT(ISNUMBER(Data!H20))),"-",(Data!I20-Data!H20)/ABS(Data!H20)),"-") | J23: =IFERROR(IF(OR(NOT(ISNUMBER(Data!J20)),NOT(ISNUMBER(Data!I20))),"-",(Data!J20-Data!I20)/ABS(Data!I20)),"-") | ... L23: =IFERROR(IF(OR(NOT(ISNUMBER(Data!L20)),NOT(ISNUMBER(Data!K20))),"-",(Data!L20-Data!K20)/ABS(Data!K20)),"-")
A24: EPS Growth | C24: =IFERROR(IF(OR(NOT(ISNUMBER(Data!C27)),NOT(ISNUMBER(Data!B27))),"-",(Data!C27-Data!B27)/ABS(Data!B27)),"-") | D24: =IFERROR(IF(OR(NOT(ISNUMBER(Data!D27)),NOT(ISNUMBER(Data!C27))),"-",(Data!D27-Data!C27)/ABS(Data!C27)),"-") | E24: =IFERROR(IF(OR(NOT(ISNUMBER(Data!E27)),NOT(ISNUMBER(Data!D27))),"-",(Data!E27-Data!D27)/ABS(Data!D27)),"-") | F24: =IFERROR(IF(OR(NOT(ISNUMBER(Data!F27)),NOT(ISNUMBER(Data!E27))),"-",(Data!F27-Data!E27)/ABS(Data!E27)),"-") | G24: =IFERROR(IF(OR(NOT(ISNUMBER(Data!G27)),NOT(ISNUMBER(Data!F27))),"-",(Data!G27-Data!F27)/ABS(Data!F27)),"-") | H24: =IFERROR(IF(OR(NOT(ISNUMBER(Data!H27)),NOT(ISNUMBER(Data!G27))),"-",(Data!H27-Data!G27)/ABS(Data!G27)),"-") | I24: =IFERROR(IF(OR(NOT(ISNUMBER(Data!I27)),NOT(ISNUMBER(Data!H27))),"-",(Data!I27-Data!H27)/ABS(Data!H27)),"-") | J24: =IFERROR(IF(OR(NOT(ISNUMBER(Data!J27)),NOT(ISNUMBER(Data!I27))),"-",(Data!J27-Data!I27)/ABS(Data!I27)),"-") | ... L24: =IFERROR(IF(OR(NOT(ISNUMBER(Data!L27)),NOT(ISNUMBER(Data!K27))),"-",(Data!L27-Data!K27)/ABS(Data!K27)),"-")
A25: Net Income Growth | C25: =IFERROR(IF(OR(NOT(ISNUMBER(Data!C26)),NOT(ISNUMBER(Data!B26))),"-",(Data!C26-Data!B26)/ABS(Data!B26)),"-") | D25: =IFERROR(IF(OR(NOT(ISNUMBER(Data!D26)),NOT(ISNUMBER(Data!C26))),"-",(Data!D26-Data!C26)/ABS(Data!C26)),"-") | E25: =IFERROR(IF(OR(NOT(ISNUMBER(Data!E26)),NOT(ISNUMBER(Data!D26))),"-",(Data!E26-Data!D26)/ABS(Data!D26)),"-") | F25: =IFERROR(IF(OR(NOT(ISNUMBER(Data!F26)),NOT(ISNUMBER(Data!E26))),"-",(Data!F26-Data!E26)/ABS(Data!E26)),"-") | G25: =IFERROR(IF(OR(NOT(ISNUMBER(Data!G26)),NOT(ISNUMBER(Data!F26))),"-",(Data!G26-Data!F26)/ABS(Data!F26)),"-") | H25: =IFERROR(IF(OR(NOT(ISNUMBER(Data!H26)),NOT(ISNUMBER(Data!G26))),"-",(Data!H26-Data!G26)/ABS(Data!G26)),"-") | I25: =IFERROR(IF(OR(NOT(ISNUMBER(Data!I26)),NOT(ISNUMBER(Data!H26))),"-",(Data!I26-Data!H26)/ABS(Data!H26)),"-") | J25: =IFERROR(IF(OR(NOT(ISNUMBER(Data!J26)),NOT(ISNUMBER(Data!I26))),"-",(Data!J26-Data!I26)/ABS(Data!I26)),"-") | ... L25: =IFERROR(IF(OR(NOT(ISNUMBER(Data!L26)),NOT(ISNUMBER(Data!K26))),"-",(Data!L26-Data!K26)/ABS(Data!K26)),"-")
A26: FCF Growth | C26: =IFERROR(IF(OR(NOT(ISNUMBER(Data!C53)),NOT(ISNUMBER(Data!B53))),"-",(Data!C53-Data!B53)/ABS(Data!B53)),"-") | D26: =IFERROR(IF(OR(NOT(ISNUMBER(Data!D53)),NOT(ISNUMBER(Data!C53))),"-",(Data!D53-Data!C53)/ABS(Data!C53)),"-") | E26: =IFERROR(IF(OR(NOT(ISNUMBER(Data!E53)),NOT(ISNUMBER(Data!D53))),"-",(Data!E53-Data!D53)/ABS(Data!D53)),"-") | F26: =IFERROR(IF(OR(NOT(ISNUMBER(Data!F53)),NOT(ISNUMBER(Data!E53))),"-",(Data!F53-Data!E53)/ABS(Data!E53)),"-") | G26: =IFERROR(IF(OR(NOT(ISNUMBER(Data!G53)),NOT(ISNUMBER(Data!F53))),"-",(Data!G53-Data!F53)/ABS(Data!F53)),"-") | H26: =IFERROR(IF(OR(NOT(ISNUMBER(Data!H53)),NOT(ISNUMBER(Data!G53))),"-",(Data!H53-Data!G53)/ABS(Data!G53)),"-") | I26: =IFERROR(IF(OR(NOT(ISNUMBER(Data!I53)),NOT(ISNUMBER(Data!H53))),"-",(Data!I53-Data!H53)/ABS(Data!H53)),"-") | J26: =IFERROR(IF(OR(NOT(ISNUMBER(Data!J53)),NOT(ISNUMBER(Data!I53))),"-",(Data!J53-Data!I53)/ABS(Data!I53)),"-") | ... L26: =IFERROR(IF(OR(NOT(ISNUMBER(Data!L53)),NOT(ISNUMBER(Data!K53))),"-",(Data!L53-Data!K53)/ABS(Data!K53)),"-")
A27: Diluted Shares (split-adj, M) | B27: =IFERROR(IF(OR(NOT(ISNUMBER(Data!B28))),"-",Data!B28),"-") | C27: =IFERROR(IF(OR(NOT(ISNUMBER(Data!C28))),"-",Data!C28),"-") | D27: =IFERROR(IF(OR(NOT(ISNUMBER(Data!D28))),"-",Data!D28),"-") | E27: =IFERROR(IF(OR(NOT(ISNUMBER(Data!E28))),"-",Data!E28),"-") | F27: =IFERROR(IF(OR(NOT(ISNUMBER(Data!F28))),"-",Data!F28),"-") | G27: =IFERROR(IF(OR(NOT(ISNUMBER(Data!G28))),"-",Data!G28),"-") | H27: =IFERROR(IF(OR(NOT(ISNUMBER(Data!H28))),"-",Data!H28),"-") | I27: =IFERROR(IF(OR(NOT(ISNUMBER(Data!I28))),"-",Data!I28),"-") | ... L27: =IFERROR(IF(OR(NOT(ISNUMBER(Data!L28))),"-",Data!L28),"-")
A28: PER SHARE METRICS
A29: Period | B29: =Data!B13 | C29: =Data!C13 | D29: =Data!D13 | E29: =Data!E13 | F29: =Data!F13 | G29: =Data!G13 | H29: =Data!H13 | I29: =Data!I13 | ... L29: =Data!L13 | N29: Year -2 Q1 | O29: Year -2 Q2 | P29: Year -2 Q3 | Q29: Year -2 Q4 | R29: Year -1 Q1 | S29: Year -1 Q2 | T29: Year -1 Q3 | U29: Year -1 Q4 | V29: Current Year Q1 | W29: Current Year Q2 | X29: Current Year Q3 | Y29: Current Year Q4
A30: Book Value / Share | B30: =IFERROR(IF(OR(NOT(ISNUMBER(Data!B41)),NOT(ISNUMBER(Data!B28))),"-",Data!B41/Data!B28),"-") | C30: =IFERROR(IF(OR(NOT(ISNUMBER(Data!C41)),NOT(ISNUMBER(Data!C28))),"-",Data!C41/Data!C28),"-") | D30: =IFERROR(IF(OR(NOT(ISNUMBER(Data!D41)),NOT(ISNUMBER(Data!D28))),"-",Data!D41/Data!D28),"-") | E30: =IFERROR(IF(OR(NOT(ISNUMBER(Data!E41)),NOT(ISNUMBER(Data!E28))),"-",Data!E41/Data!E28),"-") | F30: =IFERROR(IF(OR(NOT(ISNUMBER(Data!F41)),NOT(ISNUMBER(Data!F28))),"-",Data!F41/Data!F28),"-") | G30: =IFERROR(IF(OR(NOT(ISNUMBER(Data!G41)),NOT(ISNUMBER(Data!G28))),"-",Data!G41/Data!G28),"-") | H30: =IFERROR(IF(OR(NOT(ISNUMBER(Data!H41)),NOT(ISNUMBER(Data!H28))),"-",Data!H41/Data!H28),"-") | I30: =IFERROR(IF(OR(NOT(ISNUMBER(Data!I41)),NOT(ISNUMBER(Data!I28))),"-",Data!I41/Data!I28),"-") | ... L30: =IFERROR(IF(OR(NOT(ISNUMBER(Data!L41)),NOT(ISNUMBER(Data!L28))),"-",Data!L41/Data!L28),"-") | N30: =IFERROR(IF(OR(NOT(ISNUMBER(Data!N41)),NOT(ISNUMBER(Data!N28))),"-",Data!N41/Data!N28),"-") | O30: =IFERROR(IF(OR(NOT(ISNUMBER(Data!O41)),NOT(ISNUMBER(Data!O28))),"-",Data!O41/Data!O28),"-") | P30: =IFERROR(IF(OR(NOT(ISNUMBER(Data!P41)),NOT(ISNUMBER(Data!P28))),"-",Data!P41/Data!P28),"-") | Q30: =IFERROR(IF(OR(NOT(ISNUMBER(Data!Q41)),NOT(ISNUMBER(Data!Q28))),"-",Data!Q41/Data!Q28),"-") | R30: =IFERROR(IF(OR(NOT(ISNUMBER(Data!R41)),NOT(ISNUMBER(Data!R28))),"-",Data!R41/Data!R28),"-") | S30: =IFERROR(IF(OR(NOT(ISNUMBER(Data!S41)),NOT(ISNUMBER(Data!S28))),"-",Data!S41/Data!S28),"-") | T30: =IFERROR(IF(OR(NOT(ISNUMBER(Data!T41)),NOT(ISNUMBER(Data!T28))),"-",Data!T41/Data!T28),"-") | U30: =IFERROR(IF(OR(NOT(ISNUMBER(Data!U41)),NOT(ISNUMBER(Data!U28))),"-",Data!U41/Data!U28),"-") | ... Y30: =IFERROR(IF(OR(NOT(ISNUMBER(Data!Y41)),NOT(ISNUMBER(Data!Y28))),"-",Data!Y41/Data!Y28),"-")
A31: FCF / Share | B31: =IFERROR(IF(OR(NOT(ISNUMBER(Data!B53)),NOT(ISNUMBER(Data!B28))),"-",Data!B53/Data!B28),"-") | C31: =IFERROR(IF(OR(NOT(ISNUMBER(Data!C53)),NOT(ISNUMBER(Data!C28))),"-",Data!C53/Data!C28),"-") | D31: =IFERROR(IF(OR(NOT(ISNUMBER(Data!D53)),NOT(ISNUMBER(Data!D28))),"-",Data!D53/Data!D28),"-") | E31: =IFERROR(IF(OR(NOT(ISNUMBER(Data!E53)),NOT(ISNUMBER(Data!E28))),"-",Data!E53/Data!E28),"-") | F31: =IFERROR(IF(OR(NOT(ISNUMBER(Data!F53)),NOT(ISNUMBER(Data!F28))),"-",Data!F53/Data!F28),"-") | G31: =IFERROR(IF(OR(NOT(ISNUMBER(Data!G53)),NOT(ISNUMBER(Data!G28))),"-",Data!G53/Data!G28),"-") | H31: =IFERROR(IF(OR(NOT(ISNUMBER(Data!H53)),NOT(ISNUMBER(Data!H28))),"-",Data!H53/Data!H28),"-") | I31: =IFERROR(IF(OR(NOT(ISNUMBER(Data!I53)),NOT(ISNUMBER(Data!I28))),"-",Data!I53/Data!I28),"-") | ... L31: =IFERROR(IF(OR(NOT(ISNUMBER(Data!L53)),NOT(ISNUMBER(Data!L28))),"-",Data!L53/Data!L28),"-") | Q31: =IFERROR(IF(OR(NOT(ISNUMBER(Data!N53)),NOT(ISNUMBER(Data!O53)),NOT(ISNUMBER(Data!P53)),NOT(ISNUMBER(Data!Q53)),NOT(ISNUMBER(Data!Q28))),"-",(Data!N53+Data!O53+Data!P53+Data!Q53)/Data!Q28),"-") | R31: =IFERROR(IF(OR(NOT(ISNUMBER(Data!O53)),NOT(ISNUMBER(Data!P53)),NOT(ISNUMBER(Data!Q53)),NOT(ISNUMBER(Data!R53)),NOT(ISNUMBER(Data!R28))),"-",(Data!O53+Data!P53+Data!Q53+Data!R53)/Data!R28),"-") | S31: =IFERROR(IF(OR(NOT(ISNUMBER(Data!P53)),NOT(ISNUMBER(Data!Q53)),NOT(ISNUMBER(Data!R53)),NOT(ISNUMBER(Data!S53)),NOT(ISNUMBER(Data!S28))),"-",(Data!P53+Data!Q53+Data!R53+Data!S53)/Data!S28),"-") | T31: =IFERROR(IF(OR(NOT(ISNUMBER(Data!Q53)),NOT(ISNUMBER(Data!R53)),NOT(ISNUMBER(Data!S53)),NOT(ISNUMBER(Data!T53)),NOT(ISNUMBER(Data!T28))),"-",(Data!Q53+Data!R53+Data!S53+Data!T53)/Data!T28),"-") | U31: =IFERROR(IF(OR(NOT(ISNUMBER(Data!R53)),NOT(ISNUMBER(Data!S53)),NOT(ISNUMBER(Data!T53)),NOT(ISNUMBER(Data!U53)),NOT(ISNUMBER(Data!U28))),"-",(Data!R53+Data!S53+Data!T53+Data!U53)/Data!U28),"-") | V31: =IFERROR(IF(OR(NOT(ISNUMBER(Data!S53)),NOT(ISNUMBER(Data!T53)),NOT(ISNUMBER(Data!U53)),NOT(ISNUMBER(Data!V53)),NOT(ISNUMBER(Data!V28))),"-",(Data!S53+Data!T53+Data!U53+Data!V53)/Data!V28),"-") | W31: =IFERROR(IF(OR(NOT(ISNUMBER(Data!T53)),NOT(ISNUMBER(Data!U53)),NOT(ISNUMBER(Data!V53)),NOT(ISNUMBER(Data!W53)),NOT(ISNUMBER(Data!W28))),"-",(Data!T53+Data!U53+Data!V53+Data!W53)/Data!W28),"-") | X31: =IFERROR(IF(OR(NOT(ISNUMBER(Data!U53)),NOT(ISNUMBER(Data!V53)),NOT(ISNUMBER(Data!W53)),NOT(ISNUMBER(Data!X53)),NOT(ISNUMBER(Data!X28))),"-",(Data!U53+Data!V53+Data!W53+Data!X53)/Data!X28),"-") | Y31: =IFERROR(IF(OR(NOT(ISNUMBER(Data!V53)),NOT(ISNUMBER(Data!W53)),NOT(ISNUMBER(Data!X53)),NOT(ISNUMBER(Data!Y53)),NOT(ISNUMBER(Data!Y28))),"-",(Data!V53+Data!W53+Data!X53+Data!Y53)/Data!Y28),"-")
A32: Revenue / Share | B32: =IFERROR(IF(OR(NOT(ISNUMBER(Data!B14)),NOT(ISNUMBER(Data!B28))),"-",Data!B14/Data!B28),"-") | C32: =IFERROR(IF(OR(NOT(ISNUMBER(Data!C14)),NOT(ISNUMBER(Data!C28))),"-",Data!C14/Data!C28),"-") | D32: =IFERROR(IF(OR(NOT(ISNUMBER(Data!D14)),NOT(ISNUMBER(Data!D28))),"-",Data!D14/Data!D28),"-") | E32: =IFERROR(IF(OR(NOT(ISNUMBER(Data!E14)),NOT(ISNUMBER(Data!E28))),"-",Data!E14/Data!E28),"-") | F32: =IFERROR(IF(OR(NOT(ISNUMBER(Data!F14)),NOT(ISNUMBER(Data!F28))),"-",Data!F14/Data!F28),"-") | G32: =IFERROR(IF(OR(NOT(ISNUMBER(Data!G14)),NOT(ISNUMBER(Data!G28))),"-",Data!G14/Data!G28),"-") | H32: =IFERROR(IF(OR(NOT(ISNUMBER(Data!H14)),NOT(ISNUMBER(Data!H28))),"-",Data!H14/Data!H28),"-") | I32: =IFERROR(IF(OR(NOT(ISNUMBER(Data!I14)),NOT(ISNUMBER(Data!I28))),"-",Data!I14/Data!I28),"-") | ... L32: =IFERROR(IF(OR(NOT(ISNUMBER(Data!L14)),NOT(ISNUMBER(Data!L28))),"-",Data!L14/Data!L28),"-") | Q32: =IFERROR(IF(OR(NOT(ISNUMBER(Data!N14)),NOT(ISNUMBER(Data!O14)),NOT(ISNUMBER(Data!P14)),NOT(ISNUMBER(Data!Q14)),NOT(ISNUMBER(Data!Q28))),"-",(Data!N14+Data!O14+Data!P14+Data!Q14)/Data!Q28),"-") | R32: =IFERROR(IF(OR(NOT(ISNUMBER(Data!O14)),NOT(ISNUMBER(Data!P14)),NOT(ISNUMBER(Data!Q14)),NOT(ISNUMBER(Data!R14)),NOT(ISNUMBER(Data!R28))),"-",(Data!O14+Data!P14+Data!Q14+Data!R14)/Data!R28),"-") | S32: =IFERROR(IF(OR(NOT(ISNUMBER(Data!P14)),NOT(ISNUMBER(Data!Q14)),NOT(ISNUMBER(Data!R14)),NOT(ISNUMBER(Data!S14)),NOT(ISNUMBER(Data!S28))),"-",(Data!P14+Data!Q14+Data!R14+Data!S14)/Data!S28),"-") | T32: =IFERROR(IF(OR(NOT(ISNUMBER(Data!Q14)),NOT(ISNUMBER(Data!R14)),NOT(ISNUMBER(Data!S14)),NOT(ISNUMBER(Data!T14)),NOT(ISNUMBER(Data!T28))),"-",(Data!Q14+Data!R14+Data!S14+Data!T14)/Data!T28),"-") | U32: =IFERROR(IF(OR(NOT(ISNUMBER(Data!R14)),NOT(ISNUMBER(Data!S14)),NOT(ISNUMBER(Data!T14)),NOT(ISNUMBER(Data!U14)),NOT(ISNUMBER(Data!U28))),"-",(Data!R14+Data!S14+Data!T14+Data!U14)/Data!U28),"-") | V32: =IFERROR(IF(OR(NOT(ISNUMBER(Data!S14)),NOT(ISNUMBER(Data!T14)),NOT(ISNUMBER(Data!U14)),NOT(ISNUMBER(Data!V14)),NOT(ISNUMBER(Data!V28))),"-",(Data!S14+Data!T14+Data!U14+Data!V14)/Data!V28),"-") | W32: =IFERROR(IF(OR(NOT(ISNUMBER(Data!T14)),NOT(ISNUMBER(Data!U14)),NOT(ISNUMBER(Data!V14)),NOT(ISNUMBER(Data!W14)),NOT(ISNUMBER(Data!W28))),"-",(Data!T14+Data!U14+Data!V14+Data!W14)/Data!W28),"-") | X32: =IFERROR(IF(OR(NOT(ISNUMBER(Data!U14)),NOT(ISNUMBER(Data!V14)),NOT(ISNUMBER(Data!W14)),NOT(ISNUMBER(Data!X14)),NOT(ISNUMBER(Data!X28))),"-",(Data!U14+Data!V14+Data!W14+Data!X14)/Data!X28),"-") | Y32: =IFERROR(IF(OR(NOT(ISNUMBER(Data!V14)),NOT(ISNUMBER(Data!W14)),NOT(ISNUMBER(Data!X14)),NOT(ISNUMBER(Data!Y14)),NOT(ISNUMBER(Data!Y28))),"-",(Data!V14+Data!W14+Data!X14+Data!Y14)/Data!Y28),"-")
A33: Diluted EPS (split-adj) | B33: =IFERROR(IF(OR(NOT(ISNUMBER(Data!B27))),"-",Data!B27),"-") | C33: =IFERROR(IF(OR(NOT(ISNUMBER(Data!C27))),"-",Data!C27),"-") | D33: =IFERROR(IF(OR(NOT(ISNUMBER(Data!D27))),"-",Data!D27),"-") | E33: =IFERROR(IF(OR(NOT(ISNUMBER(Data!E27))),"-",Data!E27),"-") | F33: =IFERROR(IF(OR(NOT(ISNUMBER(Data!F27))),"-",Data!F27),"-") | G33: =IFERROR(IF(OR(NOT(ISNUMBER(Data!G27))),"-",Data!G27),"-") | H33: =IFERROR(IF(OR(NOT(ISNUMBER(Data!H27))),"-",Data!H27),"-") | I33: =IFERROR(IF(OR(NOT(ISNUMBER(Data!I27))),"-",Data!I27),"-") | ... L33: =IFERROR(IF(OR(NOT(ISNUMBER(Data!L27))),"-",Data!L27),"-")
A34: SOLVENCY & CAPITAL STRUCTURE
A35: Period | B35: =Data!B13 | C35: =Data!C13 | D35: =Data!D13 | E35: =Data!E13 | F35: =Data!F13 | G35: =Data!G13 | H35: =Data!H13 | I35: =Data!I13 | ... L35: =Data!L13
A36: Primary Structure Margin ($M) | B36: =IFERROR(Data!B41-(Data!B39-Data!B37),"-") | C36: =IFERROR(Data!C41-(Data!C39-Data!C37),"-") | D36: =IFERROR(Data!D41-(Data!D39-Data!D37),"-") | E36: =IFERROR(Data!E41-(Data!E39-Data!E37),"-") | F36: =IFERROR(Data!F41-(Data!F39-Data!F37),"-") | G36: =IFERROR(Data!G41-(Data!G39-Data!G37),"-") | H36: =IFERROR(Data!H41-(Data!H39-Data!H37),"-") | I36: =IFERROR(Data!I41-(Data!I39-Data!I37),"-") | ... L36: =IFERROR(Data!L41-(Data!L39-Data!L37),"-")
A37: Primary Structure Ratio | B37: =IFERROR(Data!B41/(Data!B39-Data!B37),"-") | C37: =IFERROR(Data!C41/(Data!C39-Data!C37),"-") | D37: =IFERROR(Data!D41/(Data!D39-Data!D37),"-") | E37: =IFERROR(Data!E41/(Data!E39-Data!E37),"-") | F37: =IFERROR(Data!F41/(Data!F39-Data!F37),"-") | G37: =IFERROR(Data!G41/(Data!G39-Data!G37),"-") | H37: =IFERROR(Data!H41/(Data!H39-Data!H37),"-") | I37: =IFERROR(Data!I41/(Data!I39-Data!I37),"-") | ... L37: =IFERROR(Data!L41/(Data!L39-Data!L37),"-")
A38: Secondary Structure Margin ($M) | B38: =IFERROR((Data!B41+Data!B34)-(Data!B39-Data!B37),"-") | C38: =IFERROR((Data!C41+Data!C34)-(Data!C39-Data!C37),"-") | D38: =IFERROR((Data!D41+Data!D34)-(Data!D39-Data!D37),"-") | E38: =IFERROR((Data!E41+Data!E34)-(Data!E39-Data!E37),"-") | F38: =IFERROR((Data!F41+Data!F34)-(Data!F39-Data!F37),"-") | G38: =IFERROR((Data!G41+Data!G34)-(Data!G39-Data!G37),"-") | H38: =IFERROR((Data!H41+Data!H34)-(Data!H39-Data!H37),"-") | I38: =IFERROR((Data!I41+Data!I34)-(Data!I39-Data!I37),"-") | ... L38: =IFERROR((Data!L41+Data!L34)-(Data!L39-Data!L37),"-")
A39: Secondary Structure Ratio | B39: =IFERROR((Data!B41+Data!B34)/(Data!B39-Data!B37),"-") | C39: =IFERROR((Data!C41+Data!C34)/(Data!C39-Data!C37),"-") | D39: =IFERROR((Data!D41+Data!D34)/(Data!D39-Data!D37),"-") | E39: =IFERROR((Data!E41+Data!E34)/(Data!E39-Data!E37),"-") | F39: =IFERROR((Data!F41+Data!F34)/(Data!F39-Data!F37),"-") | G39: =IFERROR((Data!G41+Data!G34)/(Data!G39-Data!G37),"-") | H39: =IFERROR((Data!H41+Data!H34)/(Data!H39-Data!H37),"-") | I39: =IFERROR((Data!I41+Data!I34)/(Data!I39-Data!I37),"-") | ... L39: =IFERROR((Data!L41+Data!L34)/(Data!L39-Data!L37),"-")
A40: Degree of Asset Rigidity | B40: =IFERROR((Data!B39-Data!B37)/Data!B39,"-") | C40: =IFERROR((Data!C39-Data!C37)/Data!C39,"-") | D40: =IFERROR((Data!D39-Data!D37)/Data!D39,"-") | E40: =IFERROR((Data!E39-Data!E37)/Data!E39,"-") | F40: =IFERROR((Data!F39-Data!F37)/Data!F39,"-") | G40: =IFERROR((Data!G39-Data!G37)/Data!G39,"-") | H40: =IFERROR((Data!H39-Data!H37)/Data!H39,"-") | I40: =IFERROR((Data!I39-Data!I37)/Data!I39,"-") | ... L40: =IFERROR((Data!L39-Data!L37)/Data!L39,"-")
A41: Financial Autonomy (Equity) | B41: =IFERROR(Data!B41/Data!B39,"-") | C41: =IFERROR(Data!C41/Data!C39,"-") | D41: =IFERROR(Data!D41/Data!D39,"-") | E41: =IFERROR(Data!E41/Data!E39,"-") | F41: =IFERROR(Data!F41/Data!F39,"-") | G41: =IFERROR(Data!G41/Data!G39,"-") | H41: =IFERROR(Data!H41/Data!H39,"-") | I41: =IFERROR(Data!I41/Data!I39,"-") | ... L41: =IFERROR(Data!L41/Data!L39,"-")
A42: Financial Autonomy (LT Debt) | B42: =IFERROR((Data!B40-Data!B38)/Data!B39,"-") | C42: =IFERROR((Data!C40-Data!C38)/Data!C39,"-") | D42: =IFERROR((Data!D40-Data!D38)/Data!D39,"-") | E42: =IFERROR((Data!E40-Data!E38)/Data!E39,"-") | F42: =IFERROR((Data!F40-Data!F38)/Data!F39,"-") | G42: =IFERROR((Data!G40-Data!G38)/Data!G39,"-") | H42: =IFERROR((Data!H40-Data!H38)/Data!H39,"-") | I42: =IFERROR((Data!I40-Data!I38)/Data!I39,"-") | ... L42: =IFERROR((Data!L40-Data!L38)/Data!L39,"-")
A43: Financial Autonomy (ST Debt) | B43: =IFERROR(Data!B38/Data!B39,"-") | C43: =IFERROR(Data!C38/Data!C39,"-") | D43: =IFERROR(Data!D38/Data!D39,"-") | E43: =IFERROR(Data!E38/Data!E39,"-") | F43: =IFERROR(Data!F38/Data!F39,"-") | G43: =IFERROR(Data!G38/Data!G39,"-") | H43: =IFERROR(Data!H38/Data!H39,"-") | I43: =IFERROR(Data!I38/Data!I39,"-") | ... L43: =IFERROR(Data!L38/Data!L39,"-")
A44: Debt Index | B44: =IFERROR(Data!B40/Data!B39,"-") | C44: =IFERROR(Data!C40/Data!C39,"-") | D44: =IFERROR(Data!D40/Data!D39,"-") | E44: =IFERROR(Data!E40/Data!E39,"-") | F44: =IFERROR(Data!F40/Data!F39,"-") | G44: =IFERROR(Data!G40/Data!G39,"-") | H44: =IFERROR(Data!H40/Data!H39,"-") | I44: =IFERROR(Data!I40/Data!I39,"-") | ... L44: =IFERROR(Data!L40/Data!L39,"-")
A46: LIQUIDITY RATIOS
A47: Period | B47: =Data!B13 | C47: =Data!C13 | D47: =Data!D13 | E47: =Data!E13 | F47: =Data!F13 | G47: =Data!G13 | H47: =Data!H13 | I47: =Data!I13 | ... L47: =Data!L13 | N47: Year -2 Q1 | O47: Year -2 Q2 | P47: Year -2 Q3 | Q47: Year -2 Q4 | R47: Year -1 Q1 | S47: Year -1 Q2 | T47: Year -1 Q3 | U47: Year -1 Q4 | V47: Current Year Q1 | W47: Current Year Q2 | X47: Current Year Q3 | Y47: Current Year Q4
A48: Working Capital ($M) | B48: =IFERROR(Data!B37-Data!B38,"-") | C48: =IFERROR(Data!C37-Data!C38,"-") | D48: =IFERROR(Data!D37-Data!D38,"-") | E48: =IFERROR(Data!E37-Data!E38,"-") | F48: =IFERROR(Data!F37-Data!F38,"-") | G48: =IFERROR(Data!G37-Data!G38,"-") | H48: =IFERROR(Data!H37-Data!H38,"-") | I48: =IFERROR(Data!I37-Data!I38,"-") | ... L48: =IFERROR(Data!L37-Data!L38,"-") | N48: =IFERROR(IF(OR(NOT(ISNUMBER(Data!N37)),NOT(ISNUMBER(Data!N38))),"-",Data!N37-Data!N38),"-") | O48: =IFERROR(IF(OR(NOT(ISNUMBER(Data!O37)),NOT(ISNUMBER(Data!O38))),"-",Data!O37-Data!O38),"-") | P48: =IFERROR(IF(OR(NOT(ISNUMBER(Data!P37)),NOT(ISNUMBER(Data!P38))),"-",Data!P37-Data!P38),"-") | Q48: =IFERROR(IF(OR(NOT(ISNUMBER(Data!Q37)),NOT(ISNUMBER(Data!Q38))),"-",Data!Q37-Data!Q38),"-") | R48: =IFERROR(IF(OR(NOT(ISNUMBER(Data!R37)),NOT(ISNUMBER(Data!R38))),"-",Data!R37-Data!R38),"-") | S48: =IFERROR(IF(OR(NOT(ISNUMBER(Data!S37)),NOT(ISNUMBER(Data!S38))),"-",Data!S37-Data!S38),"-") | T48: =IFERROR(IF(OR(NOT(ISNUMBER(Data!T37)),NOT(ISNUMBER(Data!T38))),"-",Data!T37-Data!T38),"-") | U48: =IFERROR(IF(OR(NOT(ISNUMBER(Data!U37)),NOT(ISNUMBER(Data!U38))),"-",Data!U37-Data!U38),"-") | ... Y48: =IFERROR(IF(OR(NOT(ISNUMBER(Data!Y37)),NOT(ISNUMBER(Data!Y38))),"-",Data!Y37-Data!Y38),"-")
A49: Quick Ratio | B49: =IFERROR((Data!B37-Data!B47)/Data!B38,"-") | C49: =IFERROR((Data!C37-Data!C47)/Data!C38,"-") | D49: =IFERROR((Data!D37-Data!D47)/Data!D38,"-") | E49: =IFERROR((Data!E37-Data!E47)/Data!E38,"-") | F49: =IFERROR((Data!F37-Data!F47)/Data!F38,"-") | G49: =IFERROR((Data!G37-Data!G47)/Data!G38,"-") | H49: =IFERROR((Data!H37-Data!H47)/Data!H38,"-") | I49: =IFERROR((Data!I37-Data!I47)/Data!I38,"-") | ... L49: =IFERROR((Data!L37-Data!L47)/Data!L38,"-") | N49: =IFERROR(IF(OR(NOT(ISNUMBER(Data!N37)),NOT(ISNUMBER(Data!N47)),NOT(ISNUMBER(Data!N38))),"-",(Data!N37-Data!N47)/Data!N38),"-") | O49: =IFERROR(IF(OR(NOT(ISNUMBER(Data!O37)),NOT(ISNUMBER(Data!O47)),NOT(ISNUMBER(Data!O38))),"-",(Data!O37-Data!O47)/Data!O38),"-") | P49: =IFERROR(IF(OR(NOT(ISNUMBER(Data!P37)),NOT(ISNUMBER(Data!P47)),NOT(ISNUMBER(Data!P38))),"-",(Data!P37-Data!P47)/Data!P38),"-") | Q49: =IFERROR(IF(OR(NOT(ISNUMBER(Data!Q37)),NOT(ISNUMBER(Data!Q47)),NOT(ISNUMBER(Data!Q38))),"-",(Data!Q37-Data!Q47)/Data!Q38),"-") | R49: =IFERROR(IF(OR(NOT(ISNUMBER(Data!R37)),NOT(ISNUMBER(Data!R47)),NOT(ISNUMBER(Data!R38))),"-",(Data!R37-Data!R47)/Data!R38),"-") | S49: =IFERROR(IF(OR(NOT(ISNUMBER(Data!S37)),NOT(ISNUMBER(Data!S47)),NOT(ISNUMBER(Data!S38))),"-",(Data!S37-Data!S47)/Data!S38),"-") | T49: =IFERROR(IF(OR(NOT(ISNUMBER(Data!T37)),NOT(ISNUMBER(Data!T47)),NOT(ISNUMBER(Data!T38))),"-",(Data!T37-Data!T47)/Data!T38),"-") | U49: =IFERROR(IF(OR(NOT(ISNUMBER(Data!U37)),NOT(ISNUMBER(Data!U47)),NOT(ISNUMBER(Data!U38))),"-",(Data!U37-Data!U47)/Data!U38),"-") | ... Y49: =IFERROR(IF(OR(NOT(ISNUMBER(Data!Y37)),NOT(ISNUMBER(Data!Y47)),NOT(ISNUMBER(Data!Y38))),"-",(Data!Y37-Data!Y47)/Data!Y38),"-")
A50: Quick Margin ($M) | B50: =IFERROR((Data!B37-Data!B47)-Data!B38,"-") | C50: =IFERROR((Data!C37-Data!C47)-Data!C38,"-") | D50: =IFERROR((Data!D37-Data!D47)-Data!D38,"-") | E50: =IFERROR((Data!E37-Data!E47)-Data!E38,"-") | F50: =IFERROR((Data!F37-Data!F47)-Data!F38,"-") | G50: =IFERROR((Data!G37-Data!G47)-Data!G38,"-") | H50: =IFERROR((Data!H37-Data!H47)-Data!H38,"-") | I50: =IFERROR((Data!I37-Data!I47)-Data!I38,"-") | ... L50: =IFERROR((Data!L37-Data!L47)-Data!L38,"-")
A51: Cash Ratio | B51: =IFERROR(Data!B32/Data!B38,"-") | C51: =IFERROR(Data!C32/Data!C38,"-") | D51: =IFERROR(Data!D32/Data!D38,"-") | E51: =IFERROR(Data!E32/Data!E38,"-") | F51: =IFERROR(Data!F32/Data!F38,"-") | G51: =IFERROR(Data!G32/Data!G38,"-") | H51: =IFERROR(Data!H32/Data!H38,"-") | I51: =IFERROR(Data!I32/Data!I38,"-") | ... L51: =IFERROR(Data!L32/Data!L38,"-") | N51: =IFERROR(IF(OR(NOT(ISNUMBER(Data!N32)),NOT(ISNUMBER(Data!N38))),"-",Data!N32/Data!N38),"-") | O51: =IFERROR(IF(OR(NOT(ISNUMBER(Data!O32)),NOT(ISNUMBER(Data!O38))),"-",Data!O32/Data!O38),"-") | P51: =IFERROR(IF(OR(NOT(ISNUMBER(Data!P32)),NOT(ISNUMBER(Data!P38))),"-",Data!P32/Data!P38),"-") | Q51: =IFERROR(IF(OR(NOT(ISNUMBER(Data!Q32)),NOT(ISNUMBER(Data!Q38))),"-",Data!Q32/Data!Q38),"-") | R51: =IFERROR(IF(OR(NOT(ISNUMBER(Data!R32)),NOT(ISNUMBER(Data!R38))),"-",Data!R32/Data!R38),"-") | S51: =IFERROR(IF(OR(NOT(ISNUMBER(Data!S32)),NOT(ISNUMBER(Data!S38))),"-",Data!S32/Data!S38),"-") | T51: =IFERROR(IF(OR(NOT(ISNUMBER(Data!T32)),NOT(ISNUMBER(Data!T38))),"-",Data!T32/Data!T38),"-") | U51: =IFERROR(IF(OR(NOT(ISNUMBER(Data!U32)),NOT(ISNUMBER(Data!U38))),"-",Data!U32/Data!U38),"-") | ... Y51: =IFERROR(IF(OR(NOT(ISNUMBER(Data!Y32)),NOT(ISNUMBER(Data!Y38))),"-",Data!Y32/Data!Y38),"-")
A52: Cash Margin ($M) | B52: =IFERROR(Data!B32-Data!B38,"-") | C52: =IFERROR(Data!C32-Data!C38,"-") | D52: =IFERROR(Data!D32-Data!D38,"-") | E52: =IFERROR(Data!E32-Data!E38,"-") | F52: =IFERROR(Data!F32-Data!F38,"-") | G52: =IFERROR(Data!G32-Data!G38,"-") | H52: =IFERROR(Data!H32-Data!H38,"-") | I52: =IFERROR(Data!I32-Data!I38,"-") | ... L52: =IFERROR(Data!L32-Data!L38,"-")
A53: Immediate Liquidity Index | B53: =IFERROR(Data!B32/Data!B39,"-") | C53: =IFERROR(Data!C32/Data!C39,"-") | D53: =IFERROR(Data!D32/Data!D39,"-") | E53: =IFERROR(Data!E32/Data!E39,"-") | F53: =IFERROR(Data!F32/Data!F39,"-") | G53: =IFERROR(Data!G32/Data!G39,"-") | H53: =IFERROR(Data!H32/Data!H39,"-") | I53: =IFERROR(Data!I32/Data!I39,"-") | ... L53: =IFERROR(Data!L32/Data!L39,"-")
A54: Inventory Index | B54: =IFERROR(Data!B47/Data!B39,"-") | C54: =IFERROR(Data!C47/Data!C39,"-") | D54: =IFERROR(Data!D47/Data!D39,"-") | E54: =IFERROR(Data!E47/Data!E39,"-") | F54: =IFERROR(Data!F47/Data!F39,"-") | G54: =IFERROR(Data!G47/Data!G39,"-") | H54: =IFERROR(Data!H47/Data!H39,"-") | I54: =IFERROR(Data!I47/Data!I39,"-") | ... L54: =IFERROR(Data!L47/Data!L39,"-")
A56: EFFICIENCY & ACTIVITY RATIOS
A57: Period | B57: =Data!B13 | C57: =Data!C13 | D57: =Data!D13 | E57: =Data!E13 | F57: =Data!F13 | G57: =Data!G13 | H57: =Data!H13 | I57: =Data!I13 | ... L57: =Data!L13
A58: Inventory Turnover | B58: =IFERROR(IF(OR(NOT(ISNUMBER(Data!B15)),NOT(ISNUMBER(Data!B47))),"-",Data!B15/(Data!B47)),"-") | C58: =IFERROR(IF(OR(NOT(ISNUMBER(Data!C15)),NOT(ISNUMBER(Data!C47)),NOT(ISNUMBER(Data!B47))),"-",Data!C15/((Data!C47+Data!B47)/2)),"-") | D58: =IFERROR(IF(OR(NOT(ISNUMBER(Data!D15)),NOT(ISNUMBER(Data!D47)),NOT(ISNUMBER(Data!C47))),"-",Data!D15/((Data!D47+Data!C47)/2)),"-") | E58: =IFERROR(IF(OR(NOT(ISNUMBER(Data!E15)),NOT(ISNUMBER(Data!E47)),NOT(ISNUMBER(Data!D47))),"-",Data!E15/((Data!E47+Data!D47)/2)),"-") | F58: =IFERROR(IF(OR(NOT(ISNUMBER(Data!F15)),NOT(ISNUMBER(Data!F47)),NOT(ISNUMBER(Data!E47))),"-",Data!F15/((Data!F47+Data!E47)/2)),"-") | G58: =IFERROR(IF(OR(NOT(ISNUMBER(Data!G15)),NOT(ISNUMBER(Data!G47)),NOT(ISNUMBER(Data!F47))),"-",Data!G15/((Data!G47+Data!F47)/2)),"-") | H58: =IFERROR(IF(OR(NOT(ISNUMBER(Data!H15)),NOT(ISNUMBER(Data!H47)),NOT(ISNUMBER(Data!G47))),"-",Data!H15/((Data!H47+Data!G47)/2)),"-") | I58: =IFERROR(IF(OR(NOT(ISNUMBER(Data!I15)),NOT(ISNUMBER(Data!I47)),NOT(ISNUMBER(Data!H47))),"-",Data!I15/((Data!I47+Data!H47)/2)),"-") | J58: =IFERROR(IF(OR(NOT(ISNUMBER(Data!J15)),NOT(ISNUMBER(Data!J47)),NOT(ISNUMBER(Data!I47))),"-",Data!J15/((Data!J47+Data!I47)/2)),"-") | ... L58: =IFERROR(IF(OR(NOT(ISNUMBER(Data!L15)),NOT(ISNUMBER(Data!L47)),NOT(ISNUMBER(Data!K47))),"-",Data!L15/((Data!L47+Data!K47)/2)),"-")
A59: Days Inventory Outstanding | B59: =IFERROR(IF(OR(NOT(ISNUMBER(Data!B47)),NOT(ISNUMBER(Data!B15))),"-",(Data!B47)/Data!B15*365),"-") | C59: =IFERROR(IF(OR(NOT(ISNUMBER(Data!C47)),NOT(ISNUMBER(Data!B47)),NOT(ISNUMBER(Data!C15))),"-",((Data!C47+Data!B47)/2)/Data!C15*365),"-") | D59: =IFERROR(IF(OR(NOT(ISNUMBER(Data!D47)),NOT(ISNUMBER(Data!C47)),NOT(ISNUMBER(Data!D15))),"-",((Data!D47+Data!C47)/2)/Data!D15*365),"-") | E59: =IFERROR(IF(OR(NOT(ISNUMBER(Data!E47)),NOT(ISNUMBER(Data!D47)),NOT(ISNUMBER(Data!E15))),"-",((Data!E47+Data!D47)/2)/Data!E15*365),"-") | F59: =IFERROR(IF(OR(NOT(ISNUMBER(Data!F47)),NOT(ISNUMBER(Data!E47)),NOT(ISNUMBER(Data!F15))),"-",((Data!F47+Data!E47)/2)/Data!F15*365),"-") | G59: =IFERROR(IF(OR(NOT(ISNUMBER(Data!G47)),NOT(ISNUMBER(Data!F47)),NOT(ISNUMBER(Data!G15))),"-",((Data!G47+Data!F47)/2)/Data!G15*365),"-") | H59: =IFERROR(IF(OR(NOT(ISNUMBER(Data!H47)),NOT(ISNUMBER(Data!G47)),NOT(ISNUMBER(Data!H15))),"-",((Data!H47+Data!G47)/2)/Data!H15*365),"-") | I59: =IFERROR(IF(OR(NOT(ISNUMBER(Data!I47)),NOT(ISNUMBER(Data!H47)),NOT(ISNUMBER(Data!I15))),"-",((Data!I47+Data!H47)/2)/Data!I15*365),"-") | J59: =IFERROR(IF(OR(NOT(ISNUMBER(Data!J47)),NOT(ISNUMBER(Data!I47)),NOT(ISNUMBER(Data!J15))),"-",((Data!J47+Data!I47)/2)/Data!J15*365),"-") | ... L59: =IFERROR(IF(OR(NOT(ISNUMBER(Data!L47)),NOT(ISNUMBER(Data!K47)),NOT(ISNUMBER(Data!L15))),"-",((Data!L47+Data!K47)/2)/Data!L15*365),"-")
A60: Receivables Turnover | B60: =IFERROR(IF(OR(NOT(ISNUMBER(Data!B14)),NOT(ISNUMBER(Data!B45))),"-",Data!B14/(Data!B45)),"-") | C60: =IFERROR(IF(OR(NOT(ISNUMBER(Data!C14)),NOT(ISNUMBER(Data!C45)),NOT(ISNUMBER(Data!B45))),"-",Data!C14/((Data!C45+Data!B45)/2)),"-") | D60: =IFERROR(IF(OR(NOT(ISNUMBER(Data!D14)),NOT(ISNUMBER(Data!D45)),NOT(ISNUMBER(Data!C45))),"-",Data!D14/((Data!D45+Data!C45)/2)),"-") | E60: =IFERROR(IF(OR(NOT(ISNUMBER(Data!E14)),NOT(ISNUMBER(Data!E45)),NOT(ISNUMBER(Data!D45))),"-",Data!E14/((Data!E45+Data!D45)/2)),"-") | F60: =IFERROR(IF(OR(NOT(ISNUMBER(Data!F14)),NOT(ISNUMBER(Data!F45)),NOT(ISNUMBER(Data!E45))),"-",Data!F14/((Data!F45+Data!E45)/2)),"-") | G60: =IFERROR(IF(OR(NOT(ISNUMBER(Data!G14)),NOT(ISNUMBER(Data!G45)),NOT(ISNUMBER(Data!F45))),"-",Data!G14/((Data!G45+Data!F45)/2)),"-") | H60: =IFERROR(IF(OR(NOT(ISNUMBER(Data!H14)),NOT(ISNUMBER(Data!H45)),NOT(ISNUMBER(Data!G45))),"-",Data!H14/((Data!H45+Data!G45)/2)),"-") | I60: =IFERROR(IF(OR(NOT(ISNUMBER(Data!I14)),NOT(ISNUMBER(Data!I45)),NOT(ISNUMBER(Data!H45))),"-",Data!I14/((Data!I45+Data!H45)/2)),"-") | J60: =IFERROR(IF(OR(NOT(ISNUMBER(Data!J14)),NOT(ISNUMBER(Data!J45)),NOT(ISNUMBER(Data!I45))),"-",Data!J14/((Data!J45+Data!I45)/2)),"-") | ... L60: =IFERROR(IF(OR(NOT(ISNUMBER(Data!L14)),NOT(ISNUMBER(Data!L45)),NOT(ISNUMBER(Data!K45))),"-",Data!L14/((Data!L45+Data!K45)/2)),"-")
A61: Days Sales Outstanding | B61: =IFERROR(IF(OR(NOT(ISNUMBER(Data!B45)),NOT(ISNUMBER(Data!B14))),"-",(Data!B45)/Data!B14*365),"-") | C61: =IFERROR(IF(OR(NOT(ISNUMBER(Data!C45)),NOT(ISNUMBER(Data!B45)),NOT(ISNUMBER(Data!C14))),"-",((Data!C45+Data!B45)/2)/Data!C14*365),"-") | D61: =IFERROR(IF(OR(NOT(ISNUMBER(Data!D45)),NOT(ISNUMBER(Data!C45)),NOT(ISNUMBER(Data!D14))),"-",((Data!D45+Data!C45)/2)/Data!D14*365),"-") | E61: =IFERROR(IF(OR(NOT(ISNUMBER(Data!E45)),NOT(ISNUMBER(Data!D45)),NOT(ISNUMBER(Data!E14))),"-",((Data!E45+Data!D45)/2)/Data!E14*365),"-") | F61: =IFERROR(IF(OR(NOT(ISNUMBER(Data!F45)),NOT(ISNUMBER(Data!E45)),NOT(ISNUMBER(Data!F14))),"-",((Data!F45+Data!E45)/2)/Data!F14*365),"-") | G61: =IFERROR(IF(OR(NOT(ISNUMBER(Data!G45)),NOT(ISNUMBER(Data!F45)),NOT(ISNUMBER(Data!G14))),"-",((Data!G45+Data!F45)/2)/Data!G14*365),"-") | H61: =IFERROR(IF(OR(NOT(ISNUMBER(Data!H45)),NOT(ISNUMBER(Data!G45)),NOT(ISNUMBER(Data!H14))),"-",((Data!H45+Data!G45)/2)/Data!H14*365),"-") | I61: =IFERROR(IF(OR(NOT(ISNUMBER(Data!I45)),NOT(ISNUMBER(Data!H45)),NOT(ISNUMBER(Data!I14))),"-",((Data!I45+Data!H45)/2)/Data!I14*365),"-") | J61: =IFERROR(IF(OR(NOT(ISNUMBER(Data!J45)),NOT(ISNUMBER(Data!I45)),NOT(ISNUMBER(Data!J14))),"-",((Data!J45+Data!I45)/2)/Data!J14*365),"-") | ... L61: =IFERROR(IF(OR(NOT(ISNUMBER(Data!L45)),NOT(ISNUMBER(Data!K45)),NOT(ISNUMBER(Data!L14))),"-",((Data!L45+Data!K45)/2)/Data!L14*365),"-")
A62: Payables Turnover | B62: =IFERROR(IF(OR(NOT(ISNUMBER(Data!B15)),NOT(ISNUMBER(Data!B46))),"-",Data!B15/(Data!B46)),"-") | C62: =IFERROR(IF(OR(NOT(ISNUMBER(Data!C15)),NOT(ISNUMBER(Data!C46)),NOT(ISNUMBER(Data!B46))),"-",Data!C15/((Data!C46+Data!B46)/2)),"-") | D62: =IFERROR(IF(OR(NOT(ISNUMBER(Data!D15)),NOT(ISNUMBER(Data!D46)),NOT(ISNUMBER(Data!C46))),"-",Data!D15/((Data!D46+Data!C46)/2)),"-") | E62: =IFERROR(IF(OR(NOT(ISNUMBER(Data!E15)),NOT(ISNUMBER(Data!E46)),NOT(ISNUMBER(Data!D46))),"-",Data!E15/((Data!E46+Data!D46)/2)),"-") | F62: =IFERROR(IF(OR(NOT(ISNUMBER(Data!F15)),NOT(ISNUMBER(Data!F46)),NOT(ISNUMBER(Data!E46))),"-",Data!F15/((Data!F46+Data!E46)/2)),"-") | G62: =IFERROR(IF(OR(NOT(ISNUMBER(Data!G15)),NOT(ISNUMBER(Data!G46)),NOT(ISNUMBER(Data!F46))),"-",Data!G15/((Data!G46+Data!F46)/2)),"-") | H62: =IFERROR(IF(OR(NOT(ISNUMBER(Data!H15)),NOT(ISNUMBER(Data!H46)),NOT(ISNUMBER(Data!G46))),"-",Data!H15/((Data!H46+Data!G46)/2)),"-") | I62: =IFERROR(IF(OR(NOT(ISNUMBER(Data!I15)),NOT(ISNUMBER(Data!I46)),NOT(ISNUMBER(Data!H46))),"-",Data!I15/((Data!I46+Data!H46)/2)),"-") | J62: =IFERROR(IF(OR(NOT(ISNUMBER(Data!J15)),NOT(ISNUMBER(Data!J46)),NOT(ISNUMBER(Data!I46))),"-",Data!J15/((Data!J46+Data!I46)/2)),"-") | ... L62: =IFERROR(IF(OR(NOT(ISNUMBER(Data!L15)),NOT(ISNUMBER(Data!L46)),NOT(ISNUMBER(Data!K46))),"-",Data!L15/((Data!L46+Data!K46)/2)),"-")
A63: Days Payables Outstanding | B63: =IFERROR(IF(OR(NOT(ISNUMBER(Data!B46)),NOT(ISNUMBER(Data!B15))),"-",(Data!B46)/Data!B15*365),"-") | C63: =IFERROR(IF(OR(NOT(ISNUMBER(Data!C46)),NOT(ISNUMBER(Data!B46)),NOT(ISNUMBER(Data!C15))),"-",((Data!C46+Data!B46)/2)/Data!C15*365),"-") | D63: =IFERROR(IF(OR(NOT(ISNUMBER(Data!D46)),NOT(ISNUMBER(Data!C46)),NOT(ISNUMBER(Data!D15))),"-",((Data!D46+Data!C46)/2)/Data!D15*365),"-") | E63: =IFERROR(IF(OR(NOT(ISNUMBER(Data!E46)),NOT(ISNUMBER(Data!D46)),NOT(ISNUMBER(Data!E15))),"-",((Data!E46+Data!D46)/2)/Data!E15*365),"-") | F63: =IFERROR(IF(OR(NOT(ISNUMBER(Data!F46)),NOT(ISNUMBER(Data!E46)),NOT(ISNUMBER(Data!F15))),"-",((Data!F46+Data!E46)/2)/Data!F15*365),"-") | G63: =IFERROR(IF(OR(NOT(ISNUMBER(Data!G46)),NOT(ISNUMBER(Data!F46)),NOT(ISNUMBER(Data!G15))),"-",((Data!G46+Data!F46)/2)/Data!G15*365),"-") | H63: =IFERROR(IF(OR(NOT(ISNUMBER(Data!H46)),NOT(ISNUMBER(Data!G46)),NOT(ISNUMBER(Data!H15))),"-",((Data!H46+Data!G46)/2)/Data!H15*365),"-") | I63: =IFERROR(IF(OR(NOT(ISNUMBER(Data!I46)),NOT(ISNUMBER(Data!H46)),NOT(ISNUMBER(Data!I15))),"-",((Data!I46+Data!H46)/2)/Data!I15*365),"-") | J63: =IFERROR(IF(OR(NOT(ISNUMBER(Data!J46)),NOT(ISNUMBER(Data!I46)),NOT(ISNUMBER(Data!J15))),"-",((Data!J46+Data!I46)/2)/Data!J15*365),"-") | ... L63: =IFERROR(IF(OR(NOT(ISNUMBER(Data!L46)),NOT(ISNUMBER(Data!K46)),NOT(ISNUMBER(Data!L15))),"-",((Data!L46+Data!K46)/2)/Data!L15*365),"-")
A64: Cash Conversion Cycle (days) | B64: =IFERROR(IF(OR(NOT(ISNUMBER(Metrics!B59)),NOT(ISNUMBER(Metrics!B61)),NOT(ISNUMBER(Metrics!B63))),"-",Metrics!B59+Metrics!B61-Metrics!B63),"-") | C64: =IFERROR(IF(OR(NOT(ISNUMBER(Metrics!C59)),NOT(ISNUMBER(Metrics!C61)),NOT(ISNUMBER(Metrics!C63))),"-",Metrics!C59+Metrics!C61-Metrics!C63),"-") | D64: =IFERROR(IF(OR(NOT(ISNUMBER(Metrics!D59)),NOT(ISNUMBER(Metrics!D61)),NOT(ISNUMBER(Metrics!D63))),"-",Metrics!D59+Metrics!D61-Metrics!D63),"-") | E64: =IFERROR(IF(OR(NOT(ISNUMBER(Metrics!E59)),NOT(ISNUMBER(Metrics!E61)),NOT(ISNUMBER(Metrics!E63))),"-",Metrics!E59+Metrics!E61-Metrics!E63),"-") | F64: =IFERROR(IF(OR(NOT(ISNUMBER(Metrics!F59)),NOT(ISNUMBER(Metrics!F61)),NOT(ISNUMBER(Metrics!F63))),"-",Metrics!F59+Metrics!F61-Metrics!F63),"-") | G64: =IFERROR(IF(OR(NOT(ISNUMBER(Metrics!G59)),NOT(ISNUMBER(Metrics!G61)),NOT(ISNUMBER(Metrics!G63))),"-",Metrics!G59+Metrics!G61-Metrics!G63),"-") | H64: =IFERROR(IF(OR(NOT(ISNUMBER(Metrics!H59)),NOT(ISNUMBER(Metrics!H61)),NOT(ISNUMBER(Metrics!H63))),"-",Metrics!H59+Metrics!H61-Metrics!H63),"-") | I64: =IFERROR(IF(OR(NOT(ISNUMBER(Metrics!I59)),NOT(ISNUMBER(Metrics!I61)),NOT(ISNUMBER(Metrics!I63))),"-",Metrics!I59+Metrics!I61-Metrics!I63),"-") | ... L64: =IFERROR(IF(OR(NOT(ISNUMBER(Metrics!L59)),NOT(ISNUMBER(Metrics!L61)),NOT(ISNUMBER(Metrics!L63))),"-",Metrics!L59+Metrics!L61-Metrics!L63),"-")
A66: VALUATION & SHAREHOLDER METRICS
A67: Period | B67: =Data!B13 | C67: =Data!C13 | D67: =Data!D13 | E67: =Data!E13 | F67: =Data!F13 | G67: =Data!G13 | H67: =Data!H13 | I67: =Data!I13 | ... L67: =Data!L13 | N67: Year -2 Q1 | O67: Year -2 Q2 | P67: Year -2 Q3 | Q67: Year -2 Q4 | R67: Year -1 Q1 | S67: Year -1 Q2 | T67: Year -1 Q3 | U67: Year -1 Q4 | V67: Current Year Q1 | W67: Current Year Q2 | X67: Current Year Q3 | Y67: Current Year Q4
A68: Return on Capital (ROC) | B68: =IFERROR(Data!B22/(Data!B39-Data!B32),"-") | C68: =IFERROR(Data!C22/(Data!C39-Data!C32),"-") | D68: =IFERROR(Data!D22/(Data!D39-Data!D32),"-") | E68: =IFERROR(Data!E22/(Data!E39-Data!E32),"-") | F68: =IFERROR(Data!F22/(Data!F39-Data!F32),"-") | G68: =IFERROR(Data!G22/(Data!G39-Data!G32),"-") | H68: =IFERROR(Data!H22/(Data!H39-Data!H32),"-") | I68: =IFERROR(Data!I22/(Data!I39-Data!I32),"-") | ... L68: =IFERROR(Data!L22/(Data!L39-Data!L32),"-")
A69: Gross ROE (EBIT/Equity) | B69: =IFERROR(Data!B22/Data!B41,"-") | C69: =IFERROR(Data!C22/Data!C41,"-") | D69: =IFERROR(Data!D22/Data!D41,"-") | E69: =IFERROR(Data!E22/Data!E41,"-") | F69: =IFERROR(Data!F22/Data!F41,"-") | G69: =IFERROR(Data!G22/Data!G41,"-") | H69: =IFERROR(Data!H22/Data!H41,"-") | I69: =IFERROR(Data!I22/Data!I41,"-") | ... L69: =IFERROR(Data!L22/Data!L41,"-")
A70: Hard Assets / Share (PP&E + Cash) | B70: =IFERROR((Data!B44+Data!B32)/Data!B28,"-") | C70: =IFERROR((Data!C44+Data!C32)/Data!C28,"-") | D70: =IFERROR((Data!D44+Data!D32)/Data!D28,"-") | E70: =IFERROR((Data!E44+Data!E32)/Data!E28,"-") | F70: =IFERROR((Data!F44+Data!F32)/Data!F28,"-") | G70: =IFERROR((Data!G44+Data!G32)/Data!G28,"-") | H70: =IFERROR((Data!H44+Data!H32)/Data!H28,"-") | I70: =IFERROR((Data!I44+Data!I32)/Data!I28,"-") | ... L70: =IFERROR((Data!L44+Data!L32)/Data!L28,"-")
A71: Tangible Book Value / Share | B71: =IFERROR((Data!B41-Data!B43)/Data!B28,"-") | C71: =IFERROR((Data!C41-Data!C43)/Data!C28,"-") | D71: =IFERROR((Data!D41-Data!D43)/Data!D28,"-") | E71: =IFERROR((Data!E41-Data!E43)/Data!E28,"-") | F71: =IFERROR((Data!F41-Data!F43)/Data!F28,"-") | G71: =IFERROR((Data!G41-Data!G43)/Data!G28,"-") | H71: =IFERROR((Data!H41-Data!H43)/Data!H28,"-") | I71: =IFERROR((Data!I41-Data!I43)/Data!I28,"-") | ... L71: =IFERROR((Data!L41-Data!L43)/Data!L28,"-")
A72: Asset Turnover | B72: =IFERROR(IF(OR(NOT(ISNUMBER(Data!B14)),NOT(ISNUMBER(Data!B39))),"-",Data!B14/Data!B39),"-") | C72: =IFERROR(IF(OR(NOT(ISNUMBER(Data!C14)),NOT(ISNUMBER(Data!C39))),"-",Data!C14/Data!C39),"-") | D72: =IFERROR(IF(OR(NOT(ISNUMBER(Data!D14)),NOT(ISNUMBER(Data!D39))),"-",Data!D14/Data!D39),"-") | E72: =IFERROR(IF(OR(NOT(ISNUMBER(Data!E14)),NOT(ISNUMBER(Data!E39))),"-",Data!E14/Data!E39),"-") | F72: =IFERROR(IF(OR(NOT(ISNUMBER(Data!F14)),NOT(ISNUMBER(Data!F39))),"-",Data!F14/Data!F39),"-") | G72: =IFERROR(IF(OR(NOT(ISNUMBER(Data!G14)),NOT(ISNUMBER(Data!G39))),"-",Data!G14/Data!G39),"-") | H72: =IFERROR(IF(OR(NOT(ISNUMBER(Data!H14)),NOT(ISNUMBER(Data!H39))),"-",Data!H14/Data!H39),"-") | I72: =IFERROR(IF(OR(NOT(ISNUMBER(Data!I14)),NOT(ISNUMBER(Data!I39))),"-",Data!I14/Data!I39),"-") | ... L72: =IFERROR(IF(OR(NOT(ISNUMBER(Data!L14)),NOT(ISNUMBER(Data!L39))),"-",Data!L14/Data!L39),"-") | Q72: =IFERROR(IF(OR(NOT(ISNUMBER(Data!N14)),NOT(ISNUMBER(Data!O14)),NOT(ISNUMBER(Data!P14)),NOT(ISNUMBER(Data!Q14)),NOT(ISNUMBER(Data!Q39))),"-",(Data!N14+Data!O14+Data!P14+Data!Q14)/Data!Q39),"-") | R72: =IFERROR(IF(OR(NOT(ISNUMBER(Data!O14)),NOT(ISNUMBER(Data!P14)),NOT(ISNUMBER(Data!Q14)),NOT(ISNUMBER(Data!R14)),NOT(ISNUMBER(Data!R39))),"-",(Data!O14+Data!P14+Data!Q14+Data!R14)/Data!R39),"-") | S72: =IFERROR(IF(OR(NOT(ISNUMBER(Data!P14)),NOT(ISNUMBER(Data!Q14)),NOT(ISNUMBER(Data!R14)),NOT(ISNUMBER(Data!S14)),NOT(ISNUMBER(Data!S39))),"-",(Data!P14+Data!Q14+Data!R14+Data!S14)/Data!S39),"-") | T72: =IFERROR(IF(OR(NOT(ISNUMBER(Data!Q14)),NOT(ISNUMBER(Data!R14)),NOT(ISNUMBER(Data!S14)),NOT(ISNUMBER(Data!T14)),NOT(ISNUMBER(Data!T39))),"-",(Data!Q14+Data!R14+Data!S14+Data!T14)/Data!T39),"-") | U72: =IFERROR(IF(OR(NOT(ISNUMBER(Data!R14)),NOT(ISNUMBER(Data!S14)),NOT(ISNUMBER(Data!T14)),NOT(ISNUMBER(Data!U14)),NOT(ISNUMBER(Data!U39))),"-",(Data!R14+Data!S14+Data!T14+Data!U14)/Data!U39),"-") | V72: =IFERROR(IF(OR(NOT(ISNUMBER(Data!S14)),NOT(ISNUMBER(Data!T14)),NOT(ISNUMBER(Data!U14)),NOT(ISNUMBER(Data!V14)),NOT(ISNUMBER(Data!V39))),"-",(Data!S14+Data!T14+Data!U14+Data!V14)/Data!V39),"-") | W72: =IFERROR(IF(OR(NOT(ISNUMBER(Data!T14)),NOT(ISNUMBER(Data!U14)),NOT(ISNUMBER(Data!V14)),NOT(ISNUMBER(Data!W14)),NOT(ISNUMBER(Data!W39))),"-",(Data!T14+Data!U14+Data!V14+Data!W14)/Data!W39),"-") | X72: =IFERROR(IF(OR(NOT(ISNUMBER(Data!U14)),NOT(ISNUMBER(Data!V14)),NOT(ISNUMBER(Data!W14)),NOT(ISNUMBER(Data!X14)),NOT(ISNUMBER(Data!X39))),"-",(Data!U14+Data!V14+Data!W14+Data!X14)/Data!X39),"-") | Y72: =IFERROR(IF(OR(NOT(ISNUMBER(Data!V14)),NOT(ISNUMBER(Data!W14)),NOT(ISNUMBER(Data!X14)),NOT(ISNUMBER(Data!Y14)),NOT(ISNUMBER(Data!Y39))),"-",(Data!V14+Data!W14+Data!X14+Data!Y14)/Data!Y39),"-")
A73: Dividend Payout Ratio | B73: =IFERROR(IF(OR(NOT(ISNUMBER(Data!B55)),NOT(ISNUMBER(Data!B26)),Data!B55=0),"-",ABS(Data!B55)/Data!B26),"-") | C73: =IFERROR(IF(OR(NOT(ISNUMBER(Data!C55)),NOT(ISNUMBER(Data!C26)),Data!C55=0),"-",ABS(Data!C55)/Data!C26),"-") | D73: =IFERROR(IF(OR(NOT(ISNUMBER(Data!D55)),NOT(ISNUMBER(Data!D26)),Data!D55=0),"-",ABS(Data!D55)/Data!D26),"-") | E73: =IFERROR(IF(OR(NOT(ISNUMBER(Data!E55)),NOT(ISNUMBER(Data!E26)),Data!E55=0),"-",ABS(Data!E55)/Data!E26),"-") | F73: =IFERROR(IF(OR(NOT(ISNUMBER(Data!F55)),NOT(ISNUMBER(Data!F26)),Data!F55=0),"-",ABS(Data!F55)/Data!F26),"-") | G73: =IFERROR(IF(OR(NOT(ISNUMBER(Data!G55)),NOT(ISNUMBER(Data!G26)),Data!G55=0),"-",ABS(Data!G55)/Data!G26),"-") | H73: =IFERROR(IF(OR(NOT(ISNUMBER(Data!H55)),NOT(ISNUMBER(Data!H26)),Data!H55=0),"-",ABS(Data!H55)/Data!H26),"-") | I73: =IFERROR(IF(OR(NOT(ISNUMBER(Data!I55)),NOT(ISNUMBER(Data!I26)),Data!I55=0),"-",ABS(Data!I55)/Data!I26),"-") | ... L73: =IFERROR(IF(OR(NOT(ISNUMBER(Data!L55)),NOT(ISNUMBER(Data!L26)),Data!L55=0),"-",ABS(Data!L55)/Data!L26),"-") | Q73: =IFERROR(IF(OR(NOT(ISNUMBER(Data!N55)),NOT(ISNUMBER(Data!O55)),NOT(ISNUMBER(Data!P55)),NOT(ISNUMBER(Data!Q55)),NOT(ISNUMBER(Data!N26)),NOT(ISNUMBER(Data!O26)),NOT(ISNUMBER(Data!P26)),NOT(ISNUMBER(Data!Q26)),(Data!N55+Data!O55+Data!P55+Data!Q55)=0),"-",ABS((Data!N55+Data!O55+Data!P55+Data!Q55))/(Data!N26+Data!O26+Data!P26+Data!Q26)),"-") | R73: =IFERROR(IF(OR(NOT(ISNUMBER(Data!O55)),NOT(ISNUMBER(Data!P55)),NOT(ISNUMBER(Data!Q55)),NOT(ISNUMBER(Data!R55)),NOT(ISNUMBER(Data!O26)),NOT(ISNUMBER(Data!P26)),NOT(ISNUMBER(Data!Q26)),NOT(ISNUMBER(Data!R26)),(Data!O55+Data!P55+Data!Q55+Data!R55)=0),"-",ABS((Data!O55+Data!P55+Data!Q55+Data!R55))/(Data!O26+Data!P26+Data!Q26+Data!R26)),"-") | S73: =IFERROR(IF(OR(NOT(ISNUMBER(Data!P55)),NOT(ISNUMBER(Data!Q55)),NOT(ISNUMBER(Data!R55)),NOT(ISNUMBER(Data!S55)),NOT(ISNUMBER(Data!P26)),NOT(ISNUMBER(Data!Q26)),NOT(ISNUMBER(Data!R26)),NOT(ISNUMBER(Data!S26)),(Data!P55+Data!Q55+Data!R55+Data!S55)=0),"-",ABS((Data!P55+Data!Q55+Data!R55+Data!S55))/(Data!P26+Data!Q26+Data!R26+Data!S26)),"-") | T73: =IFERROR(IF(OR(NOT(ISNUMBER(Data!Q55)),NOT(ISNUMBER(Data!R55)),NOT(ISNUMBER(Data!S55)),NOT(ISNUMBER(Data!T55)),NOT(ISNUMBER(Data!Q26)),NOT(ISNUMBER(Data!R26)),NOT(ISNUMBER(Data!S26)),NOT(ISNUMBER(Data!T26)),(Data!Q55+Data!R55+Data!S55+Data!T55)=0),"-",ABS((Data!Q55+Data!R55+Data!S55+Data!T55))/(Data!Q26+Data!R26+Data!S26+Data!T26)),"-") | U73: =IFERROR(IF(OR(NOT(ISNUMBER(Data!R55)),NOT(ISNUMBER(Data!S55)),NOT(ISNUMBER(Data!T55)),NOT(ISNUMBER(Data!U55)),NOT(ISNUMBER(Data!R26)),NOT(ISNUMBER(Data!S26)),NOT(ISNUMBER(Data!T26)),NOT(ISNUMBER(Data!U26)),(Data!R55+Data!S55+Data!T55+Data!U55)=0),"-",ABS((Data!R55+Data!S55+Data!T55+Data!U55))/(Data!R26+Data!S26+Data!T26+Data!U26)),"-") | V73: =IFERROR(IF(OR(NOT(ISNUMBER(Data!S55)),NOT(ISNUMBER(Data!T55)),NOT(ISNUMBER(Data!U55)),NOT(ISNUMBER(Data!V55)),NOT(ISNUMBER(Data!S26)),NOT(ISNUMBER(Data!T26)),NOT(ISNUMBER(Data!U26)),NOT(ISNUMBER(Data!V26)),(Data!S55+Data!T55+Data!U55+Data!V55)=0),"-",ABS((Data!S55+Data!T55+Data!U55+Data!V55))/(Data!S26+Data!T26+Data!U26+Data!V26)),"-") | W73: =IFERROR(IF(OR(NOT(ISNUMBER(Data!T55)),NOT(ISNUMBER(Data!U55)),NOT(ISNUMBER(Data!V55)),NOT(ISNUMBER(Data!W55)),NOT(ISNUMBER(Data!T26)),NOT(ISNUMBER(Data!U26)),NOT(ISNUMBER(Data!V26)),NOT(ISNUMBER(Data!W26)),(Data!T55+Data!U55+Data!V55+Data!W55)=0),"-",ABS((Data!T55+Data!U55+Data!V55+Data!W55))/(Data!T26+Data!U26+Data!V26+Data!W26)),"-") | X73: =IFERROR(IF(OR(NOT(ISNUMBER(Data!U55)),NOT(ISNUMBER(Data!V55)),NOT(ISNUMBER(Data!W55)),NOT(ISNUMBER(Data!X55)),NOT(ISNUMBER(Data!U26)),NOT(ISNUMBER(Data!V26)),NOT(ISNUMBER(Data!W26)),NOT(ISNUMBER(Data!X26)),(Data!U55+Data!V55+Data!W55+Data!X55)=0),"-",ABS((Data!U55+Data!V55+Data!W55+Data!X55))/(Data!U26+Data!V26+Data!W26+Data!X26)),"-") | Y73: =IFERROR(IF(OR(NOT(ISNUMBER(Data!V55)),NOT(ISNUMBER(Data!W55)),NOT(ISNUMBER(Data!X55)),NOT(ISNUMBER(Data!Y55)),NOT(ISNUMBER(Data!V26)),NOT(ISNUMBER(Data!W26)),NOT(ISNUMBER(Data!X26)),NOT(ISNUMBER(Data!Y26)),(Data!V55+Data!W55+Data!X55+Data!Y55)=0),"-",ABS((Data!V55+Data!W55+Data!X55+Data!Y55))/(Data!V26+Data!W26+Data!X26+Data!Y26)),"-")
A74: SBC / Revenue | B74: =IFERROR(Data!B54/Data!B14,"-") | C74: =IFERROR(Data!C54/Data!C14,"-") | D74: =IFERROR(Data!D54/Data!D14,"-") | E74: =IFERROR(Data!E54/Data!E14,"-") | F74: =IFERROR(Data!F54/Data!F14,"-") | G74: =IFERROR(Data!G54/Data!G14,"-") | H74: =IFERROR(Data!H54/Data!H14,"-") | I74: =IFERROR(Data!I54/Data!I14,"-") | ... L74: =IFERROR(Data!L54/Data!L14,"-")
A75: SBC / FCF | B75: =IFERROR(Data!B54/Data!B53,"-") | C75: =IFERROR(Data!C54/Data!C53,"-") | D75: =IFERROR(Data!D54/Data!D53,"-") | E75: =IFERROR(Data!E54/Data!E53,"-") | F75: =IFERROR(Data!F54/Data!F53,"-") | G75: =IFERROR(Data!G54/Data!G53,"-") | H75: =IFERROR(Data!H54/Data!H53,"-") | I75: =IFERROR(Data!I54/Data!I53,"-") | ... L75: =IFERROR(Data!L54/Data!L53,"-")
A76: FCF Conversion (FCF/NI) | B76: =IFERROR(IF(OR(NOT(ISNUMBER(Data!B53)),NOT(ISNUMBER(Data!B26))),"-",Data!B53/Data!B26),"-") | C76: =IFERROR(IF(OR(NOT(ISNUMBER(Data!C53)),NOT(ISNUMBER(Data!C26))),"-",Data!C53/Data!C26),"-") | D76: =IFERROR(IF(OR(NOT(ISNUMBER(Data!D53)),NOT(ISNUMBER(Data!D26))),"-",Data!D53/Data!D26),"-") | E76: =IFERROR(IF(OR(NOT(ISNUMBER(Data!E53)),NOT(ISNUMBER(Data!E26))),"-",Data!E53/Data!E26),"-") | F76: =IFERROR(IF(OR(NOT(ISNUMBER(Data!F53)),NOT(ISNUMBER(Data!F26))),"-",Data!F53/Data!F26),"-") | G76: =IFERROR(IF(OR(NOT(ISNUMBER(Data!G53)),NOT(ISNUMBER(Data!G26))),"-",Data!G53/Data!G26),"-") | H76: =IFERROR(IF(OR(NOT(ISNUMBER(Data!H53)),NOT(ISNUMBER(Data!H26))),"-",Data!H53/Data!H26),"-") | I76: =IFERROR(IF(OR(NOT(ISNUMBER(Data!I53)),NOT(ISNUMBER(Data!I26))),"-",Data!I53/Data!I26),"-") | ... L76: =IFERROR(IF(OR(NOT(ISNUMBER(Data!L53)),NOT(ISNUMBER(Data!L26))),"-",Data!L53/Data!L26),"-") | Q76: =IFERROR(IF(OR(NOT(ISNUMBER(Data!N53)),NOT(ISNUMBER(Data!O53)),NOT(ISNUMBER(Data!P53)),NOT(ISNUMBER(Data!Q53)),NOT(ISNUMBER(Data!N26)),NOT(ISNUMBER(Data!O26)),NOT(ISNUMBER(Data!P26)),NOT(ISNUMBER(Data!Q26))),"-",(Data!N53+Data!O53+Data!P53+Data!Q53)/(Data!N26+Data!O26+Data!P26+Data!Q26)),"-") | R76: =IFERROR(IF(OR(NOT(ISNUMBER(Data!O53)),NOT(ISNUMBER(Data!P53)),NOT(ISNUMBER(Data!Q53)),NOT(ISNUMBER(Data!R53)),NOT(ISNUMBER(Data!O26)),NOT(ISNUMBER(Data!P26)),NOT(ISNUMBER(Data!Q26)),NOT(ISNUMBER(Data!R26))),"-",(Data!O53+Data!P53+Data!Q53+Data!R53)/(Data!O26+Data!P26+Data!Q26+Data!R26)),"-") | S76: =IFERROR(IF(OR(NOT(ISNUMBER(Data!P53)),NOT(ISNUMBER(Data!Q53)),NOT(ISNUMBER(Data!R53)),NOT(ISNUMBER(Data!S53)),NOT(ISNUMBER(Data!P26)),NOT(ISNUMBER(Data!Q26)),NOT(ISNUMBER(Data!R26)),NOT(ISNUMBER(Data!S26))),"-",(Data!P53+Data!Q53+Data!R53+Data!S53)/(Data!P26+Data!Q26+Data!R26+Data!S26)),"-") | T76: =IFERROR(IF(OR(NOT(ISNUMBER(Data!Q53)),NOT(ISNUMBER(Data!R53)),NOT(ISNUMBER(Data!S53)),NOT(ISNUMBER(Data!T53)),NOT(ISNUMBER(Data!Q26)),NOT(ISNUMBER(Data!R26)),NOT(ISNUMBER(Data!S26)),NOT(ISNUMBER(Data!T26))),"-",(Data!Q53+Data!R53+Data!S53+Data!T53)/(Data!Q26+Data!R26+Data!S26+Data!T26)),"-") | U76: =IFERROR(IF(OR(NOT(ISNUMBER(Data!R53)),NOT(ISNUMBER(Data!S53)),NOT(ISNUMBER(Data!T53)),NOT(ISNUMBER(Data!U53)),NOT(ISNUMBER(Data!R26)),NOT(ISNUMBER(Data!S26)),NOT(ISNUMBER(Data!T26)),NOT(ISNUMBER(Data!U26))),"-",(Data!R53+Data!S53+Data!T53+Data!U53)/(Data!R26+Data!S26+Data!T26+Data!U26)),"-") | V76: =IFERROR(IF(OR(NOT(ISNUMBER(Data!S53)),NOT(ISNUMBER(Data!T53)),NOT(ISNUMBER(Data!U53)),NOT(ISNUMBER(Data!V53)),NOT(ISNUMBER(Data!S26)),NOT(ISNUMBER(Data!T26)),NOT(ISNUMBER(Data!U26)),NOT(ISNUMBER(Data!V26))),"-",(Data!S53+Data!T53+Data!U53+Data!V53)/(Data!S26+Data!T26+Data!U26+Data!V26)),"-") | W76: =IFERROR(IF(OR(NOT(ISNUMBER(Data!T53)),NOT(ISNUMBER(Data!U53)),NOT(ISNUMBER(Data!V53)),NOT(ISNUMBER(Data!W53)),NOT(ISNUMBER(Data!T26)),NOT(ISNUMBER(Data!U26)),NOT(ISNUMBER(Data!V26)),NOT(ISNUMBER(Data!W26))),"-",(Data!T53+Data!U53+Data!V53+Data!W53)/(Data!T26+Data!U26+Data!V26+Data!W26)),"-") | X76: =IFERROR(IF(OR(NOT(ISNUMBER(Data!U53)),NOT(ISNUMBER(Data!V53)),NOT(ISNUMBER(Data!W53)),NOT(ISNUMBER(Data!X53)),NOT(ISNUMBER(Data!U26)),NOT(ISNUMBER(Data!V26)),NOT(ISNUMBER(Data!W26)),NOT(ISNUMBER(Data!X26))),"-",(Data!U53+Data!V53+Data!W53+Data!X53)/(Data!U26+Data!V26+Data!W26+Data!X26)),"-") | Y76: =IFERROR(IF(OR(NOT(ISNUMBER(Data!V53)),NOT(ISNUMBER(Data!W53)),NOT(ISNUMBER(Data!X53)),NOT(ISNUMBER(Data!Y53)),NOT(ISNUMBER(Data!V26)),NOT(ISNUMBER(Data!W26)),NOT(ISNUMBER(Data!X26)),NOT(ISNUMBER(Data!Y26))),"-",(Data!V53+Data!W53+Data!X53+Data!Y53)/(Data!V26+Data!W26+Data!X26+Data!Y26)),"-")
A77: CapEx / Revenue | B77: =IFERROR(IF(OR(NOT(ISNUMBER(Data!B52)),NOT(ISNUMBER(Data!B14)),Data!B52=0),"-",ABS(Data!B52)/Data!B14),"-") | C77: =IFERROR(IF(OR(NOT(ISNUMBER(Data!C52)),NOT(ISNUMBER(Data!C14)),Data!C52=0),"-",ABS(Data!C52)/Data!C14),"-") | D77: =IFERROR(IF(OR(NOT(ISNUMBER(Data!D52)),NOT(ISNUMBER(Data!D14)),Data!D52=0),"-",ABS(Data!D52)/Data!D14),"-") | E77: =IFERROR(IF(OR(NOT(ISNUMBER(Data!E52)),NOT(ISNUMBER(Data!E14)),Data!E52=0),"-",ABS(Data!E52)/Data!E14),"-") | F77: =IFERROR(IF(OR(NOT(ISNUMBER(Data!F52)),NOT(ISNUMBER(Data!F14)),Data!F52=0),"-",ABS(Data!F52)/Data!F14),"-") | G77: =IFERROR(IF(OR(NOT(ISNUMBER(Data!G52)),NOT(ISNUMBER(Data!G14)),Data!G52=0),"-",ABS(Data!G52)/Data!G14),"-") | H77: =IFERROR(IF(OR(NOT(ISNUMBER(Data!H52)),NOT(ISNUMBER(Data!H14)),Data!H52=0),"-",ABS(Data!H52)/Data!H14),"-") | I77: =IFERROR(IF(OR(NOT(ISNUMBER(Data!I52)),NOT(ISNUMBER(Data!I14)),Data!I52=0),"-",ABS(Data!I52)/Data!I14),"-") | ... L77: =IFERROR(IF(OR(NOT(ISNUMBER(Data!L52)),NOT(ISNUMBER(Data!L14)),Data!L52=0),"-",ABS(Data!L52)/Data!L14),"-")
A78: CapEx / D&A | B78: =IFERROR(IF(OR(NOT(ISNUMBER(Data!B52)),NOT(ISNUMBER(Data!B21)),Data!B52=0),"-",ABS(Data!B52)/Data!B21),"-") | C78: =IFERROR(IF(OR(NOT(ISNUMBER(Data!C52)),NOT(ISNUMBER(Data!C21)),Data!C52=0),"-",ABS(Data!C52)/Data!C21),"-") | D78: =IFERROR(IF(OR(NOT(ISNUMBER(Data!D52)),NOT(ISNUMBER(Data!D21)),Data!D52=0),"-",ABS(Data!D52)/Data!D21),"-") | E78: =IFERROR(IF(OR(NOT(ISNUMBER(Data!E52)),NOT(ISNUMBER(Data!E21)),Data!E52=0),"-",ABS(Data!E52)/Data!E21),"-") | F78: =IFERROR(IF(OR(NOT(ISNUMBER(Data!F52)),NOT(ISNUMBER(Data!F21)),Data!F52=0),"-",ABS(Data!F52)/Data!F21),"-") | G78: =IFERROR(IF(OR(NOT(ISNUMBER(Data!G52)),NOT(ISNUMBER(Data!G21)),Data!G52=0),"-",ABS(Data!G52)/Data!G21),"-") | H78: =IFERROR(IF(OR(NOT(ISNUMBER(Data!H52)),NOT(ISNUMBER(Data!H21)),Data!H52=0),"-",ABS(Data!H52)/Data!H21),"-") | I78: =IFERROR(IF(OR(NOT(ISNUMBER(Data!I52)),NOT(ISNUMBER(Data!I21)),Data!I52=0),"-",ABS(Data!I52)/Data!I21),"-") | ... L78: =IFERROR(IF(OR(NOT(ISNUMBER(Data!L52)),NOT(ISNUMBER(Data!L21)),Data!L52=0),"-",ABS(Data!L52)/Data!L21),"-")
A79: Intangibles / Total Assets | B79: =IFERROR(Data!B43/Data!B39,"-") | C79: =IFERROR(Data!C43/Data!C39,"-") | D79: =IFERROR(Data!D43/Data!D39,"-") | E79: =IFERROR(Data!E43/Data!E39,"-") | F79: =IFERROR(Data!F43/Data!F39,"-") | G79: =IFERROR(Data!G43/Data!G39,"-") | H79: =IFERROR(Data!H43/Data!H39,"-") | I79: =IFERROR(Data!I43/Data!I39,"-") | ... L79: =IFERROR(Data!L43/Data!L39,"-")
A80: Net Debt / EBITDA | B80: =IFERROR(IF(OR(NOT(ISNUMBER(Data!B36)),NOT(ISNUMBER(Data!B20))),"-",Data!B36/Data!B20),"-") | C80: =IFERROR(IF(OR(NOT(ISNUMBER(Data!C36)),NOT(ISNUMBER(Data!C20))),"-",Data!C36/Data!C20),"-") | D80: =IFERROR(IF(OR(NOT(ISNUMBER(Data!D36)),NOT(ISNUMBER(Data!D20))),"-",Data!D36/Data!D20),"-") | E80: =IFERROR(IF(OR(NOT(ISNUMBER(Data!E36)),NOT(ISNUMBER(Data!E20))),"-",Data!E36/Data!E20),"-") | F80: =IFERROR(IF(OR(NOT(ISNUMBER(Data!F36)),NOT(ISNUMBER(Data!F20))),"-",Data!F36/Data!F20),"-") | G80: =IFERROR(IF(OR(NOT(ISNUMBER(Data!G36)),NOT(ISNUMBER(Data!G20))),"-",Data!G36/Data!G20),"-") | H80: =IFERROR(IF(OR(NOT(ISNUMBER(Data!H36)),NOT(ISNUMBER(Data!H20))),"-",Data!H36/Data!H20),"-") | I80: =IFERROR(IF(OR(NOT(ISNUMBER(Data!I36)),NOT(ISNUMBER(Data!I20))),"-",Data!I36/Data!I20),"-") | ... L80: =IFERROR(IF(OR(NOT(ISNUMBER(Data!L36)),NOT(ISNUMBER(Data!L20))),"-",Data!L36/Data!L20),"-") | Q80: =IFERROR(IF(OR(NOT(ISNUMBER(Data!Q36)),NOT(ISNUMBER(Data!N20)),NOT(ISNUMBER(Data!O20)),NOT(ISNUMBER(Data!P20)),NOT(ISNUMBER(Data!Q20))),"-",Data!Q36/(Data!N20+Data!O20+Data!P20+Data!Q20)),"-") | R80: =IFERROR(IF(OR(NOT(ISNUMBER(Data!R36)),NOT(ISNUMBER(Data!O20)),NOT(ISNUMBER(Data!P20)),NOT(ISNUMBER(Data!Q20)),NOT(ISNUMBER(Data!R20))),"-",Data!R36/(Data!O20+Data!P20+Data!Q20+Data!R20)),"-") | S80: =IFERROR(IF(OR(NOT(ISNUMBER(Data!S36)),NOT(ISNUMBER(Data!P20)),NOT(ISNUMBER(Data!Q20)),NOT(ISNUMBER(Data!R20)),NOT(ISNUMBER(Data!S20))),"-",Data!S36/(Data!P20+Data!Q20+Data!R20+Data!S20)),"-") | T80: =IFERROR(IF(OR(NOT(ISNUMBER(Data!T36)),NOT(ISNUMBER(Data!Q20)),NOT(ISNUMBER(Data!R20)),NOT(ISNUMBER(Data!S20)),NOT(ISNUMBER(Data!T20))),"-",Data!T36/(Data!Q20+Data!R20+Data!S20+Data!T20)),"-") | U80: =IFERROR(IF(OR(NOT(ISNUMBER(Data!U36)),NOT(ISNUMBER(Data!R20)),NOT(ISNUMBER(Data!S20)),NOT(ISNUMBER(Data!T20)),NOT(ISNUMBER(Data!U20))),"-",Data!U36/(Data!R20+Data!S20+Data!T20+Data!U20)),"-") | V80: =IFERROR(IF(OR(NOT(ISNUMBER(Data!V36)),NOT(ISNUMBER(Data!S20)),NOT(ISNUMBER(Data!T20)),NOT(ISNUMBER(Data!U20)),NOT(ISNUMBER(Data!V20))),"-",Data!V36/(Data!S20+Data!T20+Data!U20+Data!V20)),"-") | W80: =IFERROR(IF(OR(NOT(ISNUMBER(Data!W36)),NOT(ISNUMBER(Data!T20)),NOT(ISNUMBER(Data!U20)),NOT(ISNUMBER(Data!V20)),NOT(ISNUMBER(Data!W20))),"-",Data!W36/(Data!T20+Data!U20+Data!V20+Data!W20)),"-") | X80: =IFERROR(IF(OR(NOT(ISNUMBER(Data!X36)),NOT(ISNUMBER(Data!U20)),NOT(ISNUMBER(Data!V20)),NOT(ISNUMBER(Data!W20)),NOT(ISNUMBER(Data!X20))),"-",Data!X36/(Data!U20+Data!V20+Data!W20+Data!X20)),"-") | Y80: =IFERROR(IF(OR(NOT(ISNUMBER(Data!Y36)),NOT(ISNUMBER(Data!V20)),NOT(ISNUMBER(Data!W20)),NOT(ISNUMBER(Data!X20)),NOT(ISNUMBER(Data!Y20))),"-",Data!Y36/(Data!V20+Data!W20+Data!X20+Data!Y20)),"-")
A81: Effective Tax Rate | B81: =IFERROR(IF(OR(NOT(ISNUMBER(Data!B25)),NOT(ISNUMBER(Data!B24))),"-",Data!B25/Data!B24),"-") | C81: =IFERROR(IF(OR(NOT(ISNUMBER(Data!C25)),NOT(ISNUMBER(Data!C24))),"-",Data!C25/Data!C24),"-") | D81: =IFERROR(IF(OR(NOT(ISNUMBER(Data!D25)),NOT(ISNUMBER(Data!D24))),"-",Data!D25/Data!D24),"-") | E81: =IFERROR(IF(OR(NOT(ISNUMBER(Data!E25)),NOT(ISNUMBER(Data!E24))),"-",Data!E25/Data!E24),"-") | F81: =IFERROR(IF(OR(NOT(ISNUMBER(Data!F25)),NOT(ISNUMBER(Data!F24))),"-",Data!F25/Data!F24),"-") | G81: =IFERROR(IF(OR(NOT(ISNUMBER(Data!G25)),NOT(ISNUMBER(Data!G24))),"-",Data!G25/Data!G24),"-") | H81: =IFERROR(IF(OR(NOT(ISNUMBER(Data!H25)),NOT(ISNUMBER(Data!H24))),"-",Data!H25/Data!H24),"-") | I81: =IFERROR(IF(OR(NOT(ISNUMBER(Data!I25)),NOT(ISNUMBER(Data!I24))),"-",Data!I25/Data!I24),"-") | ... L81: =IFERROR(IF(OR(NOT(ISNUMBER(Data!L25)),NOT(ISNUMBER(Data!L24))),"-",Data!L25/Data!L24),"-") | Q81: =IFERROR(IF(OR(NOT(ISNUMBER(Data!N25)),NOT(ISNUMBER(Data!O25)),NOT(ISNUMBER(Data!P25)),NOT(ISNUMBER(Data!Q25)),NOT(ISNUMBER(Data!N24)),NOT(ISNUMBER(Data!O24)),NOT(ISNUMBER(Data!P24)),NOT(ISNUMBER(Data!Q24))),"-",(Data!N25+Data!O25+Data!P25+Data!Q25)/(Data!N24+Data!O24+Data!P24+Data!Q24)),"-") | R81: =IFERROR(IF(OR(NOT(ISNUMBER(Data!O25)),NOT(ISNUMBER(Data!P25)),NOT(ISNUMBER(Data!Q25)),NOT(ISNUMBER(Data!R25)),NOT(ISNUMBER(Data!O24)),NOT(ISNUMBER(Data!P24)),NOT(ISNUMBER(Data!Q24)),NOT(ISNUMBER(Data!R24))),"-",(Data!O25+Data!P25+Data!Q25+Data!R25)/(Data!O24+Data!P24+Data!Q24+Data!R24)),"-") | S81: =IFERROR(IF(OR(NOT(ISNUMBER(Data!P25)),NOT(ISNUMBER(Data!Q25)),NOT(ISNUMBER(Data!R25)),NOT(ISNUMBER(Data!S25)),NOT(ISNUMBER(Data!P24)),NOT(ISNUMBER(Data!Q24)),NOT(ISNUMBER(Data!R24)),NOT(ISNUMBER(Data!S24))),"-",(Data!P25+Data!Q25+Data!R25+Data!S25)/(Data!P24+Data!Q24+Data!R24+Data!S24)),"-") | T81: =IFERROR(IF(OR(NOT(ISNUMBER(Data!Q25)),NOT(ISNUMBER(Data!R25)),NOT(ISNUMBER(Data!S25)),NOT(ISNUMBER(Data!T25)),NOT(ISNUMBER(Data!Q24)),NOT(ISNUMBER(Data!R24)),NOT(ISNUMBER(Data!S24)),NOT(ISNUMBER(Data!T24))),"-",(Data!Q25+Data!R25+Data!S25+Data!T25)/(Data!Q24+Data!R24+Data!S24+Data!T24)),"-") | U81: =IFERROR(IF(OR(NOT(ISNUMBER(Data!R25)),NOT(ISNUMBER(Data!S25)),NOT(ISNUMBER(Data!T25)),NOT(ISNUMBER(Data!U25)),NOT(ISNUMBER(Data!R24)),NOT(ISNUMBER(Data!S24)),NOT(ISNUMBER(Data!T24)),NOT(ISNUMBER(Data!U24))),"-",(Data!R25+Data!S25+Data!T25+Data!U25)/(Data!R24+Data!S24+Data!T24+Data!U24)),"-") | V81: =IFERROR(IF(OR(NOT(ISNUMBER(Data!S25)),NOT(ISNUMBER(Data!T25)),NOT(ISNUMBER(Data!U25)),NOT(ISNUMBER(Data!V25)),NOT(ISNUMBER(Data!S24)),NOT(ISNUMBER(Data!T24)),NOT(ISNUMBER(Data!U24)),NOT(ISNUMBER(Data!V24))),"-",(Data!S25+Data!T25+Data!U25+Data!V25)/(Data!S24+Data!T24+Data!U24+Data!V24)),"-") | W81: =IFERROR(IF(OR(NOT(ISNUMBER(Data!T25)),NOT(ISNUMBER(Data!U25)),NOT(ISNUMBER(Data!V25)),NOT(ISNUMBER(Data!W25)),NOT(ISNUMBER(Data!T24)),NOT(ISNUMBER(Data!U24)),NOT(ISNUMBER(Data!V24)),NOT(ISNUMBER(Data!W24))),"-",(Data!T25+Data!U25+Data!V25+Data!W25)/(Data!T24+Data!U24+Data!V24+Data!W24)),"-") | X81: =IFERROR(IF(OR(NOT(ISNUMBER(Data!U25)),NOT(ISNUMBER(Data!V25)),NOT(ISNUMBER(Data!W25)),NOT(ISNUMBER(Data!X25)),NOT(ISNUMBER(Data!U24)),NOT(ISNUMBER(Data!V24)),NOT(ISNUMBER(Data!W24)),NOT(ISNUMBER(Data!X24))),"-",(Data!U25+Data!V25+Data!W25+Data!X25)/(Data!U24+Data!V24+Data!W24+Data!X24)),"-") | Y81: =IFERROR(IF(OR(NOT(ISNUMBER(Data!V25)),NOT(ISNUMBER(Data!W25)),NOT(ISNUMBER(Data!X25)),NOT(ISNUMBER(Data!Y25)),NOT(ISNUMBER(Data!V24)),NOT(ISNUMBER(Data!W24)),NOT(ISNUMBER(Data!X24)),NOT(ISNUMBER(Data!Y24))),"-",(Data!V25+Data!W25+Data!X25+Data!Y25)/(Data!V24+Data!W24+Data!X24+Data!Y24)),"-")
A84: SHAREHOLDER METRICS
A85: Period | B85: =Data!B13 | C85: =Data!C13 | D85: =Data!D13 | E85: =Data!E13 | F85: =Data!F13 | G85: =Data!G13 | H85: =Data!H13 | I85: =Data!I13 | ... L85: =Data!L13
A86: Dividend Per Share | B86: =IFERROR(IF(OR(NOT(ISNUMBER(Data!B55)),NOT(ISNUMBER(Data!B28)),Data!B55=0),"-",ABS(Data!B55)/Data!B28),"-") | C86: =IFERROR(IF(OR(NOT(ISNUMBER(Data!C55)),NOT(ISNUMBER(Data!C28)),Data!C55=0),"-",ABS(Data!C55)/Data!C28),"-") | D86: =IFERROR(IF(OR(NOT(ISNUMBER(Data!D55)),NOT(ISNUMBER(Data!D28)),Data!D55=0),"-",ABS(Data!D55)/Data!D28),"-") | E86: =IFERROR(IF(OR(NOT(ISNUMBER(Data!E55)),NOT(ISNUMBER(Data!E28)),Data!E55=0),"-",ABS(Data!E55)/Data!E28),"-") | F86: =IFERROR(IF(OR(NOT(ISNUMBER(Data!F55)),NOT(ISNUMBER(Data!F28)),Data!F55=0),"-",ABS(Data!F55)/Data!F28),"-") | G86: =IFERROR(IF(OR(NOT(ISNUMBER(Data!G55)),NOT(ISNUMBER(Data!G28)),Data!G55=0),"-",ABS(Data!G55)/Data!G28),"-") | H86: =IFERROR(IF(OR(NOT(ISNUMBER(Data!H55)),NOT(ISNUMBER(Data!H28)),Data!H55=0),"-",ABS(Data!H55)/Data!H28),"-") | I86: =IFERROR(IF(OR(NOT(ISNUMBER(Data!I55)),NOT(ISNUMBER(Data!I28)),Data!I55=0),"-",ABS(Data!I55)/Data!I28),"-") | ... L86: =IFERROR(IF(OR(NOT(ISNUMBER(Data!L55)),NOT(ISNUMBER(Data!L28)),Data!L55=0),"-",ABS(Data!L55)/Data!L28),"-")
A87: Dividend Yield (on current price) | B87: =IFERROR(IF(OR(NOT(ISNUMBER(Data!B55)),NOT(ISNUMBER(Data!B28)),NOT(ISNUMBER(Data!$B$8)),Data!B55=0),"-",ABS(Data!B55)/(Data!$B$8*Data!B28)),"-") | C87: =IFERROR(IF(OR(NOT(ISNUMBER(Data!C55)),NOT(ISNUMBER(Data!C28)),NOT(ISNUMBER(Data!$B$8)),Data!C55=0),"-",ABS(Data!C55)/(Data!$B$8*Data!C28)),"-") | D87: =IFERROR(IF(OR(NOT(ISNUMBER(Data!D55)),NOT(ISNUMBER(Data!D28)),NOT(ISNUMBER(Data!$B$8)),Data!D55=0),"-",ABS(Data!D55)/(Data!$B$8*Data!D28)),"-") | E87: =IFERROR(IF(OR(NOT(ISNUMBER(Data!E55)),NOT(ISNUMBER(Data!E28)),NOT(ISNUMBER(Data!$B$8)),Data!E55=0),"-",ABS(Data!E55)/(Data!$B$8*Data!E28)),"-") | F87: =IFERROR(IF(OR(NOT(ISNUMBER(Data!F55)),NOT(ISNUMBER(Data!F28)),NOT(ISNUMBER(Data!$B$8)),Data!F55=0),"-",ABS(Data!F55)/(Data!$B$8*Data!F28)),"-") | G87: =IFERROR(IF(OR(NOT(ISNUMBER(Data!G55)),NOT(ISNUMBER(Data!G28)),NOT(ISNUMBER(Data!$B$8)),Data!G55=0),"-",ABS(Data!G55)/(Data!$B$8*Data!G28)),"-") | H87: =IFERROR(IF(OR(NOT(ISNUMBER(Data!H55)),NOT(ISNUMBER(Data!H28)),NOT(ISNUMBER(Data!$B$8)),Data!H55=0),"-",ABS(Data!H55)/(Data!$B$8*Data!H28)),"-") | I87: =IFERROR(IF(OR(NOT(ISNUMBER(Data!I55)),NOT(ISNUMBER(Data!I28)),NOT(ISNUMBER(Data!$B$8)),Data!I55=0),"-",ABS(Data!I55)/(Data!$B$8*Data!I28)),"-") | ... L87: =IFERROR(IF(OR(NOT(ISNUMBER(Data!L55)),NOT(ISNUMBER(Data!L28)),NOT(ISNUMBER(Data!$B$8)),Data!L55=0),"-",ABS(Data!L55)/(Data!$B$8*Data!L28)),"-")
A88: SBC / Net Income | B88: =IFERROR(IF(OR(NOT(ISNUMBER(Data!B54)),NOT(ISNUMBER(Data!B26))),"-",Data!B54/Data!B26),"-") | C88: =IFERROR(IF(OR(NOT(ISNUMBER(Data!C54)),NOT(ISNUMBER(Data!C26))),"-",Data!C54/Data!C26),"-") | D88: =IFERROR(IF(OR(NOT(ISNUMBER(Data!D54)),NOT(ISNUMBER(Data!D26))),"-",Data!D54/Data!D26),"-") | E88: =IFERROR(IF(OR(NOT(ISNUMBER(Data!E54)),NOT(ISNUMBER(Data!E26))),"-",Data!E54/Data!E26),"-") | F88: =IFERROR(IF(OR(NOT(ISNUMBER(Data!F54)),NOT(ISNUMBER(Data!F26))),"-",Data!F54/Data!F26),"-") | G88: =IFERROR(IF(OR(NOT(ISNUMBER(Data!G54)),NOT(ISNUMBER(Data!G26))),"-",Data!G54/Data!G26),"-") | H88: =IFERROR(IF(OR(NOT(ISNUMBER(Data!H54)),NOT(ISNUMBER(Data!H26))),"-",Data!H54/Data!H26),"-") | I88: =IFERROR(IF(OR(NOT(ISNUMBER(Data!I54)),NOT(ISNUMBER(Data!I26))),"-",Data!I54/Data!I26),"-") | ... L88: =IFERROR(IF(OR(NOT(ISNUMBER(Data!L54)),NOT(ISNUMBER(Data!L26))),"-",Data!L54/Data!L26),"-")
A89: Buyback Yield | B89: =IFERROR(IF(OR(NOT(ISNUMBER(Data!B56)),NOT(ISNUMBER(Data!B28)),NOT(ISNUMBER(Data!$B$8)),Data!B56=0),"-",ABS(Data!B56)/(Data!$B$8*Data!B28)),"-") | C89: =IFERROR(IF(OR(NOT(ISNUMBER(Data!C56)),NOT(ISNUMBER(Data!C28)),NOT(ISNUMBER(Data!$B$8)),Data!C56=0),"-",ABS(Data!C56)/(Data!$B$8*Data!C28)),"-") | D89: =IFERROR(IF(OR(NOT(ISNUMBER(Data!D56)),NOT(ISNUMBER(Data!D28)),NOT(ISNUMBER(Data!$B$8)),Data!D56=0),"-",ABS(Data!D56)/(Data!$B$8*Data!D28)),"-") | E89: =IFERROR(IF(OR(NOT(ISNUMBER(Data!E56)),NOT(ISNUMBER(Data!E28)),NOT(ISNUMBER(Data!$B$8)),Data!E56=0),"-",ABS(Data!E56)/(Data!$B$8*Data!E28)),"-") | F89: =IFERROR(IF(OR(NOT(ISNUMBER(Data!F56)),NOT(ISNUMBER(Data!F28)),NOT(ISNUMBER(Data!$B$8)),Data!F56=0),"-",ABS(Data!F56)/(Data!$B$8*Data!F28)),"-") | G89: =IFERROR(IF(OR(NOT(ISNUMBER(Data!G56)),NOT(ISNUMBER(Data!G28)),NOT(ISNUMBER(Data!$B$8)),Data!G56=0),"-",ABS(Data!G56)/(Data!$B$8*Data!G28)),"-") | H89: =IFERROR(IF(OR(NOT(ISNUMBER(Data!H56)),NOT(ISNUMBER(Data!H28)),NOT(ISNUMBER(Data!$B$8)),Data!H56=0),"-",ABS(Data!H56)/(Data!$B$8*Data!H28)),"-") | I89: =IFERROR(IF(OR(NOT(ISNUMBER(Data!I56)),NOT(ISNUMBER(Data!I28)),NOT(ISNUMBER(Data!$B$8)),Data!I56=0),"-",ABS(Data!I56)/(Data!$B$8*Data!I28)),"-") | ... L89: =IFERROR(IF(OR(NOT(ISNUMBER(Data!L56)),NOT(ISNUMBER(Data!L28)),NOT(ISNUMBER(Data!$B$8)),Data!L56=0),"-",ABS(Data!L56)/(Data!$B$8*Data!L28)),"-")
A90: Total Shareholder Return Yield | B90: =IFERROR(IF(OR(NOT(ISNUMBER(Data!B28)),NOT(ISNUMBER(Data!$B$8))),"-",(ABS(Data!B55)+ABS(Data!B56))/(Data!$B$8*Data!B28)),"-") | C90: =IFERROR(IF(OR(NOT(ISNUMBER(Data!C28)),NOT(ISNUMBER(Data!$B$8))),"-",(ABS(Data!C55)+ABS(Data!C56))/(Data!$B$8*Data!C28)),"-") | D90: =IFERROR(IF(OR(NOT(ISNUMBER(Data!D28)),NOT(ISNUMBER(Data!$B$8))),"-",(ABS(Data!D55)+ABS(Data!D56))/(Data!$B$8*Data!D28)),"-") | E90: =IFERROR(IF(OR(NOT(ISNUMBER(Data!E28)),NOT(ISNUMBER(Data!$B$8))),"-",(ABS(Data!E55)+ABS(Data!E56))/(Data!$B$8*Data!E28)),"-") | F90: =IFERROR(IF(OR(NOT(ISNUMBER(Data!F28)),NOT(ISNUMBER(Data!$B$8))),"-",(ABS(Data!F55)+ABS(Data!F56))/(Data!$B$8*Data!F28)),"-") | G90: =IFERROR(IF(OR(NOT(ISNUMBER(Data!G28)),NOT(ISNUMBER(Data!$B$8))),"-",(ABS(Data!G55)+ABS(Data!G56))/(Data!$B$8*Data!G28)),"-") | H90: =IFERROR(IF(OR(NOT(ISNUMBER(Data!H28)),NOT(ISNUMBER(Data!$B$8))),"-",(ABS(Data!H55)+ABS(Data!H56))/(Data!$B$8*Data!H28)),"-") | I90: =IFERROR(IF(OR(NOT(ISNUMBER(Data!I28)),NOT(ISNUMBER(Data!$B$8))),"-",(ABS(Data!I55)+ABS(Data!I56))/(Data!$B$8*Data!I28)),"-") | ... L90: =IFERROR(IF(OR(NOT(ISNUMBER(Data!L28)),NOT(ISNUMBER(Data!$B$8))),"-",(ABS(Data!L55)+ABS(Data!L56))/(Data!$B$8*Data!L28)),"-")
A91: Price / Tangible Book | B91: =IFERROR(Data!B8/((Data!B41-Data!B43)/Data!B28),"-") | C91: =IFERROR(Data!B8/((Data!C41-Data!C43)/Data!C28),"-") | D91: =IFERROR(Data!B8/((Data!D41-Data!D43)/Data!D28),"-") | E91: =IFERROR(Data!B8/((Data!E41-Data!E43)/Data!E28),"-") | F91: =IFERROR(Data!B8/((Data!F41-Data!F43)/Data!F28),"-") | G91: =IFERROR(Data!B8/((Data!G41-Data!G43)/Data!G28),"-") | H91: =IFERROR(Data!B8/((Data!H41-Data!H43)/Data!H28),"-") | I91: =IFERROR(Data!B8/((Data!I41-Data!I43)/Data!I28),"-") | J91: =IFERROR(Data!B8/((Data!J41-Data!J43)/Data!J28),"-") | K91: =IFERROR(Data!B8/((Data!K41-Data!K43)/Data!K28),"-") | L91: =IFERROR(Data!B8/((Data!L41-Data!L43)/Data!L28),"-")
A93: VALUATION MULTIPLES (at current price)
A94: Period | B94: =Data!B13 | C94: =Data!C13 | D94: =Data!D13 | E94: =Data!E13 | F94: =Data!F13 | G94: =Data!G13 | H94: =Data!H13 | I94: =Data!I13 | ... L94: =Data!L13 | N94: Year -2 Q1 | O94: Year -2 Q2 | P94: Year -2 Q3 | Q94: Year -2 Q4 | R94: Year -1 Q1 | S94: Year -1 Q2 | T94: Year -1 Q3 | U94: Year -1 Q4 | V94: Current Year Q1 | W94: Current Year Q2 | X94: Current Year Q3 | Y94: Current Year Q4
A95: P/E | B95: =IFERROR(IF(OR(NOT(ISNUMBER(Data!$B$8)),NOT(ISNUMBER(Data!B27))),"-",Data!$B$8/Data!B27),"-") | C95: =IFERROR(IF(OR(NOT(ISNUMBER(Data!$B$8)),NOT(ISNUMBER(Data!C27))),"-",Data!$B$8/Data!C27),"-") | D95: =IFERROR(IF(OR(NOT(ISNUMBER(Data!$B$8)),NOT(ISNUMBER(Data!D27))),"-",Data!$B$8/Data!D27),"-") | E95: =IFERROR(IF(OR(NOT(ISNUMBER(Data!$B$8)),NOT(ISNUMBER(Data!E27))),"-",Data!$B$8/Data!E27),"-") | F95: =IFERROR(IF(OR(NOT(ISNUMBER(Data!$B$8)),NOT(ISNUMBER(Data!F27))),"-",Data!$B$8/Data!F27),"-") | G95: =IFERROR(IF(OR(NOT(ISNUMBER(Data!$B$8)),NOT(ISNUMBER(Data!G27))),"-",Data!$B$8/Data!G27),"-") | H95: =IFERROR(IF(OR(NOT(ISNUMBER(Data!$B$8)),NOT(ISNUMBER(Data!H27))),"-",Data!$B$8/Data!H27),"-") | I95: =IFERROR(IF(OR(NOT(ISNUMBER(Data!$B$8)),NOT(ISNUMBER(Data!I27))),"-",Data!$B$8/Data!I27),"-") | ... L95: =IFERROR(IF(OR(NOT(ISNUMBER(Data!$B$8)),NOT(ISNUMBER(Data!L27))),"-",Data!$B$8/Data!L27),"-") | Q95: =IFERROR(IF(OR(NOT(ISNUMBER(Data!$B$8)),NOT(ISNUMBER(Data!N27)),NOT(ISNUMBER(Data!O27)),NOT(ISNUMBER(Data!P27)),NOT(ISNUMBER(Data!Q27))),"-",Data!$B$8/(Data!N27+Data!O27+Data!P27+Data!Q27)),"-") | R95: =IFERROR(IF(OR(NOT(ISNUMBER(Data!$B$8)),NOT(ISNUMBER(Data!O27)),NOT(ISNUMBER(Data!P27)),NOT(ISNUMBER(Data!Q27)),NOT(ISNUMBER(Data!R27))),"-",Data!$B$8/(Data!O27+Data!P27+Data!Q27+Data!R27)),"-") | S95: =IFERROR(IF(OR(NOT(ISNUMBER(Data!$B$8)),NOT(ISNUMBER(Data!P27)),NOT(ISNUMBER(Data!Q27)),NOT(ISNUMBER(Data!R27)),NOT(ISNUMBER(Data!S27))),"-",Data!$B$8/(Data!P27+Data!Q27+Data!R27+Data!S27)),"-") | T95: =IFERROR(IF(OR(NOT(ISNUMBER(Data!$B$8)),NOT(ISNUMBER(Data!Q27)),NOT(ISNUMBER(Data!R27)),NOT(ISNUMBER(Data!S27)),NOT(ISNUMBER(Data!T27))),"-",Data!$B$8/(Data!Q27+Data!R27+Data!S27+Data!T27)),"-") | U95: =IFERROR(IF(OR(NOT(ISNUMBER(Data!$B$8)),NOT(ISNUMBER(Data!R27)),NOT(ISNUMBER(Data!S27)),NOT(ISNUMBER(Data!T27)),NOT(ISNUMBER(Data!U27))),"-",Data!$B$8/(Data!R27+Data!S27+Data!T27+Data!U27)),"-") | V95: =IFERROR(IF(OR(NOT(ISNUMBER(Data!$B$8)),NOT(ISNUMBER(Data!S27)),NOT(ISNUMBER(Data!T27)),NOT(ISNUMBER(Data!U27)),NOT(ISNUMBER(Data!V27))),"-",Data!$B$8/(Data!S27+Data!T27+Data!U27+Data!V27)),"-") | W95: =IFERROR(IF(OR(NOT(ISNUMBER(Data!$B$8)),NOT(ISNUMBER(Data!T27)),NOT(ISNUMBER(Data!U27)),NOT(ISNUMBER(Data!V27)),NOT(ISNUMBER(Data!W27))),"-",Data!$B$8/(Data!T27+Data!U27+Data!V27+Data!W27)),"-") | X95: =IFERROR(IF(OR(NOT(ISNUMBER(Data!$B$8)),NOT(ISNUMBER(Data!U27)),NOT(ISNUMBER(Data!V27)),NOT(ISNUMBER(Data!W27)),NOT(ISNUMBER(Data!X27))),"-",Data!$B$8/(Data!U27+Data!V27+Data!W27+Data!X27)),"-") | Y95: =IFERROR(IF(OR(NOT(ISNUMBER(Data!$B$8)),NOT(ISNUMBER(Data!V27)),NOT(ISNUMBER(Data!W27)),NOT(ISNUMBER(Data!X27)),NOT(ISNUMBER(Data!Y27))),"-",Data!$B$8/(Data!V27+Data!W27+Data!X27+Data!Y27)),"-")
A96: P/S | B96: =IFERROR(IF(OR(NOT(ISNUMBER(Data!$B$8)),NOT(ISNUMBER(Data!B28)),NOT(ISNUMBER(Data!B14))),"-",(Data!$B$8*Data!B28)/Data!B14),"-") | C96: =IFERROR(IF(OR(NOT(ISNUMBER(Data!$B$8)),NOT(ISNUMBER(Data!C28)),NOT(ISNUMBER(Data!C14))),"-",(Data!$B$8*Data!C28)/Data!C14),"-") | D96: =IFERROR(IF(OR(NOT(ISNUMBER(Data!$B$8)),NOT(ISNUMBER(Data!D28)),NOT(ISNUMBER(Data!D14))),"-",(Data!$B$8*Data!D28)/Data!D14),"-") | E96: =IFERROR(IF(OR(NOT(ISNUMBER(Data!$B$8)),NOT(ISNUMBER(Data!E28)),NOT(ISNUMBER(Data!E14))),"-",(Data!$B$8*Data!E28)/Data!E14),"-") | F96: =IFERROR(IF(OR(NOT(ISNUMBER(Data!$B$8)),NOT(ISNUMBER(Data!F28)),NOT(ISNUMBER(Data!F14))),"-",(Data!$B$8*Data!F28)/Data!F14),"-") | G96: =IFERROR(IF(OR(NOT(ISNUMBER(Data!$B$8)),NOT(ISNUMBER(Data!G28)),NOT(ISNUMBER(Data!G14))),"-",(Data!$B$8*Data!G28)/Data!G14),"-") | H96: =IFERROR(IF(OR(NOT(ISNUMBER(Data!$B$8)),NOT(ISNUMBER(Data!H28)),NOT(ISNUMBER(Data!H14))),"-",(Data!$B$8*Data!H28)/Data!H14),"-") | I96: =IFERROR(IF(OR(NOT(ISNUMBER(Data!$B$8)),NOT(ISNUMBER(Data!I28)),NOT(ISNUMBER(Data!I14))),"-",(Data!$B$8*Data!I28)/Data!I14),"-") | ... L96: =IFERROR(IF(OR(NOT(ISNUMBER(Data!$B$8)),NOT(ISNUMBER(Data!L28)),NOT(ISNUMBER(Data!L14))),"-",(Data!$B$8*Data!L28)/Data!L14),"-") | Q96: =IFERROR(IF(OR(NOT(ISNUMBER(Data!$B$8)),NOT(ISNUMBER(Data!Q28)),NOT(ISNUMBER(Data!N14)),NOT(ISNUMBER(Data!O14)),NOT(ISNUMBER(Data!P14)),NOT(ISNUMBER(Data!Q14))),"-",(Data!$B$8*Data!Q28)/(Data!N14+Data!O14+Data!P14+Data!Q14)),"-") | R96: =IFERROR(IF(OR(NOT(ISNUMBER(Data!$B$8)),NOT(ISNUMBER(Data!R28)),NOT(ISNUMBER(Data!O14)),NOT(ISNUMBER(Data!P14)),NOT(ISNUMBER(Data!Q14)),NOT(ISNUMBER(Data!R14))),"-",(Data!$B$8*Data!R28)/(Data!O14+Data!P14+Data!Q14+Data!R14)),"-") | S96: =IFERROR(IF(OR(NOT(ISNUMBER(Data!$B$8)),NOT(ISNUMBER(Data!S28)),NOT(ISNUMBER(Data!P14)),NOT(ISNUMBER(Data!Q14)),NOT(ISNUMBER(Data!R14)),NOT(ISNUMBER(Data!S14))),"-",(Data!$B$8*Data!S28)/(Data!P14+Data!Q14+Data!R14+Data!S14)),"-") | T96: =IFERROR(IF(OR(NOT(ISNUMBER(Data!$B$8)),NOT(ISNUMBER(Data!T28)),NOT(ISNUMBER(Data!Q14)),NOT(ISNUMBER(Data!R14)),NOT(ISNUMBER(Data!S14)),NOT(ISNUMBER(Data!T14))),"-",(Data!$B$8*Data!T28)/(Data!Q14+Data!R14+Data!S14+Data!T14)),"-") | U96: =IFERROR(IF(OR(NOT(ISNUMBER(Data!$B$8)),NOT(ISNUMBER(Data!U28)),NOT(ISNUMBER(Data!R14)),NOT(ISNUMBER(Data!S14)),NOT(ISNUMBER(Data!T14)),NOT(ISNUMBER(Data!U14))),"-",(Data!$B$8*Data!U28)/(Data!R14+Data!S14+Data!T14+Data!U14)),"-") | V96: =IFERROR(IF(OR(NOT(ISNUMBER(Data!$B$8)),NOT(ISNUMBER(Data!V28)),NOT(ISNUMBER(Data!S14)),NOT(ISNUMBER(Data!T14)),NOT(ISNUMBER(Data!U14)),NOT(ISNUMBER(Data!V14))),"-",(Data!$B$8*Data!V28)/(Data!S14+Data!T14+Data!U14+Data!V14)),"-") | W96: =IFERROR(IF(OR(NOT(ISNUMBER(Data!$B$8)),NOT(ISNUMBER(Data!W28)),NOT(ISNUMBER(Data!T14)),NOT(ISNUMBER(Data!U14)),NOT(ISNUMBER(Data!V14)),NOT(ISNUMBER(Data!W14))),"-",(Data!$B$8*Data!W28)/(Data!T14+Data!U14+Data!V14+Data!W14)),"-") | X96: =IFERROR(IF(OR(NOT(ISNUMBER(Data!$B$8)),NOT(ISNUMBER(Data!X28)),NOT(ISNUMBER(Data!U14)),NOT(ISNUMBER(Data!V14)),NOT(ISNUMBER(Data!W14)),NOT(ISNUMBER(Data!X14))),"-",(Data!$B$8*Data!X28)/(Data!U14+Data!V14+Data!W14+Data!X14)),"-") | Y96: =IFERROR(IF(OR(NOT(ISNUMBER(Data!$B$8)),NOT(ISNUMBER(Data!Y28)),NOT(ISNUMBER(Data!V14)),NOT(ISNUMBER(Data!W14)),NOT(ISNUMBER(Data!X14)),NOT(ISNUMBER(Data!Y14))),"-",(Data!$B$8*Data!Y28)/(Data!V14+Data!W14+Data!X14+Data!Y14)),"-")
A97: P/B | B97: =IFERROR(IF(OR(NOT(ISNUMBER(Data!$B$8)),NOT(ISNUMBER(Metrics!B30))),"-",Data!$B$8/Metrics!B30),"-") | C97: =IFERROR(IF(OR(NOT(ISNUMBER(Data!$B$8)),NOT(ISNUMBER(Metrics!C30))),"-",Data!$B$8/Metrics!C30),"-") | D97: =IFERROR(IF(OR(NOT(ISNUMBER(Data!$B$8)),NOT(ISNUMBER(Metrics!D30))),"-",Data!$B$8/Metrics!D30),"-") | E97: =IFERROR(IF(OR(NOT(ISNUMBER(Data!$B$8)),NOT(ISNUMBER(Metrics!E30))),"-",Data!$B$8/Metrics!E30),"-") | F97: =IFERROR(IF(OR(NOT(ISNUMBER(Data!$B$8)),NOT(ISNUMBER(Metrics!F30))),"-",Data!$B$8/Metrics!F30),"-") | G97: =IFERROR(IF(OR(NOT(ISNUMBER(Data!$B$8)),NOT(ISNUMBER(Metrics!G30))),"-",Data!$B$8/Metrics!G30),"-") | H97: =IFERROR(IF(OR(NOT(ISNUMBER(Data!$B$8)),NOT(ISNUMBER(Metrics!H30))),"-",Data!$B$8/Metrics!H30),"-") | I97: =IFERROR(IF(OR(NOT(ISNUMBER(Data!$B$8)),NOT(ISNUMBER(Metrics!I30))),"-",Data!$B$8/Metrics!I30),"-") | ... L97: =IFERROR(IF(OR(NOT(ISNUMBER(Data!$B$8)),NOT(ISNUMBER(Metrics!L30))),"-",Data!$B$8/Metrics!L30),"-") | Q97: =IFERROR(IF(OR(NOT(ISNUMBER(Data!$B$8)),NOT(ISNUMBER(Data!Q41)),NOT(ISNUMBER(Data!Q28))),"-",Data!$B$8/(Data!Q41/Data!Q28)),"-") | R97: =IFERROR(IF(OR(NOT(ISNUMBER(Data!$B$8)),NOT(ISNUMBER(Data!R41)),NOT(ISNUMBER(Data!R28))),"-",Data!$B$8/(Data!R41/Data!R28)),"-") | S97: =IFERROR(IF(OR(NOT(ISNUMBER(Data!$B$8)),NOT(ISNUMBER(Data!S41)),NOT(ISNUMBER(Data!S28))),"-",Data!$B$8/(Data!S41/Data!S28)),"-") | T97: =IFERROR(IF(OR(NOT(ISNUMBER(Data!$B$8)),NOT(ISNUMBER(Data!T41)),NOT(ISNUMBER(Data!T28))),"-",Data!$B$8/(Data!T41/Data!T28)),"-") | U97: =IFERROR(IF(OR(NOT(ISNUMBER(Data!$B$8)),NOT(ISNUMBER(Data!U41)),NOT(ISNUMBER(Data!U28))),"-",Data!$B$8/(Data!U41/Data!U28)),"-") | V97: =IFERROR(IF(OR(NOT(ISNUMBER(Data!$B$8)),NOT(ISNUMBER(Data!V41)),NOT(ISNUMBER(Data!V28))),"-",Data!$B$8/(Data!V41/Data!V28)),"-") | W97: =IFERROR(IF(OR(NOT(ISNUMBER(Data!$B$8)),NOT(ISNUMBER(Data!W41)),NOT(ISNUMBER(Data!W28))),"-",Data!$B$8/(Data!W41/Data!W28)),"-") | X97: =IFERROR(IF(OR(NOT(ISNUMBER(Data!$B$8)),NOT(ISNUMBER(Data!X41)),NOT(ISNUMBER(Data!X28))),"-",Data!$B$8/(Data!X41/Data!X28)),"-") | Y97: =IFERROR(IF(OR(NOT(ISNUMBER(Data!$B$8)),NOT(ISNUMBER(Data!Y41)),NOT(ISNUMBER(Data!Y28))),"-",Data!$B$8/(Data!Y41/Data!Y28)),"-")
A98: P/FCF | B98: =IFERROR(IF(OR(NOT(ISNUMBER(Data!$B$8)),NOT(ISNUMBER(Metrics!B31))),"-",Data!$B$8/Metrics!B31),"-") | C98: =IFERROR(IF(OR(NOT(ISNUMBER(Data!$B$8)),NOT(ISNUMBER(Metrics!C31))),"-",Data!$B$8/Metrics!C31),"-") | D98: =IFERROR(IF(OR(NOT(ISNUMBER(Data!$B$8)),NOT(ISNUMBER(Metrics!D31))),"-",Data!$B$8/Metrics!D31),"-") | E98: =IFERROR(IF(OR(NOT(ISNUMBER(Data!$B$8)),NOT(ISNUMBER(Metrics!E31))),"-",Data!$B$8/Metrics!E31),"-") | F98: =IFERROR(IF(OR(NOT(ISNUMBER(Data!$B$8)),NOT(ISNUMBER(Metrics!F31))),"-",Data!$B$8/Metrics!F31),"-") | G98: =IFERROR(IF(OR(NOT(ISNUMBER(Data!$B$8)),NOT(ISNUMBER(Metrics!G31))),"-",Data!$B$8/Metrics!G31),"-") | H98: =IFERROR(IF(OR(NOT(ISNUMBER(Data!$B$8)),NOT(ISNUMBER(Metrics!H31))),"-",Data!$B$8/Metrics!H31),"-") | I98: =IFERROR(IF(OR(NOT(ISNUMBER(Data!$B$8)),NOT(ISNUMBER(Metrics!I31))),"-",Data!$B$8/Metrics!I31),"-") | ... L98: =IFERROR(IF(OR(NOT(ISNUMBER(Data!$B$8)),NOT(ISNUMBER(Metrics!L31))),"-",Data!$B$8/Metrics!L31),"-") | Q98: =IFERROR(IF(OR(NOT(ISNUMBER(Data!$B$8)),NOT(ISNUMBER(Data!Q28)),NOT(ISNUMBER(Data!N53)),NOT(ISNUMBER(Data!O53)),NOT(ISNUMBER(Data!P53)),NOT(ISNUMBER(Data!Q53))),"-",Data!$B$8/((Data!N53+Data!O53+Data!P53+Data!Q53)/Data!Q28)),"-") | R98: =IFERROR(IF(OR(NOT(ISNUMBER(Data!$B$8)),NOT(ISNUMBER(Data!R28)),NOT(ISNUMBER(Data!O53)),NOT(ISNUMBER(Data!P53)),NOT(ISNUMBER(Data!Q53)),NOT(ISNUMBER(Data!R53))),"-",Data!$B$8/((Data!O53+Data!P53+Data!Q53+Data!R53)/Data!R28)),"-") | S98: =IFERROR(IF(OR(NOT(ISNUMBER(Data!$B$8)),NOT(ISNUMBER(Data!S28)),NOT(ISNUMBER(Data!P53)),NOT(ISNUMBER(Data!Q53)),NOT(ISNUMBER(Data!R53)),NOT(ISNUMBER(Data!S53))),"-",Data!$B$8/((Data!P53+Data!Q53+Data!R53+Data!S53)/Data!S28)),"-") | T98: =IFERROR(IF(OR(NOT(ISNUMBER(Data!$B$8)),NOT(ISNUMBER(Data!T28)),NOT(ISNUMBER(Data!Q53)),NOT(ISNUMBER(Data!R53)),NOT(ISNUMBER(Data!S53)),NOT(ISNUMBER(Data!T53))),"-",Data!$B$8/((Data!Q53+Data!R53+Data!S53+Data!T53)/Data!T28)),"-") | U98: =IFERROR(IF(OR(NOT(ISNUMBER(Data!$B$8)),NOT(ISNUMBER(Data!U28)),NOT(ISNUMBER(Data!R53)),NOT(ISNUMBER(Data!S53)),NOT(ISNUMBER(Data!T53)),NOT(ISNUMBER(Data!U53))),"-",Data!$B$8/((Data!R53+Data!S53+Data!T53+Data!U53)/Data!U28)),"-") | V98: =IFERROR(IF(OR(NOT(ISNUMBER(Data!$B$8)),NOT(ISNUMBER(Data!V28)),NOT(ISNUMBER(Data!S53)),NOT(ISNUMBER(Data!T53)),NOT(ISNUMBER(Data!U53)),NOT(ISNUMBER(Data!V53))),"-",Data!$B$8/((Data!S53+Data!T53+Data!U53+Data!V53)/Data!V28)),"-") | W98: =IFERROR(IF(OR(NOT(ISNUMBER(Data!$B$8)),NOT(ISNUMBER(Data!W28)),NOT(ISNUMBER(Data!T53)),NOT(ISNUMBER(Data!U53)),NOT(ISNUMBER(Data!V53)),NOT(ISNUMBER(Data!W53))),"-",Data!$B$8/((Data!T53+Data!U53+Data!V53+Data!W53)/Data!W28)),"-") | X98: =IFERROR(IF(OR(NOT(ISNUMBER(Data!$B$8)),NOT(ISNUMBER(Data!X28)),NOT(ISNUMBER(Data!U53)),NOT(ISNUMBER(Data!V53)),NOT(ISNUMBER(Data!W53)),NOT(ISNUMBER(Data!X53))),"-",Data!$B$8/((Data!U53+Data!V53+Data!W53+Data!X53)/Data!X28)),"-") | Y98: =IFERROR(IF(OR(NOT(ISNUMBER(Data!$B$8)),NOT(ISNUMBER(Data!Y28)),NOT(ISNUMBER(Data!V53)),NOT(ISNUMBER(Data!W53)),NOT(ISNUMBER(Data!X53)),NOT(ISNUMBER(Data!Y53))),"-",Data!$B$8/((Data!V53+Data!W53+Data!X53+Data!Y53)/Data!Y28)),"-")
A99: EV/EBITDA | B99: =IFERROR(IF(OR(NOT(ISNUMBER(Data!$B$8)),NOT(ISNUMBER(Data!B28)),NOT(ISNUMBER(Data!B20))),"-",(Data!$B$8*Data!B28+Data!B36+Data!B42)/Data!B20),"-") | C99: =IFERROR(IF(OR(NOT(ISNUMBER(Data!$B$8)),NOT(ISNUMBER(Data!C28)),NOT(ISNUMBER(Data!C20))),"-",(Data!$B$8*Data!C28+Data!C36+Data!C42)/Data!C20),"-") | D99: =IFERROR(IF(OR(NOT(ISNUMBER(Data!$B$8)),NOT(ISNUMBER(Data!D28)),NOT(ISNUMBER(Data!D20))),"-",(Data!$B$8*Data!D28+Data!D36+Data!D42)/Data!D20),"-") | E99: =IFERROR(IF(OR(NOT(ISNUMBER(Data!$B$8)),NOT(ISNUMBER(Data!E28)),NOT(ISNUMBER(Data!E20))),"-",(Data!$B$8*Data!E28+Data!E36+Data!E42)/Data!E20),"-") | F99: =IFERROR(IF(OR(NOT(ISNUMBER(Data!$B$8)),NOT(ISNUMBER(Data!F28)),NOT(ISNUMBER(Data!F20))),"-",(Data!$B$8*Data!F28+Data!F36+Data!F42)/Data!F20),"-") | G99: =IFERROR(IF(OR(NOT(ISNUMBER(Data!$B$8)),NOT(ISNUMBER(Data!G28)),NOT(ISNUMBER(Data!G20))),"-",(Data!$B$8*Data!G28+Data!G36+Data!G42)/Data!G20),"-") | H99: =IFERROR(IF(OR(NOT(ISNUMBER(Data!$B$8)),NOT(ISNUMBER(Data!H28)),NOT(ISNUMBER(Data!H20))),"-",(Data!$B$8*Data!H28+Data!H36+Data!H42)/Data!H20),"-") | I99: =IFERROR(IF(OR(NOT(ISNUMBER(Data!$B$8)),NOT(ISNUMBER(Data!I28)),NOT(ISNUMBER(Data!I20))),"-",(Data!$B$8*Data!I28+Data!I36+Data!I42)/Data!I20),"-") | ... L99: =IFERROR(IF(OR(NOT(ISNUMBER(Data!$B$8)),NOT(ISNUMBER(Data!L28)),NOT(ISNUMBER(Data!L20))),"-",(Data!$B$8*Data!L28+Data!L36+Data!L42)/Data!L20),"-") | Q99: =IFERROR(IF(OR(NOT(ISNUMBER(Data!$B$8)),NOT(ISNUMBER(Data!Q28)),NOT(ISNUMBER(Data!N20)),NOT(ISNUMBER(Data!O20)),NOT(ISNUMBER(Data!P20)),NOT(ISNUMBER(Data!Q20))),"-",(Data!$B$8*Data!Q28+Data!Q36+Data!Q42)/(Data!N20+Data!O20+Data!P20+Data!Q20)),"-") | R99: =IFERROR(IF(OR(NOT(ISNUMBER(Data!$B$8)),NOT(ISNUMBER(Data!R28)),NOT(ISNUMBER(Data!O20)),NOT(ISNUMBER(Data!P20)),NOT(ISNUMBER(Data!Q20)),NOT(ISNUMBER(Data!R20))),"-",(Data!$B$8*Data!R28+Data!R36+Data!R42)/(Data!O20+Data!P20+Data!Q20+Data!R20)),"-") | S99: =IFERROR(IF(OR(NOT(ISNUMBER(Data!$B$8)),NOT(ISNUMBER(Data!S28)),NOT(ISNUMBER(Data!P20)),NOT(ISNUMBER(Data!Q20)),NOT(ISNUMBER(Data!R20)),NOT(ISNUMBER(Data!S20))),"-",(Data!$B$8*Data!S28+Data!S36+Data!S42)/(Data!P20+Data!Q20+Data!R20+Data!S20)),"-") | T99: =IFERROR(IF(OR(NOT(ISNUMBER(Data!$B$8)),NOT(ISNUMBER(Data!T28)),NOT(ISNUMBER(Data!Q20)),NOT(ISNUMBER(Data!R20)),NOT(ISNUMBER(Data!S20)),NOT(ISNUMBER(Data!T20))),"-",(Data!$B$8*Data!T28+Data!T36+Data!T42)/(Data!Q20+Data!R20+Data!S20+Data!T20)),"-") | U99: =IFERROR(IF(OR(NOT(ISNUMBER(Data!$B$8)),NOT(ISNUMBER(Data!U28)),NOT(ISNUMBER(Data!R20)),NOT(ISNUMBER(Data!S20)),NOT(ISNUMBER(Data!T20)),NOT(ISNUMBER(Data!U20))),"-",(Data!$B$8*Data!U28+Data!U36+Data!U42)/(Data!R20+Data!S20+Data!T20+Data!U20)),"-") | V99: =IFERROR(IF(OR(NOT(ISNUMBER(Data!$B$8)),NOT(ISNUMBER(Data!V28)),NOT(ISNUMBER(Data!S20)),NOT(ISNUMBER(Data!T20)),NOT(ISNUMBER(Data!U20)),NOT(ISNUMBER(Data!V20))),"-",(Data!$B$8*Data!V28+Data!V36+Data!V42)/(Data!S20+Data!T20+Data!U20+Data!V20)),"-") | W99: =IFERROR(IF(OR(NOT(ISNUMBER(Data!$B$8)),NOT(ISNUMBER(Data!W28)),NOT(ISNUMBER(Data!T20)),NOT(ISNUMBER(Data!U20)),NOT(ISNUMBER(Data!V20)),NOT(ISNUMBER(Data!W20))),"-",(Data!$B$8*Data!W28+Data!W36+Data!W42)/(Data!T20+Data!U20+Data!V20+Data!W20)),"-") | X99: =IFERROR(IF(OR(NOT(ISNUMBER(Data!$B$8)),NOT(ISNUMBER(Data!X28)),NOT(ISNUMBER(Data!U20)),NOT(ISNUMBER(Data!V20)),NOT(ISNUMBER(Data!W20)),NOT(ISNUMBER(Data!X20))),"-",(Data!$B$8*Data!X28+Data!X36+Data!X42)/(Data!U20+Data!V20+Data!W20+Data!X20)),"-") | Y99: =IFERROR(IF(OR(NOT(ISNUMBER(Data!$B$8)),NOT(ISNUMBER(Data!Y28)),NOT(ISNUMBER(Data!V20)),NOT(ISNUMBER(Data!W20)),NOT(ISNUMBER(Data!X20)),NOT(ISNUMBER(Data!Y20))),"-",(Data!$B$8*Data!Y28+Data!Y36+Data!Y42)/(Data!V20+Data!W20+Data!X20+Data!Y20)),"-")
A100: EV/EBIT | B100: =IFERROR(IF(OR(NOT(ISNUMBER(Data!$B$8)),NOT(ISNUMBER(Data!B28)),NOT(ISNUMBER(Data!B22))),"-",(Data!$B$8*Data!B28+Data!B36+Data!B42)/Data!B22),"-") | C100: =IFERROR(IF(OR(NOT(ISNUMBER(Data!$B$8)),NOT(ISNUMBER(Data!C28)),NOT(ISNUMBER(Data!C22))),"-",(Data!$B$8*Data!C28+Data!C36+Data!C42)/Data!C22),"-") | D100: =IFERROR(IF(OR(NOT(ISNUMBER(Data!$B$8)),NOT(ISNUMBER(Data!D28)),NOT(ISNUMBER(Data!D22))),"-",(Data!$B$8*Data!D28+Data!D36+Data!D42)/Data!D22),"-") | E100: =IFERROR(IF(OR(NOT(ISNUMBER(Data!$B$8)),NOT(ISNUMBER(Data!E28)),NOT(ISNUMBER(Data!E22))),"-",(Data!$B$8*Data!E28+Data!E36+Data!E42)/Data!E22),"-") | F100: =IFERROR(IF(OR(NOT(ISNUMBER(Data!$B$8)),NOT(ISNUMBER(Data!F28)),NOT(ISNUMBER(Data!F22))),"-",(Data!$B$8*Data!F28+Data!F36+Data!F42)/Data!F22),"-") | G100: =IFERROR(IF(OR(NOT(ISNUMBER(Data!$B$8)),NOT(ISNUMBER(Data!G28)),NOT(ISNUMBER(Data!G22))),"-",(Data!$B$8*Data!G28+Data!G36+Data!G42)/Data!G22),"-") | H100: =IFERROR(IF(OR(NOT(ISNUMBER(Data!$B$8)),NOT(ISNUMBER(Data!H28)),NOT(ISNUMBER(Data!H22))),"-",(Data!$B$8*Data!H28+Data!H36+Data!H42)/Data!H22),"-") | I100: =IFERROR(IF(OR(NOT(ISNUMBER(Data!$B$8)),NOT(ISNUMBER(Data!I28)),NOT(ISNUMBER(Data!I22))),"-",(Data!$B$8*Data!I28+Data!I36+Data!I42)/Data!I22),"-") | ... L100: =IFERROR(IF(OR(NOT(ISNUMBER(Data!$B$8)),NOT(ISNUMBER(Data!L28)),NOT(ISNUMBER(Data!L22))),"-",(Data!$B$8*Data!L28+Data!L36+Data!L42)/Data!L22),"-") | Q100: =IFERROR(IF(OR(NOT(ISNUMBER(Data!$B$8)),NOT(ISNUMBER(Data!Q28)),NOT(ISNUMBER(Data!N22)),NOT(ISNUMBER(Data!O22)),NOT(ISNUMBER(Data!P22)),NOT(ISNUMBER(Data!Q22))),"-",(Data!$B$8*Data!Q28+Data!Q36+Data!Q42)/(Data!N22+Data!O22+Data!P22+Data!Q22)),"-") | R100: =IFERROR(IF(OR(NOT(ISNUMBER(Data!$B$8)),NOT(ISNUMBER(Data!R28)),NOT(ISNUMBER(Data!O22)),NOT(ISNUMBER(Data!P22)),NOT(ISNUMBER(Data!Q22)),NOT(ISNUMBER(Data!R22))),"-",(Data!$B$8*Data!R28+Data!R36+Data!R42)/(Data!O22+Data!P22+Data!Q22+Data!R22)),"-") | S100: =IFERROR(IF(OR(NOT(ISNUMBER(Data!$B$8)),NOT(ISNUMBER(Data!S28)),NOT(ISNUMBER(Data!P22)),NOT(ISNUMBER(Data!Q22)),NOT(ISNUMBER(Data!R22)),NOT(ISNUMBER(Data!S22))),"-",(Data!$B$8*Data!S28+Data!S36+Data!S42)/(Data!P22+Data!Q22+Data!R22+Data!S22)),"-") | T100: =IFERROR(IF(OR(NOT(ISNUMBER(Data!$B$8)),NOT(ISNUMBER(Data!T28)),NOT(ISNUMBER(Data!Q22)),NOT(ISNUMBER(Data!R22)),NOT(ISNUMBER(Data!S22)),NOT(ISNUMBER(Data!T22))),"-",(Data!$B$8*Data!T28+Data!T36+Data!T42)/(Data!Q22+Data!R22+Data!S22+Data!T22)),"-") | U100: =IFERROR(IF(OR(NOT(ISNUMBER(Data!$B$8)),NOT(ISNUMBER(Data!U28)),NOT(ISNUMBER(Data!R22)),NOT(ISNUMBER(Data!S22)),NOT(ISNUMBER(Data!T22)),NOT(ISNUMBER(Data!U22))),"-",(Data!$B$8*Data!U28+Data!U36+Data!U42)/(Data!R22+Data!S22+Data!T22+Data!U22)),"-") | V100: =IFERROR(IF(OR(NOT(ISNUMBER(Data!$B$8)),NOT(ISNUMBER(Data!V28)),NOT(ISNUMBER(Data!S22)),NOT(ISNUMBER(Data!T22)),NOT(ISNUMBER(Data!U22)),NOT(ISNUMBER(Data!V22))),"-",(Data!$B$8*Data!V28+Data!V36+Data!V42)/(Data!S22+Data!T22+Data!U22+Data!V22)),"-") | W100: =IFERROR(IF(OR(NOT(ISNUMBER(Data!$B$8)),NOT(ISNUMBER(Data!W28)),NOT(ISNUMBER(Data!T22)),NOT(ISNUMBER(Data!U22)),NOT(ISNUMBER(Data!V22)),NOT(ISNUMBER(Data!W22))),"-",(Data!$B$8*Data!W28+Data!W36+Data!W42)/(Data!T22+Data!U22+Data!V22+Data!W22)),"-") | X100: =IFERROR(IF(OR(NOT(ISNUMBER(Data!$B$8)),NOT(ISNUMBER(Data!X28)),NOT(ISNUMBER(Data!U22)),NOT(ISNUMBER(Data!V22)),NOT(ISNUMBER(Data!W22)),NOT(ISNUMBER(Data!X22))),"-",(Data!$B$8*Data!X28+Data!X36+Data!X42)/(Data!U22+Data!V22+Data!W22+Data!X22)),"-") | Y100: =IFERROR(IF(OR(NOT(ISNUMBER(Data!$B$8)),NOT(ISNUMBER(Data!Y28)),NOT(ISNUMBER(Data!V22)),NOT(ISNUMBER(Data!W22)),NOT(ISNUMBER(Data!X22)),NOT(ISNUMBER(Data!Y22))),"-",(Data!$B$8*Data!Y28+Data!Y36+Data!Y42)/(Data!V22+Data!W22+Data!X22+Data!Y22)),"-")
A101: FCF Yield | B101: =IFERROR(IF(OR(NOT(ISNUMBER(Metrics!B31)),NOT(ISNUMBER(Data!$B$8))),"-",Metrics!B31/Data!$B$8),"-") | C101: =IFERROR(IF(OR(NOT(ISNUMBER(Metrics!C31)),NOT(ISNUMBER(Data!$B$8))),"-",Metrics!C31/Data!$B$8),"-") | D101: =IFERROR(IF(OR(NOT(ISNUMBER(Metrics!D31)),NOT(ISNUMBER(Data!$B$8))),"-",Metrics!D31/Data!$B$8),"-") | E101: =IFERROR(IF(OR(NOT(ISNUMBER(Metrics!E31)),NOT(ISNUMBER(Data!$B$8))),"-",Metrics!E31/Data!$B$8),"-") | F101: =IFERROR(IF(OR(NOT(ISNUMBER(Metrics!F31)),NOT(ISNUMBER(Data!$B$8))),"-",Metrics!F31/Data!$B$8),"-") | G101: =IFERROR(IF(OR(NOT(ISNUMBER(Metrics!G31)),NOT(ISNUMBER(Data!$B$8))),"-",Metrics!G31/Data!$B$8),"-") | H101: =IFERROR(IF(OR(NOT(ISNUMBER(Metrics!H31)),NOT(ISNUMBER(Data!$B$8))),"-",Metrics!H31/Data!$B$8),"-") | I101: =IFERROR(IF(OR(NOT(ISNUMBER(Metrics!I31)),NOT(ISNUMBER(Data!$B$8))),"-",Metrics!I31/Data!$B$8),"-") | ... L101: =IFERROR(IF(OR(NOT(ISNUMBER(Metrics!L31)),NOT(ISNUMBER(Data!$B$8))),"-",Metrics!L31/Data!$B$8),"-") | Q101: =IFERROR(IF(OR(NOT(ISNUMBER(Data!N53)),NOT(ISNUMBER(Data!O53)),NOT(ISNUMBER(Data!P53)),NOT(ISNUMBER(Data!Q53)),NOT(ISNUMBER(Data!Q28)),NOT(ISNUMBER(Data!$B$8))),"-",((Data!N53+Data!O53+Data!P53+Data!Q53)/Data!Q28)/Data!$B$8),"-") | R101: =IFERROR(IF(OR(NOT(ISNUMBER(Data!O53)),NOT(ISNUMBER(Data!P53)),NOT(ISNUMBER(Data!Q53)),NOT(ISNUMBER(Data!R53)),NOT(ISNUMBER(Data!R28)),NOT(ISNUMBER(Data!$B$8))),"-",((Data!O53+Data!P53+Data!Q53+Data!R53)/Data!R28)/Data!$B$8),"-") | S101: =IFERROR(IF(OR(NOT(ISNUMBER(Data!P53)),NOT(ISNUMBER(Data!Q53)),NOT(ISNUMBER(Data!R53)),NOT(ISNUMBER(Data!S53)),NOT(ISNUMBER(Data!S28)),NOT(ISNUMBER(Data!$B$8))),"-",((Data!P53+Data!Q53+Data!R53+Data!S53)/Data!S28)/Data!$B$8),"-") | T101: =IFERROR(IF(OR(NOT(ISNUMBER(Data!Q53)),NOT(ISNUMBER(Data!R53)),NOT(ISNUMBER(Data!S53)),NOT(ISNUMBER(Data!T53)),NOT(ISNUMBER(Data!T28)),NOT(ISNUMBER(Data!$B$8))),"-",((Data!Q53+Data!R53+Data!S53+Data!T53)/Data!T28)/Data!$B$8),"-") | U101: =IFERROR(IF(OR(NOT(ISNUMBER(Data!R53)),NOT(ISNUMBER(Data!S53)),NOT(ISNUMBER(Data!T53)),NOT(ISNUMBER(Data!U53)),NOT(ISNUMBER(Data!U28)),NOT(ISNUMBER(Data!$B$8))),"-",((Data!R53+Data!S53+Data!T53+Data!U53)/Data!U28)/Data!$B$8),"-") | V101: =IFERROR(IF(OR(NOT(ISNUMBER(Data!S53)),NOT(ISNUMBER(Data!T53)),NOT(ISNUMBER(Data!U53)),NOT(ISNUMBER(Data!V53)),NOT(ISNUMBER(Data!V28)),NOT(ISNUMBER(Data!$B$8))),"-",((Data!S53+Data!T53+Data!U53+Data!V53)/Data!V28)/Data!$B$8),"-") | W101: =IFERROR(IF(OR(NOT(ISNUMBER(Data!T53)),NOT(ISNUMBER(Data!U53)),NOT(ISNUMBER(Data!V53)),NOT(ISNUMBER(Data!W53)),NOT(ISNUMBER(Data!W28)),NOT(ISNUMBER(Data!$B$8))),"-",((Data!T53+Data!U53+Data!V53+Data!W53)/Data!W28)/Data!$B$8),"-") | X101: =IFERROR(IF(OR(NOT(ISNUMBER(Data!U53)),NOT(ISNUMBER(Data!V53)),NOT(ISNUMBER(Data!W53)),NOT(ISNUMBER(Data!X53)),NOT(ISNUMBER(Data!X28)),NOT(ISNUMBER(Data!$B$8))),"-",((Data!U53+Data!V53+Data!W53+Data!X53)/Data!X28)/Data!$B$8),"-") | Y101: =IFERROR(IF(OR(NOT(ISNUMBER(Data!V53)),NOT(ISNUMBER(Data!W53)),NOT(ISNUMBER(Data!X53)),NOT(ISNUMBER(Data!Y53)),NOT(ISNUMBER(Data!Y28)),NOT(ISNUMBER(Data!$B$8))),"-",((Data!V53+Data!W53+Data!X53+Data!Y53)/Data!Y28)/Data!$B$8),"-")
A102: Earnings Yield | B102: =IFERROR(IF(OR(NOT(ISNUMBER(Data!B27)),NOT(ISNUMBER(Data!$B$8))),"-",Data!B27/Data!$B$8),"-") | C102: =IFERROR(IF(OR(NOT(ISNUMBER(Data!C27)),NOT(ISNUMBER(Data!$B$8))),"-",Data!C27/Data!$B$8),"-") | D102: =IFERROR(IF(OR(NOT(ISNUMBER(Data!D27)),NOT(ISNUMBER(Data!$B$8))),"-",Data!D27/Data!$B$8),"-") | E102: =IFERROR(IF(OR(NOT(ISNUMBER(Data!E27)),NOT(ISNUMBER(Data!$B$8))),"-",Data!E27/Data!$B$8),"-") | F102: =IFERROR(IF(OR(NOT(ISNUMBER(Data!F27)),NOT(ISNUMBER(Data!$B$8))),"-",Data!F27/Data!$B$8),"-") | G102: =IFERROR(IF(OR(NOT(ISNUMBER(Data!G27)),NOT(ISNUMBER(Data!$B$8))),"-",Data!G27/Data!$B$8),"-") | H102: =IFERROR(IF(OR(NOT(ISNUMBER(Data!H27)),NOT(ISNUMBER(Data!$B$8))),"-",Data!H27/Data!$B$8),"-") | I102: =IFERROR(IF(OR(NOT(ISNUMBER(Data!I27)),NOT(ISNUMBER(Data!$B$8))),"-",Data!I27/Data!$B$8),"-") | ... L102: =IFERROR(IF(OR(NOT(ISNUMBER(Data!L27)),NOT(ISNUMBER(Data!$B$8))),"-",Data!L27/Data!$B$8),"-") | Q102: =IFERROR(IF(OR(NOT(ISNUMBER(Data!N27)),NOT(ISNUMBER(Data!O27)),NOT(ISNUMBER(Data!P27)),NOT(ISNUMBER(Data!Q27)),NOT(ISNUMBER(Data!$B$8))),"-",(Data!N27+Data!O27+Data!P27+Data!Q27)/Data!$B$8),"-") | R102: =IFERROR(IF(OR(NOT(ISNUMBER(Data!O27)),NOT(ISNUMBER(Data!P27)),NOT(ISNUMBER(Data!Q27)),NOT(ISNUMBER(Data!R27)),NOT(ISNUMBER(Data!$B$8))),"-",(Data!O27+Data!P27+Data!Q27+Data!R27)/Data!$B$8),"-") | S102: =IFERROR(IF(OR(NOT(ISNUMBER(Data!P27)),NOT(ISNUMBER(Data!Q27)),NOT(ISNUMBER(Data!R27)),NOT(ISNUMBER(Data!S27)),NOT(ISNUMBER(Data!$B$8))),"-",(Data!P27+Data!Q27+Data!R27+Data!S27)/Data!$B$8),"-") | T102: =IFERROR(IF(OR(NOT(ISNUMBER(Data!Q27)),NOT(ISNUMBER(Data!R27)),NOT(ISNUMBER(Data!S27)),NOT(ISNUMBER(Data!T27)),NOT(ISNUMBER(Data!$B$8))),"-",(Data!Q27+Data!R27+Data!S27+Data!T27)/Data!$B$8),"-") | U102: =IFERROR(IF(OR(NOT(ISNUMBER(Data!R27)),NOT(ISNUMBER(Data!S27)),NOT(ISNUMBER(Data!T27)),NOT(ISNUMBER(Data!U27)),NOT(ISNUMBER(Data!$B$8))),"-",(Data!R27+Data!S27+Data!T27+Data!U27)/Data!$B$8),"-") | V102: =IFERROR(IF(OR(NOT(ISNUMBER(Data!S27)),NOT(ISNUMBER(Data!T27)),NOT(ISNUMBER(Data!U27)),NOT(ISNUMBER(Data!V27)),NOT(ISNUMBER(Data!$B$8))),"-",(Data!S27+Data!T27+Data!U27+Data!V27)/Data!$B$8),"-") | W102: =IFERROR(IF(OR(NOT(ISNUMBER(Data!T27)),NOT(ISNUMBER(Data!U27)),NOT(ISNUMBER(Data!V27)),NOT(ISNUMBER(Data!W27)),NOT(ISNUMBER(Data!$B$8))),"-",(Data!T27+Data!U27+Data!V27+Data!W27)/Data!$B$8),"-") | X102: =IFERROR(IF(OR(NOT(ISNUMBER(Data!U27)),NOT(ISNUMBER(Data!V27)),NOT(ISNUMBER(Data!W27)),NOT(ISNUMBER(Data!X27)),NOT(ISNUMBER(Data!$B$8))),"-",(Data!U27+Data!V27+Data!W27+Data!X27)/Data!$B$8),"-") | Y102: =IFERROR(IF(OR(NOT(ISNUMBER(Data!V27)),NOT(ISNUMBER(Data!W27)),NOT(ISNUMBER(Data!X27)),NOT(ISNUMBER(Data!Y27)),NOT(ISNUMBER(Data!$B$8))),"-",(Data!V27+Data!W27+Data!X27+Data!Y27)/Data!$B$8),"-")
A103: PEG Ratio (3Y / 5Y / 10Y EPS CAGR) | B103: =IFERROR(L95/(B156*100),"-") | C103: =IFERROR(L95/(C156*100),"-") | D103: =IFERROR(L95/(D156*100),"-")
A105: ALTMAN Z-SCORE
A106: Period | B106: =Data!B13 | C106: =Data!C13 | D106: =Data!D13 | E106: =Data!E13 | F106: =Data!F13 | G106: =Data!G13 | H106: =Data!H13 | I106: =Data!I13 | ... L106: =Data!L13 | N106: Year -2 Q1 | O106: Year -2 Q2 | P106: Year -2 Q3 | Q106: Year -2 Q4 | R106: Year -1 Q1 | S106: Year -1 Q2 | T106: Year -1 Q3 | U106: Year -1 Q4 | V106: Current Year Q1 | W106: Current Year Q2 | X106: Current Year Q3 | Y106: Current Year Q4
A107: X1: Working Capital / TA | B107: =IFERROR(IF(OR(NOT(ISNUMBER(Data!B37)),NOT(ISNUMBER(Data!B38)),NOT(ISNUMBER(Data!B39))),"-",(Data!B37-Data!B38)/Data!B39),"-") | C107: =IFERROR(IF(OR(NOT(ISNUMBER(Data!C37)),NOT(ISNUMBER(Data!C38)),NOT(ISNUMBER(Data!C39))),"-",(Data!C37-Data!C38)/Data!C39),"-") | D107: =IFERROR(IF(OR(NOT(ISNUMBER(Data!D37)),NOT(ISNUMBER(Data!D38)),NOT(ISNUMBER(Data!D39))),"-",(Data!D37-Data!D38)/Data!D39),"-") | E107: =IFERROR(IF(OR(NOT(ISNUMBER(Data!E37)),NOT(ISNUMBER(Data!E38)),NOT(ISNUMBER(Data!E39))),"-",(Data!E37-Data!E38)/Data!E39),"-") | F107: =IFERROR(IF(OR(NOT(ISNUMBER(Data!F37)),NOT(ISNUMBER(Data!F38)),NOT(ISNUMBER(Data!F39))),"-",(Data!F37-Data!F38)/Data!F39),"-") | G107: =IFERROR(IF(OR(NOT(ISNUMBER(Data!G37)),NOT(ISNUMBER(Data!G38)),NOT(ISNUMBER(Data!G39))),"-",(Data!G37-Data!G38)/Data!G39),"-") | H107: =IFERROR(IF(OR(NOT(ISNUMBER(Data!H37)),NOT(ISNUMBER(Data!H38)),NOT(ISNUMBER(Data!H39))),"-",(Data!H37-Data!H38)/Data!H39),"-") | I107: =IFERROR(IF(OR(NOT(ISNUMBER(Data!I37)),NOT(ISNUMBER(Data!I38)),NOT(ISNUMBER(Data!I39))),"-",(Data!I37-Data!I38)/Data!I39),"-") | ... L107: =IFERROR(IF(OR(NOT(ISNUMBER(Data!L37)),NOT(ISNUMBER(Data!L38)),NOT(ISNUMBER(Data!L39))),"-",(Data!L37-Data!L38)/Data!L39),"-") | Q107: =IFERROR(IF(OR(NOT(ISNUMBER(Data!Q37)),NOT(ISNUMBER(Data!Q38)),NOT(ISNUMBER(Data!Q39))),"-",(Data!Q37-Data!Q38)/Data!Q39),"-") | R107: =IFERROR(IF(OR(NOT(ISNUMBER(Data!R37)),NOT(ISNUMBER(Data!R38)),NOT(ISNUMBER(Data!R39))),"-",(Data!R37-Data!R38)/Data!R39),"-") | S107: =IFERROR(IF(OR(NOT(ISNUMBER(Data!S37)),NOT(ISNUMBER(Data!S38)),NOT(ISNUMBER(Data!S39))),"-",(Data!S37-Data!S38)/Data!S39),"-") | T107: =IFERROR(IF(OR(NOT(ISNUMBER(Data!T37)),NOT(ISNUMBER(Data!T38)),NOT(ISNUMBER(Data!T39))),"-",(Data!T37-Data!T38)/Data!T39),"-") | U107: =IFERROR(IF(OR(NOT(ISNUMBER(Data!U37)),NOT(ISNUMBER(Data!U38)),NOT(ISNUMBER(Data!U39))),"-",(Data!U37-Data!U38)/Data!U39),"-") | V107: =IFERROR(IF(OR(NOT(ISNUMBER(Data!V37)),NOT(ISNUMBER(Data!V38)),NOT(ISNUMBER(Data!V39))),"-",(Data!V37-Data!V38)/Data!V39),"-") | W107: =IFERROR(IF(OR(NOT(ISNUMBER(Data!W37)),NOT(ISNUMBER(Data!W38)),NOT(ISNUMBER(Data!W39))),"-",(Data!W37-Data!W38)/Data!W39),"-") | X107: =IFERROR(IF(OR(NOT(ISNUMBER(Data!X37)),NOT(ISNUMBER(Data!X38)),NOT(ISNUMBER(Data!X39))),"-",(Data!X37-Data!X38)/Data!X39),"-") | Y107: =IFERROR(IF(OR(NOT(ISNUMBER(Data!Y37)),NOT(ISNUMBER(Data!Y38)),NOT(ISNUMBER(Data!Y39))),"-",(Data!Y37-Data!Y38)/Data!Y39),"-")
A108: X2: Retained Earnings / TA | B108: =IFERROR(IF(OR(NOT(ISNUMBER(Data!B48)),NOT(ISNUMBER(Data!B39))),"-",Data!B48/Data!B39),"-") | C108: =IFERROR(IF(OR(NOT(ISNUMBER(Data!C48)),NOT(ISNUMBER(Data!C39))),"-",Data!C48/Data!C39),"-") | D108: =IFERROR(IF(OR(NOT(ISNUMBER(Data!D48)),NOT(ISNUMBER(Data!D39))),"-",Data!D48/Data!D39),"-") | E108: =IFERROR(IF(OR(NOT(ISNUMBER(Data!E48)),NOT(ISNUMBER(Data!E39))),"-",Data!E48/Data!E39),"-") | F108: =IFERROR(IF(OR(NOT(ISNUMBER(Data!F48)),NOT(ISNUMBER(Data!F39))),"-",Data!F48/Data!F39),"-") | G108: =IFERROR(IF(OR(NOT(ISNUMBER(Data!G48)),NOT(ISNUMBER(Data!G39))),"-",Data!G48/Data!G39),"-") | H108: =IFERROR(IF(OR(NOT(ISNUMBER(Data!H48)),NOT(ISNUMBER(Data!H39))),"-",Data!H48/Data!H39),"-") | I108: =IFERROR(IF(OR(NOT(ISNUMBER(Data!I48)),NOT(ISNUMBER(Data!I39))),"-",Data!I48/Data!I39),"-") | ... L108: =IFERROR(IF(OR(NOT(ISNUMBER(Data!L48)),NOT(ISNUMBER(Data!L39))),"-",Data!L48/Data!L39),"-") | Q108: =IFERROR(IF(OR(NOT(ISNUMBER(Data!Q48)),NOT(ISNUMBER(Data!Q39))),"-",Data!Q48/Data!Q39),"-") | R108: =IFERROR(IF(OR(NOT(ISNUMBER(Data!R48)),NOT(ISNUMBER(Data!R39))),"-",Data!R48/Data!R39),"-") | S108: =IFERROR(IF(OR(NOT(ISNUMBER(Data!S48)),NOT(ISNUMBER(Data!S39))),"-",Data!S48/Data!S39),"-") | T108: =IFERROR(IF(OR(NOT(ISNUMBER(Data!T48)),NOT(ISNUMBER(Data!T39))),"-",Data!T48/Data!T39),"-") | U108: =IFERROR(IF(OR(NOT(ISNUMBER(Data!U48)),NOT(ISNUMBER(Data!U39))),"-",Data!U48/Data!U39),"-") | V108: =IFERROR(IF(OR(NOT(ISNUMBER(Data!V48)),NOT(ISNUMBER(Data!V39))),"-",Data!V48/Data!V39),"-") | W108: =IFERROR(IF(OR(NOT(ISNUMBER(Data!W48)),NOT(ISNUMBER(Data!W39))),"-",Data!W48/Data!W39),"-") | X108: =IFERROR(IF(OR(NOT(ISNUMBER(Data!X48)),NOT(ISNUMBER(Data!X39))),"-",Data!X48/Data!X39),"-") | Y108: =IFERROR(IF(OR(NOT(ISNUMBER(Data!Y48)),NOT(ISNUMBER(Data!Y39))),"-",Data!Y48/Data!Y39),"-")
A109: X3: EBIT / TA (GAAP) | B109: =IFERROR(IF(OR(NOT(ISNUMBER(Data!B22)),NOT(ISNUMBER(Data!B39))),"-",Data!B22/Data!B39),"-") | C109: =IFERROR(IF(OR(NOT(ISNUMBER(Data!C22)),NOT(ISNUMBER(Data!C39))),"-",Data!C22/Data!C39),"-") | D109: =IFERROR(IF(OR(NOT(ISNUMBER(Data!D22)),NOT(ISNUMBER(Data!D39))),"-",Data!D22/Data!D39),"-") | E109: =IFERROR(IF(OR(NOT(ISNUMBER(Data!E22)),NOT(ISNUMBER(Data!E39))),"-",Data!E22/Data!E39),"-") | F109: =IFERROR(IF(OR(NOT(ISNUMBER(Data!F22)),NOT(ISNUMBER(Data!F39))),"-",Data!F22/Data!F39),"-") | G109: =IFERROR(IF(OR(NOT(ISNUMBER(Data!G22)),NOT(ISNUMBER(Data!G39))),"-",Data!G22/Data!G39),"-") | H109: =IFERROR(IF(OR(NOT(ISNUMBER(Data!H22)),NOT(ISNUMBER(Data!H39))),"-",Data!H22/Data!H39),"-") | I109: =IFERROR(IF(OR(NOT(ISNUMBER(Data!I22)),NOT(ISNUMBER(Data!I39))),"-",Data!I22/Data!I39),"-") | ... L109: =IFERROR(IF(OR(NOT(ISNUMBER(Data!L22)),NOT(ISNUMBER(Data!L39))),"-",Data!L22/Data!L39),"-") | Q109: =IFERROR(IF(OR(NOT(ISNUMBER(Data!N22)),NOT(ISNUMBER(Data!O22)),NOT(ISNUMBER(Data!P22)),NOT(ISNUMBER(Data!Q22)),NOT(ISNUMBER(Data!Q39))),"-",(Data!N22+Data!O22+Data!P22+Data!Q22)/Data!Q39),"-") | R109: =IFERROR(IF(OR(NOT(ISNUMBER(Data!O22)),NOT(ISNUMBER(Data!P22)),NOT(ISNUMBER(Data!Q22)),NOT(ISNUMBER(Data!R22)),NOT(ISNUMBER(Data!R39))),"-",(Data!O22+Data!P22+Data!Q22+Data!R22)/Data!R39),"-") | S109: =IFERROR(IF(OR(NOT(ISNUMBER(Data!P22)),NOT(ISNUMBER(Data!Q22)),NOT(ISNUMBER(Data!R22)),NOT(ISNUMBER(Data!S22)),NOT(ISNUMBER(Data!S39))),"-",(Data!P22+Data!Q22+Data!R22+Data!S22)/Data!S39),"-") | T109: =IFERROR(IF(OR(NOT(ISNUMBER(Data!Q22)),NOT(ISNUMBER(Data!R22)),NOT(ISNUMBER(Data!S22)),NOT(ISNUMBER(Data!T22)),NOT(ISNUMBER(Data!T39))),"-",(Data!Q22+Data!R22+Data!S22+Data!T22)/Data!T39),"-") | U109: =IFERROR(IF(OR(NOT(ISNUMBER(Data!R22)),NOT(ISNUMBER(Data!S22)),NOT(ISNUMBER(Data!T22)),NOT(ISNUMBER(Data!U22)),NOT(ISNUMBER(Data!U39))),"-",(Data!R22+Data!S22+Data!T22+Data!U22)/Data!U39),"-") | V109: =IFERROR(IF(OR(NOT(ISNUMBER(Data!S22)),NOT(ISNUMBER(Data!T22)),NOT(ISNUMBER(Data!U22)),NOT(ISNUMBER(Data!V22)),NOT(ISNUMBER(Data!V39))),"-",(Data!S22+Data!T22+Data!U22+Data!V22)/Data!V39),"-") | W109: =IFERROR(IF(OR(NOT(ISNUMBER(Data!T22)),NOT(ISNUMBER(Data!U22)),NOT(ISNUMBER(Data!V22)),NOT(ISNUMBER(Data!W22)),NOT(ISNUMBER(Data!W39))),"-",(Data!T22+Data!U22+Data!V22+Data!W22)/Data!W39),"-") | X109: =IFERROR(IF(OR(NOT(ISNUMBER(Data!U22)),NOT(ISNUMBER(Data!V22)),NOT(ISNUMBER(Data!W22)),NOT(ISNUMBER(Data!X22)),NOT(ISNUMBER(Data!X39))),"-",(Data!U22+Data!V22+Data!W22+Data!X22)/Data!X39),"-") | Y109: =IFERROR(IF(OR(NOT(ISNUMBER(Data!V22)),NOT(ISNUMBER(Data!W22)),NOT(ISNUMBER(Data!X22)),NOT(ISNUMBER(Data!Y22)),NOT(ISNUMBER(Data!Y39))),"-",(Data!V22+Data!W22+Data!X22+Data!Y22)/Data!Y39),"-")
A110: X4: Equity / TL (book proxy) | B110: =IFERROR(IF(OR(NOT(ISNUMBER(Data!B41)),NOT(ISNUMBER(Data!B40))),"-",Data!B41/Data!B40),"-") | C110: =IFERROR(IF(OR(NOT(ISNUMBER(Data!C41)),NOT(ISNUMBER(Data!C40))),"-",Data!C41/Data!C40),"-") | D110: =IFERROR(IF(OR(NOT(ISNUMBER(Data!D41)),NOT(ISNUMBER(Data!D40))),"-",Data!D41/Data!D40),"-") | E110: =IFERROR(IF(OR(NOT(ISNUMBER(Data!E41)),NOT(ISNUMBER(Data!E40))),"-",Data!E41/Data!E40),"-") | F110: =IFERROR(IF(OR(NOT(ISNUMBER(Data!F41)),NOT(ISNUMBER(Data!F40))),"-",Data!F41/Data!F40),"-") | G110: =IFERROR(IF(OR(NOT(ISNUMBER(Data!G41)),NOT(ISNUMBER(Data!G40))),"-",Data!G41/Data!G40),"-") | H110: =IFERROR(IF(OR(NOT(ISNUMBER(Data!H41)),NOT(ISNUMBER(Data!H40))),"-",Data!H41/Data!H40),"-") | I110: =IFERROR(IF(OR(NOT(ISNUMBER(Data!I41)),NOT(ISNUMBER(Data!I40))),"-",Data!I41/Data!I40),"-") | ... L110: =IFERROR(IF(OR(NOT(ISNUMBER(Data!L41)),NOT(ISNUMBER(Data!L40))),"-",Data!L41/Data!L40),"-") | Q110: =IFERROR(IF(OR(NOT(ISNUMBER(Data!Q41)),NOT(ISNUMBER(Data!Q40))),"-",Data!Q41/Data!Q40),"-") | R110: =IFERROR(IF(OR(NOT(ISNUMBER(Data!R41)),NOT(ISNUMBER(Data!R40))),"-",Data!R41/Data!R40),"-") | S110: =IFERROR(IF(OR(NOT(ISNUMBER(Data!S41)),NOT(ISNUMBER(Data!S40))),"-",Data!S41/Data!S40),"-") | T110: =IFERROR(IF(OR(NOT(ISNUMBER(Data!T41)),NOT(ISNUMBER(Data!T40))),"-",Data!T41/Data!T40),"-") | U110: =IFERROR(IF(OR(NOT(ISNUMBER(Data!U41)),NOT(ISNUMBER(Data!U40))),"-",Data!U41/Data!U40),"-") | V110: =IFERROR(IF(OR(NOT(ISNUMBER(Data!V41)),NOT(ISNUMBER(Data!V40))),"-",Data!V41/Data!V40),"-") | W110: =IFERROR(IF(OR(NOT(ISNUMBER(Data!W41)),NOT(ISNUMBER(Data!W40))),"-",Data!W41/Data!W40),"-") | X110: =IFERROR(IF(OR(NOT(ISNUMBER(Data!X41)),NOT(ISNUMBER(Data!X40))),"-",Data!X41/Data!X40),"-") | Y110: =IFERROR(IF(OR(NOT(ISNUMBER(Data!Y41)),NOT(ISNUMBER(Data!Y40))),"-",Data!Y41/Data!Y40),"-")
...

Sheet Peers
A2: Company | B2: ServiceNow, Inc. | C2: Oracle Corporation | D2: Adobe Inc. | E2: Microsoft Corporation | M2: market-researcher | peer-researcher | as-of:
A3: Ticker | B3: NOW | C3: ORCL | D3: ADBE | E3: MSFT | M3: market-researcher | peer-researcher | as-of:
A4: Accounting Std. | B4: US GAAP | C4: US GAAP | D4: US GAAP | E4: US GAAP | M4: market-researcher | peer-researcher | as-of:
A5: Fiscal Year End | B5: December | C5: May | D5: November/December | E5: June | M5: market-researcher | peer-researcher | as-of:
A6: Filing Type | B6: 10-K | C6: 10-K | D6: 10-K | E6: 10-K | M6: market-researcher | peer-researcher | as-of:
A7: Period | B7: FY2025 (Dec) | C7: FY2025 (May) | D7: FY2025 (Nov) | E7: FY2026 (Jun) | M7: market-researcher | peer-researcher | as-of:
A8: P&L METRICS
A10: Revenue ($M) | B10: 13278 | C10: 57399 | D10: 23769 | E10: 331839 | M10: market-researcher | peer-researcher | as-of:
A11: EBIT Margin | B11: 13.7 | C11: 30.8 | D11: 36.6 | E11: 46.8 | M11: market-researcher | peer-researcher | as-of:
A12: EBITDA Margin | B12: 19.3 | C12: 41.6 | D12: 40.1 | E12: 58.4 | M12: market-researcher | peer-researcher | as-of:
A13: Net Margin | B13: 13.2 | C13: 21.7 | D13: 30 | E13: 40.3 | M13: market-researcher | peer-researcher | as-of:
A14: Gross Margin | B14: 77.5 | C14: 70.5 | D14: 89.3 | E14: 67.9 | M14: market-researcher | peer-researcher | as-of:
A15: FCF Margin | B15: 34.5 | C15: -0.7 | D15: 41.4 | E15: 20.2 | M15: market-researcher | peer-researcher | as-of:
A16: RETURNS & EFFICIENCY
A17: ROIC | B17: 13.1 | C17: 15.1 | D17: 57.3 | E17: 27.1 | M17: market-researcher | peer-researcher | as-of:
A18: ROE | B18: 15.5 | C18: 82.4 | D18: 55.4 | E18: 34 | M18: market-researcher | peer-researcher | as-of:
A19: ROA | B19: 7.5 | C19: 8 | D19: 23.9 | E19: 19.4 | M19: market-researcher | peer-researcher | as-of:
A20: Asset Turnover | B20: 0.57 | C20: 0.37 | D20: 0.8 | E20: 0.48 | M20: market-researcher | peer-researcher | as-of:
A21: LEVERAGE
A22: Net Debt / EBITDA | B22: -1.87 | C22: 3.41 | D22: -0.04 | E22: -0.19 | M22: market-researcher | peer-researcher | as-of:
A23: Debt / Equity | B23: 0.12 | C23: 4.41 | D23: 0.53 | E23: 0.09 | M23: market-researcher | peer-researcher | as-of:
A24: Interest Coverage | B24: 79.3 | C24: 4.9 | D24: 33.1 | E24: 50.9 | M24: market-researcher | peer-researcher | as-of:
A25: Current Ratio | B25: 1 | C25: 0.75 | D25: 1 | E25: 1.23 | M25: market-researcher | peer-researcher | as-of:
A26: VALUATION MULTIPLES
A27: EV / EBITDA | B27: 46.4 | C27: 20.4 | D27: 11.1 | E27: 18.2 | M27: market-researcher | peer-researcher | as-of:
A28: P / E | B28: 70.8 | C28: 32.5 | D28: 14.9 | E28: 26.6 | M28: market-researcher | peer-researcher | as-of:
A29: FCF Yield | B29: 3.7 | C29: -0.1 | D29: 9.3 | E29: 1.9 | M29: market-researcher | peer-researcher | as-of:
A30: WORKING CAPITAL
A31: Days Sales Outstanding | B31: 72.2 | C31: 54.4 | D31: 36 | E31: 89 | M31: market-researcher | peer-researcher | as-of:
A32: Days Inventory Outstanding | B32: 0 | C32: 0 | D32: 0 | E32: 4.8 | M32: market-researcher | peer-researcher | as-of:
A33: Days Payables Outstanding | B33: 25 | C33: 110.3 | D33: 59.7 | E33: 145.5 | M33: market-researcher | peer-researcher | as-of:
A34: Cash Conversion Cycle | B34: 47.2 | C34: -55.9 | D34: -23.7 | E34: -51.7 | M34: market-researcher | peer-researcher | as-of:
A35: CapEx / Revenue | B35: 6.5 | C35: 37 | D35: 0.8 | E35: 34.9 | M35: market-researcher | peer-researcher | as-of:
A49: DATA QUALITY FLAGS
A50: Revenue | B50: OK | C50: PERIOD_LAG_8M | D50: OK | E50: PERIOD_LEAD_5M | M50: market-researcher | peer-researcher | as-of:
A51: EBIT Margin
A52: EBITDA Margin
A53: Net Margin
A54: Gross Margin | B54: OK | C54: COMPUTED | D54: OK | E54: OK | M54: market-researcher | peer-researcher | as-of:
A55: FCF Margin
A56: ROIC
A57: ROE | B57: OK | C57: NOT_MEANINGFUL | D57: NOT_MEANINGFUL | E57: OK | M57: market-researcher | peer-researcher | as-of:
A58: ROA
A59: Asset Turnover
A60: Net Debt / EBITDA
A61: EV / EBITDA | B61: MARKET_SOURCED | C61: MARKET_SOURCED | D61: MARKET_SOURCED | E61: MARKET_SOURCED | M61: market-researcher | peer-researcher | as-of:
A62: P / E | B62: MARKET_SOURCED | C62: MARKET_SOURCED | D62: MARKET_SOURCED | E62: MARKET_SOURCED | M62: market-researcher | peer-researcher | as-of:

Sheet PriceHistory
A2: Month | B2: CRM adjClose | C2: SPY adjClose (market proxy)
A3: 2020-08 | B3: 267.93748 | C3: 321.58602
A4: 2020-09 | B4: 246.97615 | C4: 309.55925
A5: 2020-10 | B5: 228.25541 | C5: 301.84083
A6: 2020-11 | B6: 241.55155 | C6: 334.67413
A7: 2020-12 | B7: 218.68376 | C7: 347.07916
A8: 2021-01 | B8: 221.66139 | C8: 343.54228
A9: 2021-02 | B9: 212.75798 | C9: 353.09466
A10: 2021-03 | B10: 208.20801 | C10: 369.12694
A11: 2021-04 | B11: 226.33911 | C11: 388.65761
A12: 2021-05 | B12: 233.98464 | C12: 391.20954
A13: 2021-06 | B13: 240.048 | C13: 400.00109
A14: 2021-07 | B14: 237.74844 | C14: 409.7661
... A75: 2026-08 | B75: 190.99 | C75: 771.33

Sheet ChartData
A3: WACC(const) | H3: =IF(ISNUMBER(Market!$B$37),Market!$B$37,Valuation!$B$15) | I3: =IF(ISNUMBER(Market!$B$37),Market!$B$37,Valuation!$B$15) | J3: =IF(ISNUMBER(Market!$B$37),Market!$B$37,Valuation!$B$15) | K3: =IF(ISNUMBER(Market!$B$37),Market!$B$37,Valuation!$B$15) | L3: =IF(ISNUMBER(Market!$B$37),Market!$B$37,Valuation!$B$15)
B5: =AVERAGE(Metrics!$B$6:$L$6) | C5: =AVERAGE(Metrics!$B$6:$L$6) | D5: =AVERAGE(Metrics!$B$6:$L$6) | E5: =AVERAGE(Metrics!$B$6:$L$6) | F5: =AVERAGE(Metrics!$B$6:$L$6) | G5: =AVERAGE(Metrics!$B$6:$L$6) | H5: =AVERAGE(Metrics!$B$6:$L$6) | I5: =AVERAGE(Metrics!$B$6:$L$6) | ... L5: =AVERAGE(Metrics!$B$6:$L$6)
A7: Company | B7: P/E | C7: EV/EBITDA
A8: =IFERROR(Data!$B$4,"Subject") | B8: =IFERROR(Metrics!$L$95,NA()) | C8: =IFERROR(Metrics!$L$99,NA())
A9: =IFERROR(Peers!B$2,Peers!B$3) | B9: =IFERROR(Peers!B$28,NA()) | C9: =IFERROR(Peers!B$27,NA())
A10: =IFERROR(Peers!C$2,Peers!C$3) | B10: =IFERROR(Peers!C$28,NA()) | C10: =IFERROR(Peers!C$27,NA())
A11: =IFERROR(Peers!D$2,Peers!D$3) | B11: =IFERROR(Peers!D$28,NA()) | C11: =IFERROR(Peers!D$27,NA())
A12: =IFERROR(Peers!E$2,Peers!E$3) | B12: =IFERROR(Peers!E$28,NA()) | C12: =IFERROR(Peers!E$27,NA())
B14: =AVERAGE(Metrics!$B$181:$L$181) | C14: =AVERAGE(Metrics!$B$181:$L$181) | D14: =AVERAGE(Metrics!$B$181:$L$181) | E14: =AVERAGE(Metrics!$B$181:$L$181) | F14: =AVERAGE(Metrics!$B$181:$L$181) | G14: =AVERAGE(Metrics!$B$181:$L$181) | H14: =AVERAGE(Metrics!$B$181:$L$181) | I14: =AVERAGE(Metrics!$B$181:$L$181) | ... L14: =AVERAGE(Metrics!$B$181:$L$181)
